Workbook

Sheet All Funds Rollup
A2: =CONCATENATE(LEFT(GOF!A2:Q2,(FIND("-",GOF!A2:Q2) -1 )), "ALL FUNDS ROLLUP") -> #VALUE!
A3: **Do Not Modify Sheet**
A4: Instructions: 1) Please read the instructions on the individual fund source worksheets (purple tabs) and provide the requested budget authority/revenues and expenditure forecasts for FY's 2021-2025. 2) All data from the purple tabs will automatically populates to this tab. No input is needed on this sheet by end users. 3) This worksheet is a reflection of the unit's annual net operating position. Therefore, opening and ending balances are not included. Net contributions to (or Use of) Fund Balance figures on this sheet are presented for purposes of providing a contextual scale of the unit's operations only. 4) Many of the underlying funds presented here are restricted to a specific use and are, therefore, not freely accessible to be directed towards initiatives or operations outside of the restricted scope. 5) If applicable, UWC2 Fee-Based program activity is included to represent the unit's total scope of responsibility.
B8: Biennium 17 (Actuals/Plan) | F8: Biennium 19 (Actuals/Plan) | K8: Biennium 21 (Plan) | O8: Biennium 23 (Plan)
B9: FY18 Actuals | C9: FY19 Actuals | D9: Bien Total | F9: FY20 Actuals | G9: FY20 Submitted Plan | H9: FY20 Variance (Actuals Over [Under] Plan) | I9: FY21 Plan | K9: FY22 Plan | L9: FY23 Plan | M9: Bien Total | O9: FY24 Plan | P9: FY25 Plan | Q9: Bien Total
A10: BUDGET AUTHORITY/REVENUES
A11: General Operating Fund (includes provisos)
A12: Permanent Budget | B12: =+GOF!B10+GOF!B13 -> 0 | C12: =+GOF!C10+GOF!C13 -> 0 | F12: =+GOF!E10+GOF!E13 -> 0 | G12: =+GOF!F10+GOF!F13 -> 0 | H12: =+GOF!G10+GOF!G13 -> 0 | I12: =+GOF!H10+GOF!H13 -> 0 | K12: =+GOF!K10+GOF!K13 -> 0 | L12: =+GOF!L10+GOF!L13 -> 0 | O12: =+GOF!O10+GOF!O13 -> 0 | P12: =+GOF!P10+GOF!P13 -> 0
A13: Temporary Budget | B13: =+GOF!B11+GOF!B14 -> 0 | C13: =+GOF!C11+GOF!C14 -> 0 | F13: =+GOF!E11+GOF!E14 -> 0 | G13: =+GOF!F11+GOF!F14 -> 0 | H13: =+GOF!G11+GOF!G14 -> 0 | I13: =+GOF!H11+GOF!H14 -> 0 | K13: =+GOF!K11+GOF!K14 -> 0 | L13: =+GOF!L11+GOF!L14 -> 0 | O13: =+GOF!O11+GOF!O14 -> 0 | P13: =+GOF!P11+GOF!P14 -> 0
A14: Designated Operating Fund
A15: Permanent Budget | B15: =+DOF!B10 -> 0 | C15: =+DOF!C10 -> 0 | F15: =+DOF!E10 -> 0 | G15: =+DOF!F10 -> 0 | H15: =+DOF!G10 -> 0 | I15: =+DOF!H10 -> 0 | K15: =+DOF!K10 -> 0 | L15: =+DOF!L10 -> 0 | O15: =+DOF!O10 -> 0 | P15: =+DOF!P10 -> 0
A16: Temporary Budget | B16: =+DOF!B11 -> 0 | C16: =+DOF!C11 -> 0 | F16: =+DOF!E11 -> 0 | G16: =+DOF!F11 -> 0 | H16: =+DOF!G11 -> 0 | I16: =+DOF!H11 -> 0 | K16: =+DOF!K11 -> 0 | L16: =+DOF!L11 -> 0 | O16: =+DOF!O11 -> 0 | P16: =+DOF!P11 -> 0
A17: Restricted Operating Fund
A18: Special State Appropriations - Perm & Temp | B18: =+'Special State Appropriations'!B12 -> 0 | C18: =+'Special State Appropriations'!C12 -> 0 | F18: =+'Special State Appropriations'!E12 -> 0 | G18: =+'Special State Appropriations'!F12 -> 0 | H18: =+'Special State Appropriations'!G12 -> 0 | I18: =+'Special State Appropriations'!H12 -> 0 | K18: =+'Special State Appropriations'!K12 -> 0 | L18: =+'Special State Appropriations'!L12 -> 0 | O18: =+'Special State Appropriations'!O12 -> 0 | P18: =+'Special State Appropriations'!P12 -> 0
A19: Grants & Contracts Sponsored Projects | B19: =+'Sponsored Projects'!B11 -> 0 | C19: =+'Sponsored Projects'!C11 -> 0 | F19: =+'Sponsored Projects'!E11 -> 0 | G19: =+'Sponsored Projects'!F11 -> 0 | H19: =+'Sponsored Projects'!G11 -> 0 | I19: =+'Sponsored Projects'!H11 -> 0 | K19: =+'Sponsored Projects'!K11 -> 0 | L19: =+'Sponsored Projects'!L11 -> 0 | O19: =+'Sponsored Projects'!O11 -> 0 | P19: =+'Sponsored Projects'!P11 -> 0
A20: Grants & Contracts Student Aid | B20: =+'Student Aid'!B11 -> 0 | C20: =+'Student Aid'!C11 -> 0 | F20: =+'Student Aid'!E11 -> 0 | G20: =+'Student Aid'!F11 -> 0 | H20: =+'Student Aid'!G11 -> 0 | I20: =+'Student Aid'!H11 -> 0 | K20: =+'Student Aid'!K11 -> 0 | L20: =+'Student Aid'!L11 -> 0 | O20: =+'Student Aid'!O11 -> 0 | P20: =+'Student Aid'!P11 -> 0
A21: Grants & Contracts Others | B21: =+'Other Grant-Contract Types'!B11 -> 0 | C21: =+'Other Grant-Contract Types'!C11 -> 0 | F21: =+'Other Grant-Contract Types'!E11 -> 0 | G21: =+'Other Grant-Contract Types'!F11 -> 0 | H21: =+'Other Grant-Contract Types'!G11 -> 0 | I21: =+'Other Grant-Contract Types'!H11 -> 0 | K21: =+'Other Grant-Contract Types'!K11 -> 0 | L21: =+'Other Grant-Contract Types'!L11 -> 0 | O21: =+'Other Grant-Contract Types'!O11 -> 0 | P21: =+'Other Grant-Contract Types'!P11 -> 0
A22: Gifts and Discretionary | B22: =+'Gifts-Discretionary'!B11 -> 0 | C22: =+'Gifts-Discretionary'!C11 -> 0 | F22: =+'Gifts-Discretionary'!E11 -> 0 | G22: =+'Gifts-Discretionary'!F11 -> 0 | H22: =+'Gifts-Discretionary'!G11 -> 0 | I22: =+'Gifts-Discretionary'!H11 -> 0 | K22: =+'Gifts-Discretionary'!K11 -> 0 | L22: =+'Gifts-Discretionary'!L11 -> 0 | O22: =+'Gifts-Discretionary'!O11 -> 0 | P22: =+'Gifts-Discretionary'!P11 -> 0
A23: Self-Sustaining | B23: =+'Self Sustaining'!B11 -> 0 | C23: =+'Self Sustaining'!C11 -> 0 | F23: =+'Self Sustaining'!E11 -> 0 | G23: =+'Self Sustaining'!F11 -> 0 | H23: =+'Self Sustaining'!G11 -> 0 | I23: =+'Self Sustaining'!H11 -> 0 | K23: =+'Self Sustaining'!K11 -> 0 | L23: =+'Self Sustaining'!L11 -> 0 | O23: =+'Self Sustaining'!O11 -> 0 | P23: =+'Self Sustaining'!P11 -> 0
A24: UWC2 Fee Based Programs | B24: =+'UWC2 Fee Based Programs'!B11 -> 0 | C24: =+'UWC2 Fee Based Programs'!C11 -> 0 | F24: =+'UWC2 Fee Based Programs'!E11 -> 0 | G24: =+'UWC2 Fee Based Programs'!F11 -> 0 | H24: =+'UWC2 Fee Based Programs'!G11 -> 0 | I24: =+'UWC2 Fee Based Programs'!H11 -> 0 | K24: =+'UWC2 Fee Based Programs'!K11 -> 0 | L24: =+'UWC2 Fee Based Programs'!L11 -> 0 | O24: =+'UWC2 Fee Based Programs'!O11 -> 0 | P24: =+'UWC2 Fee Based Programs'!P11 -> 0 | Q24: =+'Self Sustaining'!Q12 -> 0
A25: Practice Plan Dept of Public Assistance | B25: =+'Practice Plan'!B11 -> 0 | C25: =+'Practice Plan'!C11 -> 0 | F25: =+'Practice Plan'!E11 -> 0 | G25: =+'Practice Plan'!F11 -> 0 | H25: =+'Practice Plan'!G11 -> 0 | I25: =+'Practice Plan'!H11 -> 0 | K25: =+'Practice Plan'!K11 -> 0 | L25: =+'Practice Plan'!L11 -> 0 | M25: =+'Practice Plan'!M11 -> 0 | O25: =+'Practice Plan'!O11 -> 0 | P25: =+'Practice Plan'!P11 -> 0
A26: Total Budget Authority & Revenues | B26: =SUM(B12:B25) -> 0 | C26: =SUM(C12:C25) -> 0 | F26: =SUM(F12:F25) -> 0 | G26: =SUM(G12:G25) -> 0 | H26: =SUM(H12:H25) -> 0 | I26: =SUM(I12:I25) -> 0 | K26: =SUM(K12:K25) -> 0 | L26: =SUM(L12:L25) -> 0 | O26: =SUM(O12:O25) -> 0 | P26: =SUM(P12:P25) -> 0
A28: EXPENDITURES
A29: Salaries, Wages and Benefits
A30: Faculty and academic personnel (01-10) | B30: =GOF!B19+DOF!B16+'Special State Appropriations'!B16+'Sponsored Projects'!B15+'Student Aid'!B15+'Other Grant-Contract Types'!B15+'Gifts-Discretionary'!B15+'Self Sustaining'!B15+'UWC2 Fee Based Programs'!B15+'Practice Plan'!B15 -> 0 | C30: =GOF!C19+DOF!C16+'Special State Appropriations'!C16+'Sponsored Projects'!C15+'Student Aid'!C15+'Other Grant-Contract Types'!C15+'Gifts-Discretionary'!C15+'Self Sustaining'!C15+'UWC2 Fee Based Programs'!C15+'Practice Plan'!C15 -> 0 | F30: =GOF!E19+DOF!E16+'Special State Appropriations'!E16+'Sponsored Projects'!E15+'Student Aid'!E15+'Other Grant-Contract Types'!E15+'Gifts-Discretionary'!E15+'Self Sustaining'!E15+'UWC2 Fee Based Programs'!E15+'Practice Plan'!E15 -> 0 | G30: =GOF!F19+DOF!F16+'Special State Appropriations'!F16+'Sponsored Projects'!F15+'Student Aid'!F15+'Other Grant-Contract Types'!F15+'Gifts-Discretionary'!F15+'Self Sustaining'!F15+'UWC2 Fee Based Programs'!F15+'Practice Plan'!F15 -> 0 | H30: =GOF!G19+DOF!G16+'Special State Appropriations'!G16+'Sponsored Projects'!G15+'Student Aid'!G15+'Other Grant-Contract Types'!G15+'Gifts-Discretionary'!G15+'Self Sustaining'!G15+'UWC2 Fee Based Programs'!G15+'Practice Plan'!G15 -> 0 | I30: =GOF!H19+DOF!H16+'Special State Appropriations'!H16+'Sponsored Projects'!H15+'Student Aid'!H15+'Other Grant-Contract Types'!H15+'Gifts-Discretionary'!H15+'Self Sustaining'!H15+'UWC2 Fee Based Programs'!H15+'Practice Plan'!H15 -> 0 | K30: =GOF!K19+DOF!K16+'Special State Appropriations'!K16+'Sponsored Projects'!K15+'Student Aid'!K15+'Other Grant-Contract Types'!K15+'Gifts-Discretionary'!K15+'Self Sustaining'!K15+'UWC2 Fee Based Programs'!K15+'Practice Plan'!K15 -> 0 | L30: =GOF!L19+DOF!L16+'Special State Appropriations'!L16+'Sponsored Projects'!L15+'Student Aid'!L15+'Other Grant-Contract Types'!L15+'Gifts-Discretionary'!L15+'Self Sustaining'!L15+'UWC2 Fee Based Programs'!L15+'Practice Plan'!L15 -> 0 | O30: =GOF!O19+DOF!O16+'Special State Appropriations'!O16+'Sponsored Projects'!O15+'Student Aid'!O15+'Other Grant-Contract Types'!O15+'Gifts-Discretionary'!O15+'Self Sustaining'!O15+'UWC2 Fee Based Programs'!O15+'Practice Plan'!O15 -> 0 | P30: =GOF!P19+DOF!P16+'Special State Appropriations'!P16+'Sponsored Projects'!P15+'Student Aid'!P15+'Other Grant-Contract Types'!P15+'Gifts-Discretionary'!P15+'Self Sustaining'!P15+'UWC2 Fee Based Programs'!P15+'Practice Plan'!P15 -> 0 | Q30: =+GOF!Q19+DOF!Q16+'Special State Appropriations'!Q16+'Practice Plan'!Q14+'Sponsored Projects'!Q15+'Student Aid'!Q15+'Other Grant-Contract Types'!Q15+'Gifts-Discretionary'!Q15+'Self Sustaining'!Q15 -> 0
A31: Auxiliary teaching (01-20) | B31: =GOF!B20+DOF!B17+'Special State Appropriations'!B17+'Sponsored Projects'!B16+'Student Aid'!B16+'Other Grant-Contract Types'!B16+'Gifts-Discretionary'!B16+'Self Sustaining'!B16+'UWC2 Fee Based Programs'!B16+'Practice Plan'!B16 -> 0 | C31: =GOF!C20+DOF!C17+'Special State Appropriations'!C17+'Sponsored Projects'!C16+'Student Aid'!C16+'Other Grant-Contract Types'!C16+'Gifts-Discretionary'!C16+'Self Sustaining'!C16+'UWC2 Fee Based Programs'!C16+'Practice Plan'!C16 -> 0 | F31: =GOF!E20+DOF!E17+'Special State Appropriations'!E17+'Sponsored Projects'!E16+'Student Aid'!E16+'Other Grant-Contract Types'!E16+'Gifts-Discretionary'!E16+'Self Sustaining'!E16+'UWC2 Fee Based Programs'!E16+'Practice Plan'!E16 -> 0 | G31: =GOF!F20+DOF!F17+'Special State Appropriations'!F17+'Sponsored Projects'!F16+'Student Aid'!F16+'Other Grant-Contract Types'!F16+'Gifts-Discretionary'!F16+'Self Sustaining'!F16+'UWC2 Fee Based Programs'!F16+'Practice Plan'!F16 -> 0 | H31: =GOF!G20+DOF!G17+'Special State Appropriations'!G17+'Sponsored Projects'!G16+'Student Aid'!G16+'Other Grant-Contract Types'!G16+'Gifts-Discretionary'!G16+'Self Sustaining'!G16+'UWC2 Fee Based Programs'!G16+'Practice Plan'!G16 -> 0 | I31: =GOF!H20+DOF!H17+'Special State Appropriations'!H17+'Sponsored Projects'!H16+'Student Aid'!H16+'Other Grant-Contract Types'!H16+'Gifts-Discretionary'!H16+'Self Sustaining'!H16+'UWC2 Fee Based Programs'!H16+'Practice Plan'!H16 -> 0 | K31: =GOF!K20+DOF!K17+'Special State Appropriations'!K17+'Sponsored Projects'!K16+'Student Aid'!K16+'Other Grant-Contract Types'!K16+'Gifts-Discretionary'!K16+'Self Sustaining'!K16+'UWC2 Fee Based Programs'!K16+'Practice Plan'!K16 -> 0 | L31: =GOF!L20+DOF!L17+'Special State Appropriations'!L17+'Sponsored Projects'!L16+'Student Aid'!L16+'Other Grant-Contract Types'!L16+'Gifts-Discretionary'!L16+'Self Sustaining'!L16+'UWC2 Fee Based Programs'!L16+'Practice Plan'!L16 -> 0 | O31: =GOF!O20+DOF!O17+'Special State Appropriations'!O17+'Sponsored Projects'!O16+'Student Aid'!O16+'Other Grant-Contract Types'!O16+'Gifts-Discretionary'!O16+'Self Sustaining'!O16+'UWC2 Fee Based Programs'!O16+'Practice Plan'!O16 -> 0 | P31: =GOF!P20+DOF!P17+'Special State Appropriations'!P17+'Sponsored Projects'!P16+'Student Aid'!P16+'Other Grant-Contract Types'!P16+'Gifts-Discretionary'!P16+'Self Sustaining'!P16+'UWC2 Fee Based Programs'!P16+'Practice Plan'!P16 -> 0
A32: Graduate Students (01-30, 01-40) | B32: =GOF!B21+DOF!B18+'Special State Appropriations'!B18+'Sponsored Projects'!B17+'Student Aid'!B17+'Other Grant-Contract Types'!B17+'Gifts-Discretionary'!B17+'Self Sustaining'!B17+'UWC2 Fee Based Programs'!B17+'Practice Plan'!B17 -> 0 | C32: =GOF!C21+DOF!C18+'Special State Appropriations'!C18+'Sponsored Projects'!C17+'Student Aid'!C17+'Other Grant-Contract Types'!C17+'Gifts-Discretionary'!C17+'Self Sustaining'!C17+'UWC2 Fee Based Programs'!C17+'Practice Plan'!C17 -> 0 | F32: =GOF!E21+DOF!E18+'Special State Appropriations'!E18+'Sponsored Projects'!E17+'Student Aid'!E17+'Other Grant-Contract Types'!E17+'Gifts-Discretionary'!E17+'Self Sustaining'!E17+'UWC2 Fee Based Programs'!E17+'Practice Plan'!E17 -> 0 | G32: =GOF!F21+DOF!F18+'Special State Appropriations'!F18+'Sponsored Projects'!F17+'Student Aid'!F17+'Other Grant-Contract Types'!F17+'Gifts-Discretionary'!F17+'Self Sustaining'!F17+'UWC2 Fee Based Programs'!F17+'Practice Plan'!F17 -> 0 | H32: =GOF!G21+DOF!G18+'Special State Appropriations'!G18+'Sponsored Projects'!G17+'Student Aid'!G17+'Other Grant-Contract Types'!G17+'Gifts-Discretionary'!G17+'Self Sustaining'!G17+'UWC2 Fee Based Programs'!G17+'Practice Plan'!G17 -> 0 | I32: =GOF!H21+DOF!H18+'Special State Appropriations'!H18+'Sponsored Projects'!H17+'Student Aid'!H17+'Other Grant-Contract Types'!H17+'Gifts-Discretionary'!H17+'Self Sustaining'!H17+'UWC2 Fee Based Programs'!H17+'Practice Plan'!H17 -> 0 | K32: =GOF!K21+DOF!K18+'Special State Appropriations'!K18+'Sponsored Projects'!K17+'Student Aid'!K17+'Other Grant-Contract Types'!K17+'Gifts-Discretionary'!K17+'Self Sustaining'!K17+'UWC2 Fee Based Programs'!K17+'Practice Plan'!K17 -> 0 | L32: =GOF!L21+DOF!L18+'Special State Appropriations'!L18+'Sponsored Projects'!L17+'Student Aid'!L17+'Other Grant-Contract Types'!L17+'Gifts-Discretionary'!L17+'Self Sustaining'!L17+'UWC2 Fee Based Programs'!L17+'Practice Plan'!L17 -> 0 | O32: =GOF!O21+DOF!O18+'Special State Appropriations'!O18+'Sponsored Projects'!O17+'Student Aid'!O17+'Other Grant-Contract Types'!O17+'Gifts-Discretionary'!O17+'Self Sustaining'!O17+'UWC2 Fee Based Programs'!O17+'Practice Plan'!O17 -> 0 | P32: =GOF!P21+DOF!P18+'Special State Appropriations'!P18+'Sponsored Projects'!P17+'Student Aid'!P17+'Other Grant-Contract Types'!P17+'Gifts-Discretionary'!P17+'Self Sustaining'!P17+'UWC2 Fee Based Programs'!P17+'Practice Plan'!P17 -> 0
A33: Post-doc research trainee (01-50) | B33: =GOF!B22+DOF!B19+'Special State Appropriations'!B19+'Sponsored Projects'!B18+'Student Aid'!B18+'Other Grant-Contract Types'!B18+'Gifts-Discretionary'!B18+'Self Sustaining'!B18+'UWC2 Fee Based Programs'!B18+'Practice Plan'!B18 -> 0 | C33: =GOF!C22+DOF!C19+'Special State Appropriations'!C19+'Sponsored Projects'!C18+'Student Aid'!C18+'Other Grant-Contract Types'!C18+'Gifts-Discretionary'!C18+'Self Sustaining'!C18+'UWC2 Fee Based Programs'!C18+'Practice Plan'!C18 -> 0 | F33: =GOF!E22+DOF!E19+'Special State Appropriations'!E19+'Sponsored Projects'!E18+'Student Aid'!E18+'Other Grant-Contract Types'!E18+'Gifts-Discretionary'!E18+'Self Sustaining'!E18+'UWC2 Fee Based Programs'!E18+'Practice Plan'!E18 -> 0 | G33: =GOF!F22+DOF!F19+'Special State Appropriations'!F19+'Sponsored Projects'!F18+'Student Aid'!F18+'Other Grant-Contract Types'!F18+'Gifts-Discretionary'!F18+'Self Sustaining'!F18+'UWC2 Fee Based Programs'!F18+'Practice Plan'!F18 -> 0 | H33: =GOF!G22+DOF!G19+'Special State Appropriations'!G19+'Sponsored Projects'!G18+'Student Aid'!G18+'Other Grant-Contract Types'!G18+'Gifts-Discretionary'!G18+'Self Sustaining'!G18+'UWC2 Fee Based Programs'!G18+'Practice Plan'!G18 -> 0 | I33: =GOF!H22+DOF!H19+'Special State Appropriations'!H19+'Sponsored Projects'!H18+'Student Aid'!H18+'Other Grant-Contract Types'!H18+'Gifts-Discretionary'!H18+'Self Sustaining'!H18+'UWC2 Fee Based Programs'!H18+'Practice Plan'!H18 -> 0 | K33: =GOF!K22+DOF!K19+'Special State Appropriations'!K19+'Sponsored Projects'!K18+'Student Aid'!K18+'Other Grant-Contract Types'!K18+'Gifts-Discretionary'!K18+'Self Sustaining'!K18+'UWC2 Fee Based Programs'!K18+'Practice Plan'!K18 -> 0 | L33: =GOF!L22+DOF!L19+'Special State Appropriations'!L19+'Sponsored Projects'!L18+'Student Aid'!L18+'Other Grant-Contract Types'!L18+'Gifts-Discretionary'!L18+'Self Sustaining'!L18+'UWC2 Fee Based Programs'!L18+'Practice Plan'!L18 -> 0 | O33: =GOF!O22+DOF!O19+'Special State Appropriations'!O19+'Sponsored Projects'!O18+'Student Aid'!O18+'Other Grant-Contract Types'!O18+'Gifts-Discretionary'!O18+'Self Sustaining'!O18+'UWC2 Fee Based Programs'!O18+'Practice Plan'!O18 -> 0 | P33: =GOF!P22+DOF!P19+'Special State Appropriations'!P19+'Sponsored Projects'!P18+'Student Aid'!P18+'Other Grant-Contract Types'!P18+'Gifts-Discretionary'!P18+'Self Sustaining'!P18+'UWC2 Fee Based Programs'!P18+'Practice Plan'!P18 -> 0
A34: Classified staff (01-60) | B34: =GOF!B23+DOF!B20+'Special State Appropriations'!B20+'Sponsored Projects'!B19+'Student Aid'!B19+'Other Grant-Contract Types'!B19+'Gifts-Discretionary'!B19+'Self Sustaining'!B19+'UWC2 Fee Based Programs'!B19+'Practice Plan'!B19 -> 0 | C34: =GOF!C23+DOF!C20+'Special State Appropriations'!C20+'Sponsored Projects'!C19+'Student Aid'!C19+'Other Grant-Contract Types'!C19+'Gifts-Discretionary'!C19+'Self Sustaining'!C19+'UWC2 Fee Based Programs'!C19+'Practice Plan'!C19 -> 0 | F34: =GOF!E23+DOF!E20+'Special State Appropriations'!E20+'Sponsored Projects'!E19+'Student Aid'!E19+'Other Grant-Contract Types'!E19+'Gifts-Discretionary'!E19+'Self Sustaining'!E19+'UWC2 Fee Based Programs'!E19+'Practice Plan'!E19 -> 0 | G34: =GOF!F23+DOF!F20+'Special State Appropriations'!F20+'Sponsored Projects'!F19+'Student Aid'!F19+'Other Grant-Contract Types'!F19+'Gifts-Discretionary'!F19+'Self Sustaining'!F19+'UWC2 Fee Based Programs'!F19+'Practice Plan'!F19 -> 0 | H34: =GOF!G23+DOF!G20+'Special State Appropriations'!G20+'Sponsored Projects'!G19+'Student Aid'!G19+'Other Grant-Contract Types'!G19+'Gifts-Discretionary'!G19+'Self Sustaining'!G19+'UWC2 Fee Based Programs'!G19+'Practice Plan'!G19 -> 0 | I34: =GOF!H23+DOF!H20+'Special State Appropriations'!H20+'Sponsored Projects'!H19+'Student Aid'!H19+'Other Grant-Contract Types'!H19+'Gifts-Discretionary'!H19+'Self Sustaining'!H19+'UWC2 Fee Based Programs'!H19+'Practice Plan'!H19 -> 0 | K34: =GOF!K23+DOF!K20+'Special State Appropriations'!K20+'Sponsored Projects'!K19+'Student Aid'!K19+'Other Grant-Contract Types'!K19+'Gifts-Discretionary'!K19+'Self Sustaining'!K19+'UWC2 Fee Based Programs'!K19+'Practice Plan'!K19 -> 0 | L34: =GOF!L23+DOF!L20+'Special State Appropriations'!L20+'Sponsored Projects'!L19+'Student Aid'!L19+'Other Grant-Contract Types'!L19+'Gifts-Discretionary'!L19+'Self Sustaining'!L19+'UWC2 Fee Based Programs'!L19+'Practice Plan'!L19 -> 0 | O34: =GOF!O23+DOF!O20+'Special State Appropriations'!O20+'Sponsored Projects'!O19+'Student Aid'!O19+'Other Grant-Contract Types'!O19+'Gifts-Discretionary'!O19+'Self Sustaining'!O19+'UWC2 Fee Based Programs'!O19+'Practice Plan'!O19 -> 0 | P34: =GOF!P23+DOF!P20+'Special State Appropriations'!P20+'Sponsored Projects'!P19+'Student Aid'!P19+'Other Grant-Contract Types'!P19+'Gifts-Discretionary'!P19+'Self Sustaining'!P19+'UWC2 Fee Based Programs'!P19+'Practice Plan'!P19 -> 0
A35: Professional staff (01-70) | B35: =GOF!B24+DOF!B21+'Special State Appropriations'!B21+'Sponsored Projects'!B20+'Student Aid'!B20+'Other Grant-Contract Types'!B20+'Gifts-Discretionary'!B20+'Self Sustaining'!B20+'UWC2 Fee Based Programs'!B20+'Practice Plan'!B20 -> 0 | C35: =GOF!C24+DOF!C21+'Special State Appropriations'!C21+'Sponsored Projects'!C20+'Student Aid'!C20+'Other Grant-Contract Types'!C20+'Gifts-Discretionary'!C20+'Self Sustaining'!C20+'UWC2 Fee Based Programs'!C20+'Practice Plan'!C20 -> 0 | F35: =GOF!E24+DOF!E21+'Special State Appropriations'!E21+'Sponsored Projects'!E20+'Student Aid'!E20+'Other Grant-Contract Types'!E20+'Gifts-Discretionary'!E20+'Self Sustaining'!E20+'UWC2 Fee Based Programs'!E20+'Practice Plan'!E20 -> 0 | G35: =GOF!F24+DOF!F21+'Special State Appropriations'!F21+'Sponsored Projects'!F20+'Student Aid'!F20+'Other Grant-Contract Types'!F20+'Gifts-Discretionary'!F20+'Self Sustaining'!F20+'UWC2 Fee Based Programs'!F20+'Practice Plan'!F20 -> 0 | H35: =GOF!G24+DOF!G21+'Special State Appropriations'!G21+'Sponsored Projects'!G20+'Student Aid'!G20+'Other Grant-Contract Types'!G20+'Gifts-Discretionary'!G20+'Self Sustaining'!G20+'UWC2 Fee Based Programs'!G20+'Practice Plan'!G20 -> 0 | I35: =GOF!H24+DOF!H21+'Special State Appropriations'!H21+'Sponsored Projects'!H20+'Student Aid'!H20+'Other Grant-Contract Types'!H20+'Gifts-Discretionary'!H20+'Self Sustaining'!H20+'UWC2 Fee Based Programs'!H20+'Practice Plan'!H20 -> 0 | K35: =GOF!K24+DOF!K21+'Special State Appropriations'!K21+'Sponsored Projects'!K20+'Student Aid'!K20+'Other Grant-Contract Types'!K20+'Gifts-Discretionary'!K20+'Self Sustaining'!K20+'UWC2 Fee Based Programs'!K20+'Practice Plan'!K20 -> 0 | L35: =GOF!L24+DOF!L21+'Special State Appropriations'!L21+'Sponsored Projects'!L20+'Student Aid'!L20+'Other Grant-Contract Types'!L20+'Gifts-Discretionary'!L20+'Self Sustaining'!L20+'UWC2 Fee Based Programs'!L20+'Practice Plan'!L20 -> 0 | O35: =GOF!O24+DOF!O21+'Special State Appropriations'!O21+'Sponsored Projects'!O20+'Student Aid'!O20+'Other Grant-Contract Types'!O20+'Gifts-Discretionary'!O20+'Self Sustaining'!O20+'UWC2 Fee Based Programs'!O20+'Practice Plan'!O20 -> 0 | P35: =GOF!P24+DOF!P21+'Special State Appropriations'!P21+'Sponsored Projects'!P20+'Student Aid'!P20+'Other Grant-Contract Types'!P20+'Gifts-Discretionary'!P20+'Self Sustaining'!P20+'UWC2 Fee Based Programs'!P20+'Practice Plan'!P20 -> 0
A36: Temporary staff (01-80) | B36: =GOF!B25+DOF!B22+'Special State Appropriations'!B22+'Sponsored Projects'!B21+'Student Aid'!B21+'Other Grant-Contract Types'!B21+'Gifts-Discretionary'!B21+'Self Sustaining'!B21+'UWC2 Fee Based Programs'!B21+'Practice Plan'!B21 -> 0 | C36: =GOF!C25+DOF!C22+'Special State Appropriations'!C22+'Sponsored Projects'!C21+'Student Aid'!C21+'Other Grant-Contract Types'!C21+'Gifts-Discretionary'!C21+'Self Sustaining'!C21+'UWC2 Fee Based Programs'!C21+'Practice Plan'!C21 -> 0 | F36: =GOF!E25+DOF!E22+'Special State Appropriations'!E22+'Sponsored Projects'!E21+'Student Aid'!E21+'Other Grant-Contract Types'!E21+'Gifts-Discretionary'!E21+'Self Sustaining'!E21+'UWC2 Fee Based Programs'!E21+'Practice Plan'!E21 -> 0 | G36: =GOF!F25+DOF!F22+'Special State Appropriations'!F22+'Sponsored Projects'!F21+'Student Aid'!F21+'Other Grant-Contract Types'!F21+'Gifts-Discretionary'!F21+'Self Sustaining'!F21+'UWC2 Fee Based Programs'!F21+'Practice Plan'!F21 -> 0 | H36: =GOF!G25+DOF!G22+'Special State Appropriations'!G22+'Sponsored Projects'!G21+'Student Aid'!G21+'Other Grant-Contract Types'!G21+'Gifts-Discretionary'!G21+'Self Sustaining'!G21+'UWC2 Fee Based Programs'!G21+'Practice Plan'!G21 -> 0 | I36: =GOF!H25+DOF!H22+'Special State Appropriations'!H22+'Sponsored Projects'!H21+'Student Aid'!H21+'Other Grant-Contract Types'!H21+'Gifts-Discretionary'!H21+'Self Sustaining'!H21+'UWC2 Fee Based Programs'!H21+'Practice Plan'!H21 -> 0 | K36: =GOF!K25+DOF!K22+'Special State Appropriations'!K22+'Sponsored Projects'!K21+'Student Aid'!K21+'Other Grant-Contract Types'!K21+'Gifts-Discretionary'!K21+'Self Sustaining'!K21+'UWC2 Fee Based Programs'!K21+'Practice Plan'!K21 -> 0 | L36: =GOF!L25+DOF!L22+'Special State Appropriations'!L22+'Sponsored Projects'!L21+'Student Aid'!L21+'Other Grant-Contract Types'!L21+'Gifts-Discretionary'!L21+'Self Sustaining'!L21+'UWC2 Fee Based Programs'!L21+'Practice Plan'!L21 -> 0 | O36: =GOF!O25+DOF!O22+'Special State Appropriations'!O22+'Sponsored Projects'!O21+'Student Aid'!O21+'Other Grant-Contract Types'!O21+'Gifts-Discretionary'!O21+'Self Sustaining'!O21+'UWC2 Fee Based Programs'!O21+'Practice Plan'!O21 -> 0 | P36: =GOF!P25+DOF!P22+'Special State Appropriations'!P22+'Sponsored Projects'!P21+'Student Aid'!P21+'Other Grant-Contract Types'!P21+'Gifts-Discretionary'!P21+'Self Sustaining'!P21+'UWC2 Fee Based Programs'!P21+'Practice Plan'!P21 -> 0
A37: Pre-doc Trainees (01-90) | B37: =GOF!B26+DOF!B23+'Special State Appropriations'!B23+'Sponsored Projects'!B22+'Student Aid'!B22+'Other Grant-Contract Types'!B22+'Gifts-Discretionary'!B22+'Self Sustaining'!B22+'UWC2 Fee Based Programs'!B22+'Practice Plan'!B22 -> 0 | C37: =GOF!C26+DOF!C23+'Special State Appropriations'!C23+'Sponsored Projects'!C22+'Student Aid'!C22+'Other Grant-Contract Types'!C22+'Gifts-Discretionary'!C22+'Self Sustaining'!C22+'UWC2 Fee Based Programs'!C22+'Practice Plan'!C22 -> 0 | F37: =GOF!E26+DOF!E23+'Special State Appropriations'!E23+'Sponsored Projects'!E22+'Student Aid'!E22+'Other Grant-Contract Types'!E22+'Gifts-Discretionary'!E22+'Self Sustaining'!E22+'UWC2 Fee Based Programs'!E22+'Practice Plan'!E22 -> 0 | G37: =GOF!F26+DOF!F23+'Special State Appropriations'!F23+'Sponsored Projects'!F22+'Student Aid'!F22+'Other Grant-Contract Types'!F22+'Gifts-Discretionary'!F22+'Self Sustaining'!F22+'UWC2 Fee Based Programs'!F22+'Practice Plan'!F22 -> 0 | H37: =GOF!G26+DOF!G23+'Special State Appropriations'!G23+'Sponsored Projects'!G22+'Student Aid'!G22+'Other Grant-Contract Types'!G22+'Gifts-Discretionary'!G22+'Self Sustaining'!G22+'UWC2 Fee Based Programs'!G22+'Practice Plan'!G22 -> 0 | I37: =GOF!H26+DOF!H23+'Special State Appropriations'!H23+'Sponsored Projects'!H22+'Student Aid'!H22+'Other Grant-Contract Types'!H22+'Gifts-Discretionary'!H22+'Self Sustaining'!H22+'UWC2 Fee Based Programs'!H22+'Practice Plan'!H22 -> 0 | K37: =GOF!K26+DOF!K23+'Special State Appropriations'!K23+'Sponsored Projects'!K22+'Student Aid'!K22+'Other Grant-Contract Types'!K22+'Gifts-Discretionary'!K22+'Self Sustaining'!K22+'UWC2 Fee Based Programs'!K22+'Practice Plan'!K22 -> 0 | L37: =GOF!L26+DOF!L23+'Special State Appropriations'!L23+'Sponsored Projects'!L22+'Student Aid'!L22+'Other Grant-Contract Types'!L22+'Gifts-Discretionary'!L22+'Self Sustaining'!L22+'UWC2 Fee Based Programs'!L22+'Practice Plan'!L22 -> 0 | O37: =GOF!O26+DOF!O23+'Special State Appropriations'!O23+'Sponsored Projects'!O22+'Student Aid'!O22+'Other Grant-Contract Types'!O22+'Gifts-Discretionary'!O22+'Self Sustaining'!O22+'UWC2 Fee Based Programs'!O22+'Practice Plan'!O22 -> 0 | P37: =GOF!P26+DOF!P23+'Special State Appropriations'!P23+'Sponsored Projects'!P22+'Student Aid'!P22+'Other Grant-Contract Types'!P22+'Gifts-Discretionary'!P22+'Self Sustaining'!P22+'UWC2 Fee Based Programs'!P22+'Practice Plan'!P22 -> 0
A38: Employee benefits (07) | B38: =GOF!B27+DOF!B24+'Special State Appropriations'!B24+'Sponsored Projects'!B23+'Student Aid'!B23+'Other Grant-Contract Types'!B23+'Gifts-Discretionary'!B23+'Self Sustaining'!B23+'UWC2 Fee Based Programs'!B23+'Practice Plan'!B23 -> 0 | C38: =GOF!C27+DOF!C24+'Special State Appropriations'!C24+'Sponsored Projects'!C23+'Student Aid'!C23+'Other Grant-Contract Types'!C23+'Gifts-Discretionary'!C23+'Self Sustaining'!C23+'UWC2 Fee Based Programs'!C23+'Practice Plan'!C23 -> 0 | F38: =GOF!E27+DOF!E24+'Special State Appropriations'!E24+'Sponsored Projects'!E23+'Student Aid'!E23+'Other Grant-Contract Types'!E23+'Gifts-Discretionary'!E23+'Self Sustaining'!E23+'UWC2 Fee Based Programs'!E23+'Practice Plan'!E23 -> 0 | G38: =GOF!F27+DOF!F24+'Special State Appropriations'!F24+'Sponsored Projects'!F23+'Student Aid'!F23+'Other Grant-Contract Types'!F23+'Gifts-Discretionary'!F23+'Self Sustaining'!F23+'UWC2 Fee Based Programs'!F23+'Practice Plan'!F23 -> 0 | H38: =GOF!G27+DOF!G24+'Special State Appropriations'!G24+'Sponsored Projects'!G23+'Student Aid'!G23+'Other Grant-Contract Types'!G23+'Gifts-Discretionary'!G23+'Self Sustaining'!G23+'UWC2 Fee Based Programs'!G23+'Practice Plan'!G23 -> 0 | I38: =GOF!H27+DOF!H24+'Special State Appropriations'!H24+'Sponsored Projects'!H23+'Student Aid'!H23+'Other Grant-Contract Types'!H23+'Gifts-Discretionary'!H23+'Self Sustaining'!H23+'UWC2 Fee Based Programs'!H23+'Practice Plan'!H23 -> 0 | K38: =GOF!K27+DOF!K24+'Special State Appropriations'!K24+'Sponsored Projects'!K23+'Student Aid'!K23+'Other Grant-Contract Types'!K23+'Gifts-Discretionary'!K23+'Self Sustaining'!K23+'UWC2 Fee Based Programs'!K23+'Practice Plan'!K23 -> 0 | L38: =GOF!L27+DOF!L24+'Special State Appropriations'!L24+'Sponsored Projects'!L23+'Student Aid'!L23+'Other Grant-Contract Types'!L23+'Gifts-Discretionary'!L23+'Self Sustaining'!L23+'UWC2 Fee Based Programs'!L23+'Practice Plan'!L23 -> 0 | O38: =GOF!O27+DOF!O24+'Special State Appropriations'!O24+'Sponsored Projects'!O23+'Student Aid'!O23+'Other Grant-Contract Types'!O23+'Gifts-Discretionary'!O23+'Self Sustaining'!O23+'UWC2 Fee Based Programs'!O23+'Practice Plan'!O23 -> 0 | P38: =GOF!P27+DOF!P24+'Special State Appropriations'!P24+'Sponsored Projects'!P23+'Student Aid'!P23+'Other Grant-Contract Types'!P23+'Gifts-Discretionary'!P23+'Self Sustaining'!P23+'UWC2 Fee Based Programs'!P23+'Practice Plan'!P23 -> 0
A39: Subtotal Salaries, Wages and Benefits | B39: =SUM(B30:B38) -> 0 | C39: =SUM(C30:C38) -> 0 | D39: =SUM(D30:D38) -> 0 | F39: =SUM(F30:F38) -> 0 | G39: =SUM(G30:G38) -> 0 | H39: =SUM(H30:H38) -> 0 | I39: =SUM(I30:I38) -> 0 | K39: =SUM(K30:K38) -> 0 | L39: =SUM(L30:L38) -> 0 | O39: =SUM(O30:O38) -> 0 | P39: =SUM(P30:P38) -> 0
A40: Operations (All exp obj codes except 01, 07, 21 and 25) | B40: =+GOF!B29+DOF!B26+'Special State Appropriations'!B26+'Practice Plan'!B25+'Sponsored Projects'!B25+'Student Aid'!B25+'Other Grant-Contract Types'!B25+'Gifts-Discretionary'!B25+'Self Sustaining'!B25+'UWC2 Fee Based Programs'!B25 -> 0 | C40: =+GOF!C29+DOF!C26+'Special State Appropriations'!C26+'Practice Plan'!C25+'Sponsored Projects'!C25+'Student Aid'!C25+'Other Grant-Contract Types'!C25+'Gifts-Discretionary'!C25+'Self Sustaining'!C25+'UWC2 Fee Based Programs'!C25 -> 0 | F40: =+GOF!E29+DOF!E26+'Special State Appropriations'!E26+'Practice Plan'!E25+'Sponsored Projects'!E25+'Student Aid'!E25+'Other Grant-Contract Types'!E25+'Gifts-Discretionary'!E25+'Self Sustaining'!E25+'UWC2 Fee Based Programs'!E25 -> 0 | G40: =+GOF!F29+DOF!F26+'Special State Appropriations'!F26+'Practice Plan'!F25+'Sponsored Projects'!F25+'Student Aid'!F25+'Other Grant-Contract Types'!F25+'Gifts-Discretionary'!F25+'Self Sustaining'!F25+'UWC2 Fee Based Programs'!F25 -> 0 | H40: =+GOF!G29+DOF!G26+'Special State Appropriations'!G26+'Practice Plan'!G25+'Sponsored Projects'!G25+'Student Aid'!G25+'Other Grant-Contract Types'!G25+'Gifts-Discretionary'!G25+'Self Sustaining'!G25+'UWC2 Fee Based Programs'!G25 -> 0 | I40: =+GOF!H29+DOF!H26+'Special State Appropriations'!H26+'Practice Plan'!H25+'Sponsored Projects'!H25+'Student Aid'!H25+'Other Grant-Contract Types'!H25+'Gifts-Discretionary'!H25+'Self Sustaining'!H25+'UWC2 Fee Based Programs'!H25 -> 0 | K40: =+GOF!K29+DOF!K26+'Special State Appropriations'!K26+'Practice Plan'!K25+'Sponsored Projects'!K25+'Student Aid'!K25+'Other Grant-Contract Types'!K25+'Gifts-Discretionary'!K25+'Self Sustaining'!K25+'UWC2 Fee Based Programs'!K25 -> 0 | L40: =+GOF!L29+DOF!L26+'Special State Appropriations'!L26+'Practice Plan'!L25+'Sponsored Projects'!L25+'Student Aid'!L25+'Other Grant-Contract Types'!L25+'Gifts-Discretionary'!L25+'Self Sustaining'!L25+'UWC2 Fee Based Programs'!L25 -> 0 | O40: =+GOF!O29+DOF!O26+'Special State Appropriations'!O26+'Practice Plan'!O25+'Sponsored Projects'!O25+'Student Aid'!O25+'Other Grant-Contract Types'!O25+'Gifts-Discretionary'!O25+'Self Sustaining'!O25+'UWC2 Fee Based Programs'!O25 -> 0 | P40: =+GOF!P29+DOF!P26+'Special State Appropriations'!P26+'Practice Plan'!P25+'Sponsored Projects'!P25+'Student Aid'!P25+'Other Grant-Contract Types'!P25+'Gifts-Discretionary'!P25+'Self Sustaining'!P25+'UWC2 Fee Based Programs'!P25 -> 0
A41: Cost transfer invoices (CTIs) (21) | B41: =+GOF!B30+DOF!B27+'Special State Appropriations'!B27+'Practice Plan'!B26+'Sponsored Projects'!B26+'Student Aid'!B26+'Other Grant-Contract Types'!B26+'Gifts-Discretionary'!B26+'Self Sustaining'!B26+'UWC2 Fee Based Programs'!B26 -> 0 | C41: =+GOF!C30+DOF!C27+'Special State Appropriations'!C27+'Practice Plan'!C26+'Sponsored Projects'!C26+'Student Aid'!C26+'Other Grant-Contract Types'!C26+'Gifts-Discretionary'!C26+'Self Sustaining'!C26+'UWC2 Fee Based Programs'!C26 -> 0 | F41: =+GOF!E30+DOF!E27+'Special State Appropriations'!E27+'Practice Plan'!E26+'Sponsored Projects'!E26+'Student Aid'!E26+'Other Grant-Contract Types'!E26+'Gifts-Discretionary'!E26+'Self Sustaining'!E26+'UWC2 Fee Based Programs'!E26 -> 0 | G41: =+GOF!F30+DOF!F27+'Special State Appropriations'!F27+'Practice Plan'!F26+'Sponsored Projects'!F26+'Student Aid'!F26+'Other Grant-Contract Types'!F26+'Gifts-Discretionary'!F26+'Self Sustaining'!F26+'UWC2 Fee Based Programs'!F26 -> 0 | H41: =+GOF!G30+DOF!G27+'Special State Appropriations'!G27+'Practice Plan'!G26+'Sponsored Projects'!G26+'Student Aid'!G26+'Other Grant-Contract Types'!G26+'Gifts-Discretionary'!G26+'Self Sustaining'!G26+'UWC2 Fee Based Programs'!G26 -> 0 | I41: =+GOF!H30+DOF!H27+'Special State Appropriations'!H27+'Practice Plan'!H26+'Sponsored Projects'!H26+'Student Aid'!H26+'Other Grant-Contract Types'!H26+'Gifts-Discretionary'!H26+'Self Sustaining'!H26+'UWC2 Fee Based Programs'!H26 -> 0 | K41: =+GOF!K30+DOF!K27+'Special State Appropriations'!K27+'Practice Plan'!K26+'Sponsored Projects'!K26+'Student Aid'!K26+'Other Grant-Contract Types'!K26+'Gifts-Discretionary'!K26+'Self Sustaining'!K26+'UWC2 Fee Based Programs'!K26 -> 0 | L41: =+GOF!L30+DOF!L27+'Special State Appropriations'!L27+'Practice Plan'!L26+'Sponsored Projects'!L26+'Student Aid'!L26+'Other Grant-Contract Types'!L26+'Gifts-Discretionary'!L26+'Self Sustaining'!L26+'UWC2 Fee Based Programs'!L26 -> 0 | O41: =+GOF!O30+DOF!O27+'Special State Appropriations'!O27+'Practice Plan'!O26+'Sponsored Projects'!O26+'Student Aid'!O26+'Other Grant-Contract Types'!O26+'Gifts-Discretionary'!O26+'Self Sustaining'!O26+'UWC2 Fee Based Programs'!O26 -> 0 | P41: =+GOF!P30+DOF!P27+'Special State Appropriations'!P27+'Practice Plan'!P26+'Sponsored Projects'!P26+'Student Aid'!P26+'Other Grant-Contract Types'!P26+'Gifts-Discretionary'!P26+'Self Sustaining'!P26+'UWC2 Fee Based Programs'!P26 -> 0
A42: Indirect Cost (25) | B42: =+GOF!B31+DOF!B28+'Special State Appropriations'!B28+'Practice Plan'!B27+'Sponsored Projects'!B27+'Student Aid'!B27+'Other Grant-Contract Types'!B27+'Gifts-Discretionary'!B27+'Self Sustaining'!B27+'UWC2 Fee Based Programs'!B27 -> 0 | C42: =+GOF!C31+DOF!C28+'Special State Appropriations'!C28+'Practice Plan'!C27+'Sponsored Projects'!C27+'Student Aid'!C27+'Other Grant-Contract Types'!C27+'Gifts-Discretionary'!C27+'Self Sustaining'!C27+'UWC2 Fee Based Programs'!C27 -> 0 | F42: =+GOF!E31+DOF!E28+'Special State Appropriations'!E28+'Practice Plan'!E27+'Sponsored Projects'!E27+'Student Aid'!E27+'Other Grant-Contract Types'!E27+'Gifts-Discretionary'!E27+'Self Sustaining'!E27+'UWC2 Fee Based Programs'!E27 -> 0 | G42: =+GOF!F31+DOF!F28+'Special State Appropriations'!F28+'Practice Plan'!F27+'Sponsored Projects'!F27+'Student Aid'!F27+'Other Grant-Contract Types'!F27+'Gifts-Discretionary'!F27+'Self Sustaining'!F27+'UWC2 Fee Based Programs'!F27 -> 0 | H42: =+GOF!G31+DOF!G28+'Special State Appropriations'!G28+'Practice Plan'!G27+'Sponsored Projects'!G27+'Student Aid'!G27+'Other Grant-Contract Types'!G27+'Gifts-Discretionary'!G27+'Self Sustaining'!G27+'UWC2 Fee Based Programs'!G27 -> 0 | I42: =+GOF!H31+DOF!H28+'Special State Appropriations'!H28+'Practice Plan'!H27+'Sponsored Projects'!H27+'Student Aid'!H27+'Other Grant-Contract Types'!H27+'Gifts-Discretionary'!H27+'Self Sustaining'!H27+'UWC2 Fee Based Programs'!H27 -> 0 | K42: =+GOF!K31+DOF!K28+'Special State Appropriations'!K28+'Practice Plan'!K27+'Sponsored Projects'!K27+'Student Aid'!K27+'Other Grant-Contract Types'!K27+'Gifts-Discretionary'!K27+'Self Sustaining'!K27+'UWC2 Fee Based Programs'!K27 -> 0 | L42: =+GOF!L31+DOF!L28+'Special State Appropriations'!L28+'Practice Plan'!L27+'Sponsored Projects'!L27+'Student Aid'!L27+'Other Grant-Contract Types'!L27+'Gifts-Discretionary'!L27+'Self Sustaining'!L27+'UWC2 Fee Based Programs'!L27 -> 0 | O42: =+GOF!O31+DOF!O28+'Special State Appropriations'!O28+'Practice Plan'!O27+'Sponsored Projects'!O27+'Student Aid'!O27+'Other Grant-Contract Types'!O27+'Gifts-Discretionary'!O27+'Self Sustaining'!O27+'UWC2 Fee Based Programs'!O27 -> 0 | P42: =+GOF!P31+DOF!P28+'Special State Appropriations'!P28+'Practice Plan'!P27+'Sponsored Projects'!P27+'Student Aid'!P27+'Other Grant-Contract Types'!P27+'Gifts-Discretionary'!P27+'Self Sustaining'!P27+'UWC2 Fee Based Programs'!P27 -> 0
A43: TOTAL EXPENDITURES | B43: =SUM(B39:B42) -> 0 | C43: =SUM(C39:C42) -> 0 | F43: =SUM(F39:F42) -> 0 | G43: =SUM(G39:G42) -> 0 | H43: =SUM(H39:H42) -> 0 | I43: =SUM(I39:I42) -> 0 | K43: =SUM(K39:K42) -> 0 | L43: =SUM(L39:L42) -> 0 | O43: =SUM(O39:O42) -> 0 | P43: =SUM(P39:P42) -> 0
A44: Net Contribution to (Use of) Fund Balance | B44: =+B26-B43 -> 0 | C44: =+C26-C43 -> 0 | F44: =+F26-F43 -> 0 | G44: =+G26-G43 -> 0 | H44: =+H26-H43 -> 0 | I44: =+I26-I43 -> 0 | K44: =+K26-K43 -> 0 | L44: =+L26-L43 -> 0 | O44: =+O26-O43 -> 0 | P44: =+P26-P43 -> 0

Sheet Revenue-Expense Summary
A2: =LEFT(GOF!A2:Q2,(FIND("-",GOF!A2:Q2) -1 )) -> #VALUE! | C2: Budget Authority, Revenue and Expenditure Summary | G2: **Do Not Modify Sheet**
C10: ='OPB Analysis Tab'!M5 -> GOF
C11: ='OPB Analysis Tab'!M13 -> DOF | J11: ok | K11: ok
C12: ='OPB Analysis Tab'!M21 -> Special Appropriations
C13: ='OPB Analysis Tab'!M29 -> Practice Plan | M13: ok
C14: ='OPB Analysis Tab'!M37 -> Sponsored Projects
C15: ='OPB Analysis Tab'!M45 -> Student Aid | K15: ok
C16: ='OPB Analysis Tab'!M53 -> Grants & Contracts - Others
C17: ='OPB Analysis Tab'!M61 -> Philanthropy - Gifts & Discretionary
C18: ='OPB Analysis Tab'!M69 -> Self Sustaining
A24: Revenues & Budget Authority, by Fiscal Year
B25: FY18 Actuals | C25: FY19 Actuals | D25: FY20 Actuals | E25: FY21 Plan | F25: FY22 Plan | G25: FY23 Plan | H25: FY24 Plan | I25: FY25 Plan
A26: GOF - Permanent Budget | B26: =+'All Funds Rollup'!B12 -> 0 | C26: =+'All Funds Rollup'!C12 -> 0 | D26: =+'All Funds Rollup'!F12 -> 0 | E26: =+'All Funds Rollup'!I12 -> 0 | F26: =+'All Funds Rollup'!K12 -> 0 | G26: =+'All Funds Rollup'!L12 -> 0 | H26: =+'All Funds Rollup'!O12 -> 0 | I26: =+'All Funds Rollup'!P12 -> 0
A27: GOF - Temporary Budget | B27: =+'All Funds Rollup'!B13 -> 0 | C27: =+'All Funds Rollup'!C13 -> 0 | D27: =+'All Funds Rollup'!F13 -> 0 | E27: =+'All Funds Rollup'!I13 -> 0 | F27: =+'All Funds Rollup'!K13 -> 0 | G27: =+'All Funds Rollup'!L13 -> 0 | H27: =+'All Funds Rollup'!O13 -> 0 | I27: =+'All Funds Rollup'!P13 -> 0
A28: DOF - Permanent Budget | B28: =+'All Funds Rollup'!B15 -> 0 | C28: =+'All Funds Rollup'!C15 -> 0 | D28: =+'All Funds Rollup'!F15 -> 0 | E28: =+'All Funds Rollup'!I15 -> 0 | F28: =+'All Funds Rollup'!K15 -> 0 | G28: =+'All Funds Rollup'!L15 -> 0 | H28: =+'All Funds Rollup'!O15 -> 0 | I28: =+'All Funds Rollup'!P15 -> 0
A29: DOF - Temporary Budget | B29: =+'All Funds Rollup'!B16 -> 0 | C29: =+'All Funds Rollup'!C16 -> 0 | D29: =+'All Funds Rollup'!F16 -> 0 | E29: =+'All Funds Rollup'!I16 -> 0 | F29: =+'All Funds Rollup'!K16 -> 0 | G29: =+'All Funds Rollup'!L16 -> 0 | H29: =+'All Funds Rollup'!O16 -> 0 | I29: =+'All Funds Rollup'!P16 -> 0
A30: Special State Appropriations | B30: =+'All Funds Rollup'!B18 -> 0 | C30: =+'All Funds Rollup'!C18 -> 0 | D30: =+'All Funds Rollup'!F18 -> 0 | E30: =+'All Funds Rollup'!I18 -> 0 | F30: =+'All Funds Rollup'!K18 -> 0 | G30: =+'All Funds Rollup'!L18 -> 0 | H30: =+'All Funds Rollup'!O18 -> 0 | I30: =+'All Funds Rollup'!P18 -> 0
A31: Grants & Contracts Sponsored Projects | B31: =+'All Funds Rollup'!B19 -> 0 | C31: =+'All Funds Rollup'!C19 -> 0 | D31: =+'All Funds Rollup'!F19 -> 0 | E31: =+'All Funds Rollup'!I19 -> 0 | F31: =+'All Funds Rollup'!K19 -> 0 | G31: =+'All Funds Rollup'!L19 -> 0 | H31: =+'All Funds Rollup'!O19 -> 0 | I31: =+'All Funds Rollup'!P19 -> 0
A32: Grants & Contracts Student Aid | B32: =+'All Funds Rollup'!B20 -> 0 | C32: =+'All Funds Rollup'!C20 -> 0 | D32: =+'All Funds Rollup'!F20 -> 0 | E32: =+'All Funds Rollup'!I20 -> 0 | F32: =+'All Funds Rollup'!K20 -> 0 | G32: =+'All Funds Rollup'!L20 -> 0 | H32: =+'All Funds Rollup'!O20 -> 0 | I32: =+'All Funds Rollup'!P20 -> 0
A33: Grants & Contracts Others | B33: =+'All Funds Rollup'!B21 -> 0 | C33: =+'All Funds Rollup'!C21 -> 0 | D33: =+'All Funds Rollup'!F21 -> 0 | E33: =+'All Funds Rollup'!I21 -> 0 | F33: =+'All Funds Rollup'!K21 -> 0 | G33: =+'All Funds Rollup'!L21 -> 0 | H33: =+'All Funds Rollup'!O21 -> 0 | I33: =+'All Funds Rollup'!P21 -> 0
A34: Gifts and Discretionary | B34: =+'All Funds Rollup'!B22 -> 0 | C34: =+'All Funds Rollup'!C22 -> 0 | D34: =+'All Funds Rollup'!F22 -> 0 | E34: =+'All Funds Rollup'!I22 -> 0 | F34: =+'All Funds Rollup'!K22 -> 0 | G34: =+'All Funds Rollup'!L22 -> 0 | H34: =+'All Funds Rollup'!O22 -> 0 | I34: =+'All Funds Rollup'!P22 -> 0
A35: Self-Sustaining | B35: =+'All Funds Rollup'!B23 -> 0 | C35: =+'All Funds Rollup'!C23 -> 0 | D35: =+'All Funds Rollup'!F23 -> 0 | E35: =+'All Funds Rollup'!I23 -> 0 | F35: =+'All Funds Rollup'!K23 -> 0 | G35: =+'All Funds Rollup'!L23 -> 0 | H35: =+'All Funds Rollup'!O23 -> 0 | I35: =+'All Funds Rollup'!P23 -> 0
A36: UWC2 Fee Based Programs | B36: =+'All Funds Rollup'!B24 -> 0 | C36: =+'All Funds Rollup'!C24 -> 0 | D36: =+'All Funds Rollup'!F24 -> 0 | E36: =+'All Funds Rollup'!I24 -> 0 | F36: =+'All Funds Rollup'!K24 -> 0 | G36: =+'All Funds Rollup'!L24 -> 0 | H36: =+'All Funds Rollup'!O24 -> 0 | I36: =+'All Funds Rollup'!P24 -> 0
A37: Practice Plan Dept of Public Assistance | B37: =+'All Funds Rollup'!B25 -> 0 | C37: =+'All Funds Rollup'!C25 -> 0 | D37: =+'All Funds Rollup'!F25 -> 0 | E37: =+'All Funds Rollup'!I25 -> 0 | F37: =+'All Funds Rollup'!K25 -> 0 | G37: =+'All Funds Rollup'!L25 -> 0 | H37: =+'All Funds Rollup'!O25 -> 0 | I37: =+'All Funds Rollup'!P25 -> 0
A39: Year over Year Change
B40: =+B25 -> FY18 Actuals | C40: =+C25 -> FY19 Actuals | D40: =+D25 -> FY20 Actuals | E40: =+E25 -> FY21 Plan | F40: =+F25 -> FY22 Plan | G40: =+G25 -> FY23 Plan | H40: =+H25 -> FY24 Plan | I40: =+I25 -> FY25 Plan
A41: GOF - Permanent Budget | C41: =IFERROR(+(C26-B26)/B26,0) -> 0 | D41: =IFERROR(+(D26-C26)/C26,0) -> 0 | E41: =IFERROR(+(E26-D26)/D26,0) -> 0 | F41: =IFERROR(+(F26-E26)/E26,0) -> 0 | G41: =IFERROR(+(G26-F26)/F26,0) -> 0 | H41: =IFERROR(+(H26-G26)/G26,0) -> 0 | I41: =IFERROR(+(I26-H26)/H26,0) -> 0
A42: GOF - Temporary Budget | C42: =IFERROR(+(C27-B27)/B27,0) -> 0 | D42: =IFERROR(+(D27-C27)/C27,0) -> 0 | E42: =IFERROR(+(E27-D27)/D27,0) -> 0 | F42: =IFERROR(+(F27-E27)/E27,0) -> 0 | G42: =IFERROR(+(G27-F27)/F27,0) -> 0 | H42: =IFERROR(+(H27-G27)/G27,0) -> 0 | I42: =IFERROR(+(I27-H27)/H27,0) -> 0
A43: DOF - Permanent Budget | C43: =IFERROR(+(C28-B28)/B28,0) -> 0 | D43: =IFERROR(+(D28-C28)/C28,0) -> 0 | E43: =IFERROR(+(E28-D28)/D28,0) -> 0 | F43: =IFERROR(+(F28-E28)/E28,0) -> 0 | G43: =IFERROR(+(G28-F28)/F28,0) -> 0 | H43: =IFERROR(+(H28-G28)/G28,0) -> 0 | I43: =IFERROR(+(I28-H28)/H28,0) -> 0
A44: DOF - Temporary Budget | C44: =IFERROR(+(C29-B29)/B29,0) -> 0 | D44: =IFERROR(+(D29-C29)/C29,0) -> 0 | E44: =IFERROR(+(E29-D29)/D29,0) -> 0 | F44: =IFERROR(+(F29-E29)/E29,0) -> 0 | G44: =IFERROR(+(G29-F29)/F29,0) -> 0 | H44: =IFERROR(+(H29-G29)/G29,0) -> 0 | I44: =IFERROR(+(I29-H29)/H29,0) -> 0
A45: Special State Appropriations | C45: =IFERROR(+(C30-B30)/B30,0) -> 0 | D45: =IFERROR(+(D30-C30)/C30,0) -> 0 | E45: =IFERROR(+(E30-D30)/D30,0) -> 0 | F45: =IFERROR(+(F30-E30)/E30,0) -> 0 | G45: =IFERROR(+(G30-F30)/F30,0) -> 0 | H45: =IFERROR(+(H30-G30)/G30,0) -> 0 | I45: =IFERROR(+(I30-H30)/H30,0) -> 0
A46: Grants & Contracts Sponsored Projects | C46: =IFERROR(+(C31-B31)/B31,0) -> 0 | D46: =IFERROR(+(D31-C31)/C31,0) -> 0 | E46: =IFERROR(+(E31-D31)/D31,0) -> 0 | F46: =IFERROR(+(F31-E31)/E31,0) -> 0 | G46: =IFERROR(+(G31-F31)/F31,0) -> 0 | H46: =IFERROR(+(H31-G31)/G31,0) -> 0 | I46: =IFERROR(+(I31-H31)/H31,0) -> 0
A47: Grants & Contracts Student Aid | C47: =IFERROR(+(C32-B32)/B32,0) -> 0 | D47: =IFERROR(+(D32-C32)/C32,0) -> 0 | E47: =IFERROR(+(E32-D32)/D32,0) -> 0 | F47: =IFERROR(+(F32-E32)/E32,0) -> 0 | G47: =IFERROR(+(G32-F32)/F32,0) -> 0 | H47: =IFERROR(+(H32-G32)/G32,0) -> 0 | I47: =IFERROR(+(I32-H32)/H32,0) -> 0
A48: Grants & Contracts Others | C48: =IFERROR(+(C33-B33)/B33,0) -> 0 | D48: =IFERROR(+(D33-C33)/C33,0) -> 0 | E48: =IFERROR(+(E33-D33)/D33,0) -> 0 | F48: =IFERROR(+(F33-E33)/E33,0) -> 0 | G48: =IFERROR(+(G33-F33)/F33,0) -> 0 | H48: =IFERROR(+(H33-G33)/G33,0) -> 0 | I48: =IFERROR(+(I33-H33)/H33,0) -> 0
A49: Gifts and Discretionary | C49: =IFERROR(+(C34-B34)/B34,0) -> 0 | D49: =IFERROR(+(D34-C34)/C34,0) -> 0 | E49: =IFERROR(+(E34-D34)/D34,0) -> 0 | F49: =IFERROR(+(F34-E34)/E34,0) -> 0 | G49: =IFERROR(+(G34-F34)/F34,0) -> 0 | H49: =IFERROR(+(H34-G34)/G34,0) -> 0 | I49: =IFERROR(+(I34-H34)/H34,0) -> 0
A50: Self-Sustaining | C50: =IFERROR(+(C35-B35)/B35,0) -> 0 | D50: =IFERROR(+(D35-C35)/C35,0) -> 0 | E50: =IFERROR(+(E35-D35)/D35,0) -> 0 | F50: =IFERROR(+(F35-E35)/E35,0) -> 0 | G50: =IFERROR(+(G35-F35)/F35,0) -> 0 | H50: =IFERROR(+(H35-G35)/G35,0) -> 0 | I50: =IFERROR(+(I35-H35)/H35,0) -> 0
A51: UWC2 Fee Based Programs | C51: =IFERROR(+(C36-B36)/B36,0) -> 0 | D51: =IFERROR(+(D36-C36)/C36,0) -> 0 | E51: =IFERROR(+(E36-D36)/D36,0) -> 0 | F51: =IFERROR(+(F36-E36)/E36,0) -> 0 | G51: =IFERROR(+(G36-F36)/F36,0) -> 0 | H51: =IFERROR(+(H36-G36)/G36,0) -> 0 | I51: =IFERROR(+(I36-H36)/H36,0) -> 0
A52: Practice Plan Dept of Public Assistance | C52: =IFERROR(+(C37-B37)/B37,0) -> 0 | D52: =IFERROR(+(D37-C37)/C37,0) -> 0 | E52: =IFERROR(+(E37-D37)/D37,0) -> 0 | F52: =IFERROR(+(F37-E37)/E37,0) -> 0 | G52: =IFERROR(+(G37-F37)/F37,0) -> 0 | H52: =IFERROR(+(H37-G37)/G37,0) -> 0 | I52: =IFERROR(+(I37-H37)/H37,0) -> 0
A57: Faculty and academic personnel (01-10) | B57: ='All Funds Rollup'!C30 -> 0
A58: Auxiliary teaching (01-20) | B58: ='All Funds Rollup'!C31 -> 0
A59: Graduate Students (01-30, 01-40) | B59: ='All Funds Rollup'!C32 -> 0
A60: Post-doc research trainee (01-50) | B60: ='All Funds Rollup'!C33 -> 0
A61: Classified staff (01-60) | B61: ='All Funds Rollup'!C34 -> 0
A62: Pre-doc Trainees (01-90) | B62: ='All Funds Rollup'!C37 -> 0
A63: Indirect Cost (25) | B63: ='All Funds Rollup'!C42 -> 0
A64: Cost transfer invoices (CTIs) (21) | B64: ='All Funds Rollup'!C41 -> 0
A65: Temporary staff (01-80) | B65: ='All Funds Rollup'!C36 -> 0
A66: Operations | B66: ='All Funds Rollup'!C40 -> 0
A67: Employee benefits (07) | B67: ='All Funds Rollup'!C38 -> 0
A68: Professional staff (01-70) | B68: ='All Funds Rollup'!C35 -> 0
A73: Expenditures, by Fiscal Year
B74: =+B25 -> FY18 Actuals | C74: =+C25 -> FY19 Actuals | D74: =+D25 -> FY20 Actuals | E74: =+E25 -> FY21 Plan | F74: =+F25 -> FY22 Plan | G74: =+G25 -> FY23 Plan | H74: =+H25 -> FY24 Plan | I74: =+I25 -> FY25 Plan
A75: GOF | B75: =+GOF!B32 -> 0 | C75: =+GOF!C32 -> 0 | D75: =+GOF!E32 -> 0 | E75: =+GOF!H32 -> 0 | F75: =+GOF!K32 -> 0 | G75: =+GOF!L32 -> 0 | H75: =+GOF!O32 -> 0 | I75: =+GOF!P32 -> 0
A76: DOF | B76: =+DOF!B29 -> 0 | C76: =+DOF!C29 -> 0 | D76: =+DOF!E29 -> 0 | E76: =+DOF!H29 -> 0 | F76: =+DOF!K29 -> 0 | G76: =+DOF!L29 -> 0 | H76: =+DOF!O29 -> 0 | I76: =+DOF!P29 -> 0
A77: Special State Appropriations | B77: =+'Special State Appropriations'!B29 -> 0 | C77: =+'Special State Appropriations'!C29 -> 0 | D77: =+'Special State Appropriations'!E29 -> 0 | E77: =+'Special State Appropriations'!H29 -> 0 | F77: =+'Special State Appropriations'!K29 -> 0 | G77: =+'Special State Appropriations'!L29 -> 0 | H77: =+'Special State Appropriations'!O29 -> 0 | I77: =+'Special State Appropriations'!P29 -> 0
A78: Grants & Contracts Sponsored Projects | B78: =+'Sponsored Projects'!B28 -> 0 | C78: =+'Sponsored Projects'!C28 -> 0 | D78: =+'Sponsored Projects'!E28 -> 0 | E78: =+'Sponsored Projects'!H28 -> 0 | F78: =+'Sponsored Projects'!K28 -> 0 | G78: =+'Sponsored Projects'!L28 -> 0 | H78: =+'Sponsored Projects'!O28 -> 0 | I78: =+'Sponsored Projects'!P28 -> 0
A79: Grants & Contracts Student Aid | B79: =+'Student Aid'!B28 -> 0 | C79: =+'Student Aid'!C28 -> 0 | D79: =+'Student Aid'!E28 -> 0 | E79: =+'Student Aid'!H28 -> 0 | F79: =+'Student Aid'!K28 -> 0 | G79: =+'Student Aid'!L28 -> 0 | H79: =+'Student Aid'!O28 -> 0 | I79: =+'Student Aid'!P28 -> 0
A80: Grants & Contracts Others | B80: =+'Other Grant-Contract Types'!B28 -> 0 | C80: =+'Other Grant-Contract Types'!C28 -> 0 | D80: =+'Other Grant-Contract Types'!E28 -> 0 | E80: =+'Other Grant-Contract Types'!H28 -> 0 | F80: =+'Other Grant-Contract Types'!K28 -> 0 | G80: =+'Other Grant-Contract Types'!L28 -> 0 | H80: =+'Other Grant-Contract Types'!O28 -> 0 | I80: =+'Other Grant-Contract Types'!P28 -> 0
A81: Gifts and Discretionary | B81: =+'Gifts-Discretionary'!B28 -> 0 | C81: =+'Gifts-Discretionary'!C28 -> 0 | D81: =+'Gifts-Discretionary'!E28 -> 0 | E81: =+'Gifts-Discretionary'!H28 -> 0 | F81: =+'Gifts-Discretionary'!K28 -> 0 | G81: =+'Gifts-Discretionary'!L28 -> 0 | H81: =+'Gifts-Discretionary'!O28 -> 0 | I81: =+'Gifts-Discretionary'!P28 -> 0
A82: Self-Sustaining | B82: =+'Self Sustaining'!B28 -> 0 | C82: =+'Self Sustaining'!C28 -> 0 | D82: =+'Self Sustaining'!E28 -> 0 | E82: =+'Self Sustaining'!H28 -> 0 | F82: =+'Self Sustaining'!K28 -> 0 | G82: =+'Self Sustaining'!L28 -> 0 | H82: =+'Self Sustaining'!O28 -> 0 | I82: =+'Self Sustaining'!P28 -> 0
A83: UWC2 Fee Based Programs | B83: =+'UWC2 Fee Based Programs'!B28 -> 0 | C83: =+'UWC2 Fee Based Programs'!C28 -> 0 | D83: =+'UWC2 Fee Based Programs'!E28 -> 0 | E83: =+'UWC2 Fee Based Programs'!H28 -> 0 | F83: =+'UWC2 Fee Based Programs'!K28 -> 0 | G83: =+'UWC2 Fee Based Programs'!L28 -> 0 | H83: =+'UWC2 Fee Based Programs'!O28 -> 0 | I83: =+'UWC2 Fee Based Programs'!P28 -> 0
A84: Practice Plan Dept of Public Assistance | B84: =+'Practice Plan'!B28 -> 0 | C84: =+'Practice Plan'!C28 -> 0 | D84: =+'Practice Plan'!E28 -> 0 | E84: =+'Practice Plan'!H28 -> 0 | F84: =+'Practice Plan'!K28 -> 0 | G84: =+'Practice Plan'!L28 -> 0 | H84: =+'Practice Plan'!O28 -> 0 | I84: =+'Practice Plan'!P28 -> 0
A86: Year over Year Change
B87: =+B25 -> FY18 Actuals | C87: =+C25 -> FY19 Actuals | D87: =+D25 -> FY20 Actuals | E87: =+E25 -> FY21 Plan | F87: =+F25 -> FY22 Plan | G87: =+G25 -> FY23 Plan | H87: =+H25 -> FY24 Plan | I87: =+I25 -> FY25 Plan
A88: GOF | C88: =IFERROR(+(C75-B75)/B75,0) -> 0 | D88: =IFERROR(+(D75-C75)/C75,0) -> 0 | E88: =IFERROR(+(E75-D75)/D75,0) -> 0 | F88: =IFERROR(+(F75-E75)/E75,0) -> 0 | G88: =IFERROR(+(G75-F75)/F75,0) -> 0 | H88: =IFERROR(+(H75-G75)/G75,0) -> 0 | I88: =IFERROR(+(I75-H75)/H75,0) -> 0
A89: DOF | C89: =IFERROR(+(C76-B76)/B76,0) -> 0 | D89: =IFERROR(+(D76-C76)/C76,0) -> 0 | E89: =IFERROR(+(E76-D76)/D76,0) -> 0 | F89: =IFERROR(+(F76-E76)/E76,0) -> 0 | G89: =IFERROR(+(G76-F76)/F76,0) -> 0 | H89: =IFERROR(+(H76-G76)/G76,0) -> 0 | I89: =IFERROR(+(I76-H76)/H76,0) -> 0
A90: Special State Appropriations | C90: =IFERROR(+(C77-B77)/B77,0) -> 0 | D90: =IFERROR(+(D77-C77)/C77,0) -> 0 | E90: =IFERROR(+(E77-D77)/D77,0) -> 0 | F90: =IFERROR(+(F77-E77)/E77,0) -> 0 | G90: =IFERROR(+(G77-F77)/F77,0) -> 0 | H90: =IFERROR(+(H77-G77)/G77,0) -> 0 | I90: =IFERROR(+(I77-H77)/H77,0) -> 0
A91: Grants & Contracts Sponsored Projects | C91: =IFERROR(+(C78-B78)/B78,0) -> 0 | D91: =IFERROR(+(D78-C78)/C78,0) -> 0 | E91: =IFERROR(+(E78-D78)/D78,0) -> 0 | F91: =IFERROR(+(F78-E78)/E78,0) -> 0 | G91: =IFERROR(+(G78-F78)/F78,0) -> 0 | H91: =IFERROR(+(H78-G78)/G78,0) -> 0 | I91: =IFERROR(+(I78-H78)/H78,0) -> 0
A92: Grants & Contracts Student Aid | C92: =IFERROR(+(C79-B79)/B79,0) -> 0 | D92: =IFERROR(+(D79-C79)/C79,0) -> 0 | E92: =IFERROR(+(E79-D79)/D79,0) -> 0 | F92: =IFERROR(+(F79-E79)/E79,0) -> 0 | G92: =IFERROR(+(G79-F79)/F79,0) -> 0 | H92: =IFERROR(+(H79-G79)/G79,0) -> 0 | I92: =IFERROR(+(I79-H79)/H79,0) -> 0
A93: Grants & Contracts Others | C93: =IFERROR(+(C80-B80)/B80,0) -> 0 | D93: =IFERROR(+(D80-C80)/C80,0) -> 0 | E93: =IFERROR(+(E80-D80)/D80,0) -> 0 | F93: =IFERROR(+(F80-E80)/E80,0) -> 0 | G93: =IFERROR(+(G80-F80)/F80,0) -> 0 | H93: =IFERROR(+(H80-G80)/G80,0) -> 0 | I93: =IFERROR(+(I80-H80)/H80,0) -> 0
A94: Gifts and Discretionary | C94: =IFERROR(+(C81-B81)/B81,0) -> 0 | D94: =IFERROR(+(D81-C81)/C81,0) -> 0 | E94: =IFERROR(+(E81-D81)/D81,0) -> 0 | F94: =IFERROR(+(F81-E81)/E81,0) -> 0 | G94: =IFERROR(+(G81-F81)/F81,0) -> 0 | H94: =IFERROR(+(H81-G81)/G81,0) -> 0 | I94: =IFERROR(+(I81-H81)/H81,0) -> 0
A95: Self-Sustaining | C95: =IFERROR(+(C82-B82)/B82,0) -> 0 | D95: =IFERROR(+(D82-C82)/C82,0) -> 0 | E95: =IFERROR(+(E82-D82)/D82,0) -> 0 | F95: =IFERROR(+(F82-E82)/E82,0) -> 0 | G95: =IFERROR(+(G82-F82)/F82,0) -> 0 | H95: =IFERROR(+(H82-G82)/G82,0) -> 0 | I95: =IFERROR(+(I82-H82)/H82,0) -> 0
A96: UWC2 Fee Based Programs | C96: =IFERROR(+(C83-B83)/B83,0) -> 0 | D96: =IFERROR(+(D83-C83)/C83,0) -> 0 | E96: =IFERROR(+(E83-D83)/D83,0) -> 0 | F96: =IFERROR(+(F83-E83)/E83,0) -> 0 | G96: =IFERROR(+(G83-F83)/F83,0) -> 0 | H96: =IFERROR(+(H83-G83)/G83,0) -> 0 | I96: =IFERROR(+(I83-H83)/H83,0) -> 0
A97: Practice Plan Dept of Public Assistance | C97: =IFERROR(+(C84-B84)/B84,0) -> 0 | D97: =IFERROR(+(D84-C84)/C84,0) -> 0 | E97: =IFERROR(+(E84-D84)/D84,0) -> 0 | F97: =IFERROR(+(F84-E84)/E84,0) -> 0 | G97: =IFERROR(+(G84-F84)/F84,0) -> 0 | H97: =IFERROR(+(H84-G84)/G84,0) -> 0 | I97: =IFERROR(+(I84-H84)/H84,0) -> 0
B160: Type | C160: =+B25 -> FY18 Actuals | D160: =+C25 -> FY19 Actuals | E160: =+D25 -> FY20 Actuals | F160: =+E25 -> FY21 Plan | G160: =+F25 -> FY22 Plan | H160: =+G25 -> FY23 Plan | I160: =+H25 -> FY24 Plan | J160: =+I25 -> FY25 Plan
A161: GOF | B161: Budget Authority | C161: =+B26+B27 -> 0 | D161: =+C26+C27 -> 0 | E161: =+D26+D27 -> 0 | F161: =+E26+E27 -> 0 | G161: =+F26+F27 -> 0 | H161: =+G26+G27 -> 0 | I161: =+H26+H27 -> 0 | J161: =+I26+I27 -> 0
A162: GOF | B162: Expenditure | C162: =+B75 -> 0 | D162: =+C75 -> 0 | E162: =+D75 -> 0 | F162: =+E75 -> 0 | G162: =+F75 -> 0 | H162: =+G75 -> 0 | I162: =+H75 -> 0 | J162: =+I75 -> 0 | L162: okok
A163: DOF | B163: Budget Authority | C163: =+B28+B29 -> 0 | D163: =+C28+C29 -> 0 | E163: =+D28+D29 -> 0 | F163: =+E28+E29 -> 0 | G163: =+F28+F29 -> 0 | H163: =+G28+G29 -> 0 | I163: =+H28+H29 -> 0 | J163: =+I28+I29 -> 0
A164: DOF | B164: Expenditure | C164: =+B76 -> 0 | D164: =+C76 -> 0 | E164: =+D76 -> 0 | F164: =+E76 -> 0 | G164: =+F76 -> 0 | H164: =+G76 -> 0 | I164: =+H76 -> 0 | J164: =+I76 -> 0
A165: State Appropriations | B165: Revenue | C165: =+B30 -> 0 | D165: =+C30 -> 0 | E165: =+D30 -> 0 | F165: =+E30 -> 0 | G165: =+F30 -> 0 | H165: =+G30 -> 0 | I165: =+H30 -> 0 | J165: =+I30 -> 0
A166: State Appropriations | B166: Expenditure | C166: =+B77 -> 0 | D166: =+C77 -> 0 | E166: =+D77 -> 0 | F166: =+E77 -> 0 | G166: =+F77 -> 0 | H166: =+G77 -> 0 | I166: =+H77 -> 0 | J166: =+I77 -> 0
A167: Grants & Contracts | B167: Revenue | C167: =+B31+B32 -> 0 | D167: =+C31+C32 -> 0 | E167: =+D31+D32 -> 0 | F167: =+E31+E32 -> 0 | G167: =+F31+F32 -> 0 | H167: =+G31+G32 -> 0 | I167: =+H31+H32 -> 0 | J167: =+I31+I32 -> 0
A168: Grants & Contracts | B168: Expenditure | C168: =+B78+B79 -> 0 | D168: =+C78+C79 -> 0 | E168: =+D78+D79 -> 0 | F168: =+E78+E79 -> 0 | G168: =+F78+F79 -> 0 | H168: =+G78+G79 -> 0 | I168: =+H78+H79 -> 0 | J168: =+I78+I79 -> 0
A169: Grants & Contracts - Other | B169: Revenue | C169: =+B33 -> 0 | D169: =+C33 -> 0 | E169: =+D33 -> 0 | F169: =+E33 -> 0 | G169: =+F33 -> 0 | H169: =+G33 -> 0 | I169: =+H33 -> 0 | J169: =+I33 -> 0
A170: Grants & Contracts - Other | B170: Expenditure | C170: =+B80 -> 0 | D170: =+C80 -> 0 | E170: =+D80 -> 0 | F170: =+E80 -> 0 | G170: =+F80 -> 0 | H170: =+G80 -> 0 | I170: =+H80 -> 0 | J170: =+I80 -> 0
A171: Philanthropy | B171: Revenue | C171: =+B34 -> 0 | D171: =+C34 -> 0 | E171: =+D34 -> 0 | F171: =+E34 -> 0 | G171: =+F34 -> 0 | H171: =+G34 -> 0 | I171: =+H34 -> 0 | J171: =+I34 -> 0
A172: Philanthropy | B172: Expenditure | C172: =+B81 -> 0 | D172: =+C81 -> 0 | E172: =+D81 -> 0 | F172: =+E81 -> 0 | G172: =+F81 -> 0 | H172: =+G81 -> 0 | I172: =+H81 -> 0 | J172: =+I81 -> 0
A173: Self-Sustaining | B173: Revenue | C173: =+B35 -> 0 | D173: =+C35 -> 0 | E173: =+D35 -> 0 | F173: =+E35 -> 0 | G173: =+F35 -> 0 | H173: =+G35 -> 0 | I173: =+H35 -> 0 | J173: =+I35 -> 0
A174: Self-Sustaining | B174: Expenditure | C174: =+B82 -> 0 | D174: =+C82 -> 0 | E174: =+D82 -> 0 | F174: =+E82 -> 0 | G174: =+F82 -> 0 | H174: =+G82 -> 0 | I174: =+H82 -> 0 | J174: =+I82 -> 0
A175: UWC2 Fee Based Programs | B175: Revenue | C175: =+B36 -> 0 | D175: =+C36 -> 0 | E175: =+D36 -> 0 | F175: =+E36 -> 0 | G175: =+F36 -> 0 | H175: =+G36 -> 0 | I175: =+H36 -> 0 | J175: =+I36 -> 0
A176: UWC2 Fee Based Programs | B176: Expenditure | C176: =+B83 -> 0 | D176: =+C83 -> 0 | E176: =+D83 -> 0 | F176: =+E83 -> 0 | G176: =+F83 -> 0 | H176: =+G83 -> 0 | I176: =+H83 -> 0 | J176: =+I83 -> 0
A177: Practice Plan | B177: Revenue | C177: =+B37 -> 0 | D177: =+C37 -> 0 | E177: =+D37 -> 0 | F177: =+E37 -> 0 | G177: =+F37 -> 0 | H177: =+G37 -> 0 | I177: =+H37 -> 0 | J177: =+I37 -> 0
A178: Practice Plan | B178: Expenditure | C178: =+B84 -> 0 | D178: =+C84 -> 0 | E178: =+D84 -> 0 | F178: =+E84 -> 0 | G178: =+F84 -> 0 | H178: =+G84 -> 0 | I178: =+H84 -> 0 | J178: =+I84 -> 0

Sheet Fund Balance Summary
A2: =LEFT(GOF!A2:Q2,(FIND("-",GOF!A2:Q2) -1 )) -> #VALUE! | E2: **Do Not Modify Sheet**
A28: Fund Type | B28: FY2018 | C28: FY2019 | D28: FY2020 | E28: FY2021 | F28: FY2022 | G28: FY2023 | H28: FY2024 | I28: FY2025
A29: GOF | B29: =+GOF!B39 -> 0 | C29: =+GOF!C39 -> 0 | D29: =+GOF!E39 -> 0 | E29: =+GOF!H39 -> 0 | F29: =+GOF!K39 -> 0 | G29: =+GOF!L39 -> 0 | H29: =+GOF!O39 -> 0 | I29: =+GOF!P39 -> 0
A30: DOF | B30: =+DOF!B35 -> 0 | C30: =+DOF!C35 -> 0 | D30: =+DOF!E35 -> 0 | E30: =+DOF!H35 -> 0 | F30: =+DOF!K35 -> 0 | G30: =+DOF!L35 -> 0 | H30: =+DOF!O35 -> 0 | I30: =+DOF!P35 -> 0
A31: Special State Appropriations | B31: =+'Special State Appropriations'!B35 -> 0 | C31: =+'Special State Appropriations'!C35 -> 0 | D31: =+'Special State Appropriations'!E35 -> 0 | E31: =+'Special State Appropriations'!H35 -> 0 | F31: =+'Special State Appropriations'!K35 -> 0 | G31: =+'Special State Appropriations'!L35 -> 0 | H31: =+'Special State Appropriations'!O35 -> 0 | I31: =+'Special State Appropriations'!P35 -> 0
A32: Practice Plan | B32: =+'Practice Plan'!B33 -> 0 | C32: =+'Practice Plan'!C33 -> 0 | D32: =+'Practice Plan'!E33 -> 0 | E32: =+'Practice Plan'!H33 -> 0 | F32: =+'Practice Plan'!K33 -> 0 | G32: =+'Practice Plan'!L33 -> 0 | H32: =+'Practice Plan'!O33 -> 0 | I32: =+'Practice Plan'!P33 -> 0
A33: Gifts and Discretionary | B33: =+'Gifts-Discretionary'!B33 -> 0 | C33: =+'Gifts-Discretionary'!C33 -> 0 | D33: =+'Gifts-Discretionary'!E33 -> 0 | E33: =+'Gifts-Discretionary'!H33 -> 0 | F33: =+'Gifts-Discretionary'!K33 -> 0 | G33: =+'Gifts-Discretionary'!L33 -> 0 | H33: =+'Gifts-Discretionary'!O33 -> 0 | I33: =+'Gifts-Discretionary'!P33 -> 0
A34: Other Grants-Contracts | B34: =+'Other Grant-Contract Types'!B33 -> 0 | C34: =+'Other Grant-Contract Types'!C33 -> 0 | D34: =+'Other Grant-Contract Types'!E33 -> 0 | E34: =+'Other Grant-Contract Types'!H33 -> 0 | F34: =+'Other Grant-Contract Types'!K33 -> 0 | G34: =+'Other Grant-Contract Types'!L33 -> 0 | H34: =+'Other Grant-Contract Types'!O33 -> 0 | I34: =+'Other Grant-Contract Types'!P33 -> 0
A35: UWC2 Fee Based Programs | B35: =+'UWC2 Fee Based Programs'!B33 -> 0 | C35: =+'UWC2 Fee Based Programs'!C33 -> 0 | D35: =+'UWC2 Fee Based Programs'!E33 -> 0 | E35: =+'UWC2 Fee Based Programs'!H33 -> 0 | F35: =+'UWC2 Fee Based Programs'!K33 -> 0 | G35: =+'UWC2 Fee Based Programs'!L33 -> 0 | H35: =+'UWC2 Fee Based Programs'!O33 -> 0 | I35: =+'UWC2 Fee Based Programs'!P33 -> 0
A36: Self Sustaining | B36: =+'Self Sustaining'!B33 -> 0 | C36: =+'Self Sustaining'!C33 -> 0 | D36: =+'Self Sustaining'!E33 -> 0 | E36: =+'Self Sustaining'!H33 -> 0 | F36: =+'Self Sustaining'!K33 -> 0 | G36: =+'Self Sustaining'!L33 -> 0 | H36: =+'Self Sustaining'!O33 -> 0 | I36: =+'Self Sustaining'!P33 -> 0
A38: GOF/DOF Fund Balance | B38: =+B29+B30 -> 0 | C38: =+C29+C30 -> 0 | D38: =+D29+D30 -> 0 | E38: =+E29+E30 -> 0 | F38: =+F29+F30 -> 0 | G38: =+G29+G30 -> 0 | H38: =+H29+H30 -> 0 | I38: =+I29+I30 -> 0
A39: Self Sustaining Fund Balance | B39: =+B36 -> 0 | C39: =+C36 -> 0 | D39: =+D36 -> 0 | E39: =+E36 -> 0 | F39: =+F36 -> 0 | G39: =+G36 -> 0 | H39: =+H36 -> 0 | I39: =+I36 -> 0

Sheet GOF-DOF-Approp-Self Sus Roll Up
A2: =CONCATENATE(LEFT(GOF!A2:Q2,(FIND("-",GOF!A2:Q2) -1 )),"GOF, DOF, SPECIAL STATE APPROPRIATIONS (ROF) AND SELF SUSTAINING") -> #VALUE!
A3: **Do Not Modify Sheet**
A4: Instructions: 1) Please read the instructions on the individual fund source worksheets (purple tabs) and provide the requested budget authority/revenue and expenditure plans for FY's 2021-2025 on those tabs. 2) All data from the purple "GOF", "DOF", "Special Appropriations" and "Self Sustaining" tabs will automatically populate to this tab. No input is needed by end users. 3) Forgone Proviso/Appropriation Funds row represents unspent or overspent funds from fiscal year provisos. Fiscal year provisos cannot carryover any unspent funds across fiscal years. For FY’s 2021-2025, the assumption is that units will fully spend (not overspend) any fiscal year proviso funds. Therefore, the Forgone Funds line is not applicable. 4) Other Adjustments row represents OPB approved manual/unique adjustments that are not derivable from system data or which do not fit anywhere else. 5) Closing Balance row includes biennial provisos' unspent or overspent funds at the end of the 1st fiscal year which can carryover into the 2nd fiscal year of a biennium. This can also happen when the funds are distributed over several units. Some units can underspend and some can overspend as long as the total proviso nets to zero. Otherwise, provisos cannot be overspent. Any carryover of over/underspent funds is included in the 1st fiscal year's closing balance and 2nd fiscal year's opening balance. 6) The Beginning GOF/DOF Carryover Balance amount on the Carryover Plan worksheet for FY's 2021-2025 does not incude proviso funds.
B7: Biennium 17 (Actuals/Plan) | F7: Biennium 19 (Actuals/Plan) | L7: Biennium 21 (Plan) | P7: Biennium 23 (Plan)
B8: FY18 Actuals | C8: FY19 Actuals | D8: Bien Total | F8: FY20 Actuals | G8: FY20 Submitted Plan | H8: FY20. Variance (Actuals Over [Under] Plan) | I8: Bien Total | J8: FY21 Plan | L8: FY22 Plan | M8: FY23 Plan | N8: Bien Total | P8: FY24 Plan | Q8: FY25 Plan | R8: Bien Total
A9: BUDGET AUTHORITY/REVENUES
A10: General Operating Fund (includes provisos)
A11: Permanent Budget | B11: =+GOF!B10+GOF!B13 -> 0 | C11: =+GOF!C10+GOF!C13 -> 0 | F11: =+GOF!E10+GOF!E13 -> 0 | G11: =+GOF!F10+GOF!F13 -> 0 | H11: =+GOF!G10+GOF!G13 -> 0 | J11: =+GOF!H10+GOF!H13 -> 0 | L11: =+GOF!K10+GOF!K13 -> 0 | M11: =+GOF!L10+GOF!L13 -> 0 | P11: =+GOF!O10+GOF!O13 -> 0 | Q11: =+GOF!P10+GOF!P13 -> 0
A12: Temporary Budget | B12: =+GOF!B11+GOF!B14 -> 0 | C12: =+GOF!C11+GOF!C14 -> 0 | F12: =+GOF!E11+GOF!E14 -> 0 | G12: =+GOF!F11+GOF!F14 -> 0 | H12: =+GOF!G11+GOF!G14 -> 0 | J12: =+GOF!H11+GOF!H14 -> 0 | L12: =+GOF!K11+GOF!K14 -> 0 | M12: =+GOF!L11+GOF!L14 -> 0 | P12: =+GOF!O11+GOF!O14 -> 0 | Q12: =+GOF!P11+GOF!P14 -> 0
A13: Designated Operating Fund (excludes tech fee)
A14: Permanent Budget | B14: =+DOF!B10 -> 0 | C14: =+DOF!C10 -> 0 | F14: =+DOF!E10 -> 0 | G14: =+DOF!F10 -> 0 | H14: =+DOF!G10 -> 0 | J14: =+DOF!H10 -> 0 | L14: =+DOF!K10 -> 0 | M14: =+DOF!L10 -> 0 | P14: =+DOF!O10 -> 0 | Q14: =+DOF!P10 -> 0
A15: Temporary Budget | B15: =+DOF!B11 -> 0 | C15: =+DOF!C11 -> 0 | F15: =+DOF!E11 -> 0 | G15: =+DOF!F11 -> 0 | H15: =+DOF!G11 -> 0 | J15: =+DOF!H11 -> 0 | L15: =+DOF!K11 -> 0 | M15: =+DOF!L11 -> 0 | P15: =+DOF!O11 -> 0 | Q15: =+DOF!P11 -> 0
A16: Restricted Operating Fund
A17: Special State Appropriations - Perm & Temp | B17: =+'Special State Appropriations'!B12 -> 0 | C17: =+'Special State Appropriations'!C12 -> 0 | F17: =+'Special State Appropriations'!E12 -> 0 | G17: =+'Special State Appropriations'!F12 -> 0 | H17: =+'Special State Appropriations'!G12 -> 0 | J17: =+'Special State Appropriations'!H12 -> 0 | L17: =+'Special State Appropriations'!K12 -> 0 | M17: =+'Special State Appropriations'!L12 -> 0 | P17: =+'Special State Appropriations'!O12 -> 0 | Q17: =+'Special State Appropriations'!P12 -> 0
A18: Self-Sustaining | B18: =+'Self Sustaining'!B11 -> 0 | C18: =+'Self Sustaining'!C11 -> 0 | F18: =+'Self Sustaining'!E11 -> 0 | G18: =+'Self Sustaining'!F11 -> 0 | H18: =+'Self Sustaining'!G11 -> 0 | J18: =+'Self Sustaining'!H11 -> 0 | L18: =+'Self Sustaining'!K11 -> 0 | M18: =+'Self Sustaining'!L11 -> 0 | P18: =+'Self Sustaining'!O11 -> 0 | Q18: =+'Self Sustaining'!P11 -> 0
A19: Total Budget Authority & Revenues | B19: =SUM(B11:B18) -> 0 | C19: =SUM(C11:C18) -> 0 | F19: =SUM(F11:F18) -> 0 | G19: =SUM(G11:G18) -> 0 | H19: =SUM(H11:H18) -> 0 | J19: =SUM(J11:J18) -> 0 | L19: =SUM(L11:L18) -> 0 | M19: =SUM(M11:M18) -> 0 | P19: =SUM(P11:P18) -> 0 | Q19: =SUM(Q11:Q18) -> 0
A21: EXPENDITURES
A22: Salaries, Wages and Benefits
A23: Faculty and academic personnel (01-10) | B23: =+GOF!B19+DOF!B16+'Special State Appropriations'!B16+'Self Sustaining'!B15 -> 0 | C23: =+GOF!C19+DOF!C16+'Special State Appropriations'!C16+'Self Sustaining'!C15 -> 0 | F23: =+GOF!E19+DOF!E16+'Special State Appropriations'!E16+'Self Sustaining'!E15 -> 0 | G23: =+GOF!F19+DOF!F16+'Special State Appropriations'!F16+'Self Sustaining'!F15 -> 0 | H23: =+GOF!G19+DOF!G16+'Special State Appropriations'!G16+'Self Sustaining'!G15 -> 0 | J23: =+GOF!H19+DOF!H16+'Special State Appropriations'!H16+'Self Sustaining'!H15 -> 0 | L23: =+GOF!K19+DOF!K16+'Special State Appropriations'!K16+'Self Sustaining'!K15 -> 0 | M23: =+GOF!L19+DOF!L16+'Special State Appropriations'!L16+'Self Sustaining'!L15 -> 0 | P23: =+GOF!O19+DOF!O16+'Special State Appropriations'!O16+'Self Sustaining'!O15 -> 0 | Q23: =+GOF!P19+DOF!P16+'Special State Appropriations'!P16+'Self Sustaining'!P15 -> 0 | R23: =+GOF!Q19+DOF!Q16+'Special State Appropriations'!Q16+'Practice Plan'!Q14+'Sponsored Projects'!Q15+'Student Aid'!Q15+'Other Grant-Contract Types'!Q15+'Gifts-Discretionary'!Q15+'Self Sustaining'!Q15 -> 0
A24: Auxiliary teaching (01-20) | B24: =+GOF!B20+DOF!B17+'Special State Appropriations'!B17+'Self Sustaining'!B16 -> 0 | C24: =+GOF!C20+DOF!C17+'Special State Appropriations'!C17+'Self Sustaining'!C16 -> 0 | F24: =+GOF!E20+DOF!E17+'Special State Appropriations'!E17+'Self Sustaining'!E16 -> 0 | G24: =+GOF!F20+DOF!F17+'Special State Appropriations'!F17+'Self Sustaining'!F16 -> 0 | H24: =+GOF!G20+DOF!G17+'Special State Appropriations'!G17+'Self Sustaining'!G16 -> 0 | J24: =+GOF!H20+DOF!H17+'Special State Appropriations'!H17+'Self Sustaining'!H16 -> 0 | L24: =+GOF!K20+DOF!K17+'Special State Appropriations'!K17+'Self Sustaining'!K16 -> 0 | M24: =+GOF!L20+DOF!L17+'Special State Appropriations'!L17+'Self Sustaining'!L16 -> 0 | P24: =+GOF!O20+DOF!O17+'Special State Appropriations'!O17+'Self Sustaining'!O16 -> 0 | Q24: =+GOF!P20+DOF!P17+'Special State Appropriations'!P17+'Self Sustaining'!P16 -> 0
A25: Graduate Students (01-30, 01-40) | B25: =+GOF!B21+DOF!B18+'Special State Appropriations'!B18+'Self Sustaining'!B17 -> 0 | C25: =+GOF!C21+DOF!C18+'Special State Appropriations'!C18+'Self Sustaining'!C17 -> 0 | F25: =+GOF!E21+DOF!E18+'Special State Appropriations'!E18+'Self Sustaining'!E17 -> 0 | G25: =+GOF!F21+DOF!F18+'Special State Appropriations'!F18+'Self Sustaining'!F17 -> 0 | H25: =+GOF!G21+DOF!G18+'Special State Appropriations'!G18+'Self Sustaining'!G17 -> 0 | J25: =+GOF!H21+DOF!H18+'Special State Appropriations'!H18+'Self Sustaining'!H17 -> 0 | L25: =+GOF!K21+DOF!K18+'Special State Appropriations'!K18+'Self Sustaining'!K17 -> 0 | M25: =+GOF!L21+DOF!L18+'Special State Appropriations'!L18+'Self Sustaining'!L17 -> 0 | P25: =+GOF!O21+DOF!O18+'Special State Appropriations'!O18+'Self Sustaining'!O17 -> 0 | Q25: =+GOF!P21+DOF!P18+'Special State Appropriations'!P18+'Self Sustaining'!P17 -> 0
A26: Post-doc research trainee (01-50) | B26: =+GOF!B22+DOF!B19+'Special State Appropriations'!B19+'Self Sustaining'!B18 -> 0 | C26: =+GOF!C22+DOF!C19+'Special State Appropriations'!C19+'Self Sustaining'!C18 -> 0 | F26: =+GOF!E22+DOF!E19+'Special State Appropriations'!E19+'Self Sustaining'!E18 -> 0 | G26: =+GOF!F22+DOF!F19+'Special State Appropriations'!F19+'Self Sustaining'!F18 -> 0 | H26: =+GOF!G22+DOF!G19+'Special State Appropriations'!G19+'Self Sustaining'!G18 -> 0 | J26: =+GOF!H22+DOF!H19+'Special State Appropriations'!H19+'Self Sustaining'!H18 -> 0 | L26: =+GOF!K22+DOF!K19+'Special State Appropriations'!K19+'Self Sustaining'!K18 -> 0 | M26: =+GOF!L22+DOF!L19+'Special State Appropriations'!L19+'Self Sustaining'!L18 -> 0 | P26: =+GOF!O22+DOF!O19+'Special State Appropriations'!O19+'Self Sustaining'!O18 -> 0 | Q26: =+GOF!P22+DOF!P19+'Special State Appropriations'!P19+'Self Sustaining'!P18 -> 0
A27: Classified staff (01-60) | B27: =+GOF!B23+DOF!B20+'Special State Appropriations'!B20+'Self Sustaining'!B19 -> 0 | C27: =+GOF!C23+DOF!C20+'Special State Appropriations'!C20+'Self Sustaining'!C19 -> 0 | F27: =+GOF!E23+DOF!E20+'Special State Appropriations'!E20+'Self Sustaining'!E19 -> 0 | G27: =+GOF!F23+DOF!F20+'Special State Appropriations'!F20+'Self Sustaining'!F19 -> 0 | H27: =+GOF!G23+DOF!G20+'Special State Appropriations'!G20+'Self Sustaining'!G19 -> 0 | J27: =+GOF!H23+DOF!H20+'Special State Appropriations'!H20+'Self Sustaining'!H19 -> 0 | L27: =+GOF!K23+DOF!K20+'Special State Appropriations'!K20+'Self Sustaining'!K19 -> 0 | M27: =+GOF!L23+DOF!L20+'Special State Appropriations'!L20+'Self Sustaining'!L19 -> 0 | P27: =+GOF!O23+DOF!O20+'Special State Appropriations'!O20+'Self Sustaining'!O19 -> 0 | Q27: =+GOF!P23+DOF!P20+'Special State Appropriations'!P20+'Self Sustaining'!P19 -> 0
A28: Professional staff (01-70) | B28: =+GOF!B24+DOF!B21+'Special State Appropriations'!B21+'Self Sustaining'!B20 -> 0 | C28: =+GOF!C24+DOF!C21+'Special State Appropriations'!C21+'Self Sustaining'!C20 -> 0 | F28: =+GOF!E24+DOF!E21+'Special State Appropriations'!E21+'Self Sustaining'!E20 -> 0 | G28: =+GOF!F24+DOF!F21+'Special State Appropriations'!F21+'Self Sustaining'!F20 -> 0 | H28: =+GOF!G24+DOF!G21+'Special State Appropriations'!G21+'Self Sustaining'!G20 -> 0 | J28: =+GOF!H24+DOF!H21+'Special State Appropriations'!H21+'Self Sustaining'!H20 -> 0 | L28: =+GOF!K24+DOF!K21+'Special State Appropriations'!K21+'Self Sustaining'!K20 -> 0 | M28: =+GOF!L24+DOF!L21+'Special State Appropriations'!L21+'Self Sustaining'!L20 -> 0 | P28: =+GOF!O24+DOF!O21+'Special State Appropriations'!O21+'Self Sustaining'!O20 -> 0 | Q28: =+GOF!P24+DOF!P21+'Special State Appropriations'!P21+'Self Sustaining'!P20 -> 0
A29: Temporary staff (01-80) | B29: =+GOF!B25+DOF!B22+'Special State Appropriations'!B22+'Self Sustaining'!B21 -> 0 | C29: =+GOF!C25+DOF!C22+'Special State Appropriations'!C22+'Self Sustaining'!C21 -> 0 | F29: =+GOF!E25+DOF!E22+'Special State Appropriations'!E22+'Self Sustaining'!E21 -> 0 | G29: =+GOF!F25+DOF!F22+'Special State Appropriations'!F22+'Self Sustaining'!F21 -> 0 | H29: =+GOF!G25+DOF!G22+'Special State Appropriations'!G22+'Self Sustaining'!G21 -> 0 | J29: =+GOF!H25+DOF!H22+'Special State Appropriations'!H22+'Self Sustaining'!H21 -> 0 | L29: =+GOF!K25+DOF!K22+'Special State Appropriations'!K22+'Self Sustaining'!K21 -> 0 | M29: =+GOF!L25+DOF!L22+'Special State Appropriations'!L22+'Self Sustaining'!L21 -> 0 | P29: =+GOF!O25+DOF!O22+'Special State Appropriations'!O22+'Self Sustaining'!O21 -> 0 | Q29: =+GOF!P25+DOF!P22+'Special State Appropriations'!P22+'Self Sustaining'!P21 -> 0
A30: Pre-doc Trainees (01-90) | B30: =+GOF!B26+DOF!B23+'Special State Appropriations'!B23+'Self Sustaining'!B22 -> 0 | C30: =+GOF!C26+DOF!C23+'Special State Appropriations'!C23+'Self Sustaining'!C22 -> 0 | F30: =+GOF!E26+DOF!E23+'Special State Appropriations'!E23+'Self Sustaining'!E22 -> 0 | G30: =+GOF!F26+DOF!F23+'Special State Appropriations'!F23+'Self Sustaining'!F22 -> 0 | H30: =+GOF!G26+DOF!G23+'Special State Appropriations'!G23+'Self Sustaining'!G22 -> 0 | J30: =+GOF!H26+DOF!H23+'Special State Appropriations'!H23+'Self Sustaining'!H22 -> 0 | L30: =+GOF!K26+DOF!K23+'Special State Appropriations'!K23+'Self Sustaining'!K22 -> 0 | M30: =+GOF!L26+DOF!L23+'Special State Appropriations'!L23+'Self Sustaining'!L22 -> 0 | P30: =+GOF!O26+DOF!O23+'Special State Appropriations'!O23+'Self Sustaining'!O22 -> 0 | Q30: =+GOF!P26+DOF!P23+'Special State Appropriations'!P23+'Self Sustaining'!P22 -> 0
A31: Employee benefits (07) | B31: =+GOF!B27+DOF!B24+'Special State Appropriations'!B24+'Self Sustaining'!B23 -> 0 | C31: =+GOF!C27+DOF!C24+'Special State Appropriations'!C24+'Self Sustaining'!C23 -> 0 | F31: =+GOF!E27+DOF!E24+'Special State Appropriations'!E24+'Self Sustaining'!E23 -> 0 | G31: =+GOF!F27+DOF!F24+'Special State Appropriations'!F24+'Self Sustaining'!F23 -> 0 | H31: =+GOF!G27+DOF!G24+'Special State Appropriations'!G24+'Self Sustaining'!G23 -> 0 | J31: =+GOF!H27+DOF!H24+'Special State Appropriations'!H24+'Self Sustaining'!H23 -> 0 | L31: =+GOF!K27+DOF!K24+'Special State Appropriations'!K24+'Self Sustaining'!K23 -> 0 | M31: =+GOF!L27+DOF!L24+'Special State Appropriations'!L24+'Self Sustaining'!L23 -> 0 | P31: =+GOF!O27+DOF!O24+'Special State Appropriations'!O24+'Self Sustaining'!O23 -> 0 | Q31: =+GOF!P27+DOF!P24+'Special State Appropriations'!P24+'Self Sustaining'!P23 -> 0
A32: Subtotal Salaries, Wages and Benefits | B32: =SUM(B23:B31) -> 0 | C32: =SUM(C23:C31) -> 0 | D32: =SUM(D23:D31) -> 0 | F32: =SUM(F23:F31) -> 0 | G32: =SUM(G23:G31) -> 0 | H32: =SUM(H23:H31) -> 0 | J32: =SUM(J23:J31) -> 0 | L32: =SUM(L23:L31) -> 0 | M32: =SUM(M23:M31) -> 0 | P32: =SUM(P23:P31) -> 0 | Q32: =SUM(Q23:Q31) -> 0
A33: Operations (All exp obj codes except 01, 07, 21 and 25) | B33: =+GOF!B29+DOF!B26+'Special State Appropriations'!B26+'Self Sustaining'!B25 -> 0 | C33: =+GOF!C29+DOF!C26+'Special State Appropriations'!C26+'Self Sustaining'!C25 -> 0 | F33: =+GOF!E29+DOF!E26+'Special State Appropriations'!E26+'Self Sustaining'!E25 -> 0 | G33: =+GOF!F29+DOF!F26+'Special State Appropriations'!F26+'Self Sustaining'!F25 -> 0 | H33: =+GOF!G29+DOF!G26+'Special State Appropriations'!G26+'Self Sustaining'!G25 -> 0 | J33: =+GOF!H29+DOF!H26+'Special State Appropriations'!H26+'Self Sustaining'!H25 -> 0 | L33: =+GOF!K29+DOF!K26+'Special State Appropriations'!K26+'Self Sustaining'!K25 -> 0 | M33: =+GOF!L29+DOF!L26+'Special State Appropriations'!L26+'Self Sustaining'!L25 -> 0 | P33: =+GOF!O29+DOF!O26+'Special State Appropriations'!O26+'Self Sustaining'!O25 -> 0 | Q33: =+GOF!P29+DOF!P26+'Special State Appropriations'!P26+'Self Sustaining'!P25 -> 0
A34: Cost transfer invoices (CTIs) (21) | B34: =+GOF!B30+DOF!B27+'Special State Appropriations'!B27+'Self Sustaining'!B26 -> 0 | C34: =+GOF!C30+DOF!C27+'Special State Appropriations'!C27+'Self Sustaining'!C26 -> 0 | F34: =+GOF!E30+DOF!E27+'Special State Appropriations'!E27+'Self Sustaining'!E26 -> 0 | G34: =+GOF!F30+DOF!F27+'Special State Appropriations'!F27+'Self Sustaining'!F26 -> 0 | H34: =+GOF!G30+DOF!G27+'Special State Appropriations'!G27+'Self Sustaining'!G26 -> 0 | J34: =+GOF!H30+DOF!H27+'Special State Appropriations'!H27+'Self Sustaining'!H26 -> 0 | L34: =+GOF!K30+DOF!K27+'Special State Appropriations'!K27+'Self Sustaining'!K26 -> 0 | M34: =+GOF!L30+DOF!L27+'Special State Appropriations'!L27+'Self Sustaining'!L26 -> 0 | P34: =+GOF!O30+DOF!O27+'Special State Appropriations'!O27+'Self Sustaining'!O26 -> 0 | Q34: =+GOF!P30+DOF!P27+'Special State Appropriations'!P27+'Self Sustaining'!P26 -> 0
A35: Indirect Cost (25) | B35: =+GOF!B31+DOF!B28+'Special State Appropriations'!B28+'Self Sustaining'!B27 -> 0 | C35: =+GOF!C31+DOF!C28+'Special State Appropriations'!C28+'Self Sustaining'!C27 -> 0 | F35: =+GOF!E31+DOF!E28+'Special State Appropriations'!E28+'Self Sustaining'!E27 -> 0 | G35: =+GOF!F31+DOF!F28+'Special State Appropriations'!F28+'Self Sustaining'!F27 -> 0 | H35: =+GOF!G31+DOF!G28+'Special State Appropriations'!G28+'Self Sustaining'!G27 -> 0 | J35: =+GOF!H31+DOF!H28+'Special State Appropriations'!H28+'Self Sustaining'!H27 -> 0 | L35: =+GOF!K31+DOF!K28+'Special State Appropriations'!K28+'Self Sustaining'!K27 -> 0 | M35: =+GOF!L31+DOF!L28+'Special State Appropriations'!L28+'Self Sustaining'!L27 -> 0 | P35: =+GOF!O31+DOF!O28+'Special State Appropriations'!O28+'Self Sustaining'!O27 -> 0 | Q35: =+GOF!P31+DOF!P28+'Special State Appropriations'!P28+'Self Sustaining'!P27 -> 0
A36: TOTAL EXPENDITURES | B36: =SUM(B32:B35) -> 0 | C36: =SUM(C32:C35) -> 0 | F36: =SUM(F32:F35) -> 0 | G36: =SUM(G32:G35) -> 0 | H36: =SUM(H32:H35) -> 0 | J36: =SUM(J32:J35) -> 0 | L36: =SUM(L32:L35) -> 0 | M36: =SUM(M32:M35) -> 0 | P36: =SUM(P32:P35) -> 0 | Q36: =SUM(Q32:Q35) -> 0
A37: Net Contribution to (Use of) Fund Balance | B37: =+B19-B36 -> 0 | C37: =+C19-C36 -> 0 | F37: =+F19-F36 -> 0 | G37: =+G19-G36 -> 0 | H37: =+H19-H36 -> 0 | J37: =+J19-J36 -> 0 | L37: =+L19-L36 -> 0 | M37: =+M19-M36 -> 0 | P37: =+P19-P36 -> 0 | Q37: =+Q19-Q36 -> 0
A39: Opening Balance | B39: =+GOF!B35+DOF!B32+'Special State Appropriations'!B32+'Self Sustaining'!B31 -> 0 | C39: =+GOF!C35+DOF!C32+'Special State Appropriations'!C32+'Self Sustaining'!C31 -> 0 | F39: =+GOF!E35+DOF!E32+'Special State Appropriations'!E32+'Self Sustaining'!E31 -> 0 | G39: =+GOF!F35+DOF!F32+'Special State Appropriations'!F32+'Self Sustaining'!F31 -> 0 | H39: =+GOF!G35+DOF!G32+'Special State Appropriations'!G32+'Self Sustaining'!G31 -> 0 | J39: =+GOF!H35+DOF!H32+'Special State Appropriations'!H32+'Self Sustaining'!H31 -> 0 | L39: =+GOF!K35+DOF!K32+'Special State Appropriations'!K32+'Self Sustaining'!K31 -> 0 | M39: =+GOF!L35+DOF!L32+'Special State Appropriations'!L32+'Self Sustaining'!L31 -> 0 | P39: =+GOF!O35+DOF!O32+'Special State Appropriations'!O32+'Self Sustaining'!O31 -> 0 | Q39: =+GOF!P35+DOF!P32+'Special State Appropriations'!P32+'Self Sustaining'!P31 -> 0
A40: Net Contribution to (Use of) Fund Balance | B40: =+GOF!B36+DOF!B33+'Special State Appropriations'!B33+'Self Sustaining'!B32 -> 0 | C40: =+GOF!C36+DOF!C33+'Special State Appropriations'!C33+'Self Sustaining'!C32 -> 0 | F40: =+GOF!E36+DOF!E33+'Special State Appropriations'!E33+'Self Sustaining'!E32 -> 0 | G40: =+G37 -> 0 | H40: =+H37 -> 0 | J40: =+GOF!H36+DOF!H33+'Special State Appropriations'!H33+'Self Sustaining'!H32 -> 0 | L40: =+GOF!K36+DOF!K33+'Special State Appropriations'!K33+'Self Sustaining'!K32 -> 0 | M40: =+GOF!L36+DOF!L33+'Special State Appropriations'!L33+'Self Sustaining'!L32 -> 0 | P40: =+GOF!O36+DOF!O33+'Special State Appropriations'!O33+'Self Sustaining'!O32 -> 0 | Q40: =+GOF!P36+DOF!P33+'Special State Appropriations'!P33+'Self Sustaining'!P32 -> 0
A41: Forgone Proviso/Appropriation Funds 3 | B41: =+GOF!B38+'Special State Appropriations'!B34 -> 0 | C41: =+GOF!C38+'Special State Appropriations'!C34 -> 0 | F41: =+GOF!E38+'Special State Appropriations'!E34 -> 0 | G41: =+GOF!F38+'Special State Appropriations'!F34 -> 0 | H41: =+GOF!G38+'Special State Appropriations'!G34 -> 0 | I41: =+GOF!H38+'Special State Appropriations'!H34 -> 0 | J41: =+GOF!H38+'Special State Appropriations'!H34 -> 0 | L41: =+GOF!K38+'Special State Appropriations'!K34 -> 0 | M41: =+GOF!L38+'Special State Appropriations'!L34 -> 0 | P41: =+GOF!O38+'Special State Appropriations'!O34 -> 0 | Q41: =+GOF!P38+'Special State Appropriations'!P34 -> 0
A42: Other Adjustments (Approved by OPB Only) 4 | B42: =+GOF!B38+DOF!B34 -> 0 | C42: =+GOF!C38+DOF!C34 -> 0 | F42: =+GOF!E38+DOF!E34 -> 0 | G42: =+GOF!F38+DOF!F34 -> 0 | H42: =+GOF!G38+DOF!G34 -> 0 | I42: =+GOF!H38+DOF!H34 -> 0 | J42: =+GOF!H38+DOF!H34 -> 0 | L42: =+GOF!K38+DOF!K34 -> 0 | M42: =+GOF!L38+DOF!L34 -> 0 | P42: =+GOF!O38+DOF!O34 -> 0 | Q42: =+GOF!P38+DOF!P34 -> 0
A43: Closing Balance 5 | B43: =+GOF!B39+DOF!B35+'Special State Appropriations'!B35+'Self Sustaining'!B33 -> 0 | C43: =+GOF!C39+DOF!C35+'Special State Appropriations'!C35+'Self Sustaining'!C33 -> 0 | F43: =+GOF!E39+DOF!E35+'Special State Appropriations'!E35+'Self Sustaining'!E33 -> 0 | G43: =+GOF!F39+DOF!F35+'Special State Appropriations'!F35+'Self Sustaining'!F33 -> 0 | H43: =+GOF!G39+DOF!G35+'Special State Appropriations'!G35+'Self Sustaining'!G33 -> 0 | J43: =+GOF!H39+DOF!H35+'Special State Appropriations'!H35+'Self Sustaining'!H33 -> 0 | L43: =+GOF!K39+DOF!K35+'Special State Appropriations'!K35+'Self Sustaining'!K33 -> 0 | M43: =+GOF!L39+DOF!L35+'Special State Appropriations'!L35+'Self Sustaining'!L33 -> 0 | P43: =+GOF!O39+DOF!O35+'Special State Appropriations'!O35+'Self Sustaining'!O33 -> 0 | Q43: =+GOF!P39+DOF!P35+'Special State Appropriations'!P35+'Self Sustaining'!P33 -> 0

Sheet GOF
A4: Instructions: 1) Provide full budget authority and expenditure plans for fiscal years 2021-2025 in the green colored cells. 2) FYs 18-20 actual amounts for your unit are provided for your planning purposes. Refer to the Fiscal Vitality Process Guide at https://www.washington.edu/opb/uw-budget/annual-budgets/fy22-annual-review-materials/ for the data parameters and definitions that were used to generate these figures. For detailed amounts down to the budget number level or other data exploration, please see the Fiscal Vitality Budget Tableau report titled Export to Crosstab at https://bitools.uw.edu/#/site/Transitional/views/FiscalVitalityBudget/DocumentationandResources 3) The Central Budget Policies and Assumptions document is available at https://www.washington.edu/opb/uw-budget/annual-budgets/fy22-annual-review-materials/. If you use alternative assumptions, you should briefly explain them in the Annual Review Submission Portal. 4) Opening Balance row includes your units carryover. The "temporary budget" line does not include your units carryover budgeted amount. Carryover should not be included as part of your units temporary budget plan.
A5: 5) Forgone Proviso Funds row represents unspent or overspent funds from fiscal year provisos. Fiscal year provisos cannot carryover any unspent funds across fiscal years. For FY’s 2021-2025, the assumption is that units will fully spend (not overspend) any fiscal year proviso funds. Therefore, the Forgone Funds line is not applicable. 6) Other Adjustments row represents OPB approved manual/unique adjustments that are not derivable from system data or which do not fit anywhere else. 7) Closing Balance row includes biennial provisos' unspent or overspent funds at the end of the 1st fiscal year which can carryover into the 2nd fiscal year of a biennium. This can also happen when the funds are distributed over several units. Some units can underspend and some can overspend as long as the total proviso nets to zero. Otherwise, provisos cannot be overspent. Any carryover of over/underspent funds is included in the 1st fiscal year's closing balance and 2nd fiscal year's opening balance. 8) The Beginning GOF/DOF Carryover Balance amount on the Carryover Plan worksheet for FY's 2021-2025 does not include proviso funds.
B6: Biennium 17 (Actuals) | E6: Biennium 19 (Actuals/Plan) | K6: Biennium 21 (Plan) | O6: Biennium 23 (Plan)
B7: FY18 Actuals | C7: FY19 Actuals | E7: FY20 Actuals | F7: FY20 Submitted Plan | G7: FY20. Variance (Actuals Over [Under] Plan) | H7: FY21 Plan | I7: Bien Total | K7: FY22 Plan | L7: FY23 Plan | M7: Bien Total | O7: FY24 Plan | P7: FY25 Plan | Q7: Bien Total
A8: BUDGET AUTHORITY/REVENUES
A9: General Operating Fund
A10: Permanent Budget | G10: =+E10-F10 -> 0
A11: Temporary Budget | G11: =+E11-F11 -> 0
A12: Provisos - GOF Only
A13: Permanent Budget | G13: =+E13-F13 -> 0
A14: Temporary Budget | G14: =+E14-F14 -> 0
A15: TOTAL BUDGET AUTHORITY | B15: =SUM(B10:B14) -> 0 | C15: =SUM(C10:C14) -> 0 | E15: =SUM(E10:E14) -> 0 | F15: =SUM(F10:F14) -> 0 | G15: =SUM(G10:G14) -> 0 | H15: =SUM(H10:H14) -> 0 | I15: =SUM(I10:I14) -> 0 | K15: =SUM(K10:K14) -> 0 | L15: =SUM(L10:L14) -> 0 | M15: =SUM(M10:M14) -> 0 | O15: =SUM(O10:O14) -> 0 | P15: =SUM(P10:P14) -> 0
A17: EXPENDITURES
A18: Salaries, Wages and Benefits
A19: Faculty (01-10) | G19: =+E19-F19 -> 0
A20: Auxiliary teaching (01-20) | G20: =+E20-F20 -> 0
A21: Graduate Students (01-30, 01-40) | G21: =+E21-F21 -> 0
A22: Post-doc research trainee (01-50) | G22: =+E22-F22 -> 0
A23: Classified staff (01-60) | G23: =+E23-F23 -> 0
A24: Professional staff (01-70) | G24: =+E24-F24 -> 0
A25: Temporary staff (01-80) | G25: =+E25-F25 -> 0
A26: Pre-doc trainees (01-90) | G26: =+E26-F26 -> 0
A27: Employee Benefits (07) | G27: =+E27-F27 -> 0 | H27: =(_xlfn.IFNA(VLOOKUP($A19,'Benefits Drivers'!$A$6:$F$13,2,FALSE)*H$19,0))+(_xlfn.IFNA(VLOOKUP($A20,'Benefits Drivers'!$A$6:$F$13,2,FALSE)*H$20,0))+(_xlfn.IFNA(VLOOKUP($A21,'Benefits Drivers'!$A$6:$F$13,2,FALSE)*H$21,0))+(_xlfn.IFNA(VLOOKUP($A22,'Benefits Drivers'!$A$6:$F$13,2,FALSE)*H$22,0))+(_xlfn.IFNA(VLOOKUP($A23,'Benefits Drivers'!$A$6:$F$13,2,FALSE)*H$23,0))+(_xlfn.IFNA(VLOOKUP($A25,'Benefits Drivers'!$A$6:$F$13,2,FALSE)*H$25,0))+(_xlfn.IFNA(VLOOKUP($A26,'Benefits Drivers'!$A$6:$F$13,2,FALSE)*H$26,0))+(_xlfn.IFNA(VLOOKUP($A24,'Benefits Drivers'!$A$6:$F$13,2,FALSE)*H$24,0)) -> 0 | I27: =(_xlfn.IFNA(VLOOKUP($A19,'Benefits Drivers'!$A$6:$F$13,4,FALSE)*I$19,0))+(_xlfn.IFNA(VLOOKUP($A20,'Benefits Drivers'!$A$6:$F$13,4,FALSE)*I$20,0))+(_xlfn.IFNA(VLOOKUP($A21,'Benefits Drivers'!$A$6:$F$13,4,FALSE)*I$21,0))+(_xlfn.IFNA(VLOOKUP($A22,'Benefits Drivers'!$A$6:$F$13,4,FALSE)*I$22,0))+(_xlfn.IFNA(VLOOKUP($A23,'Benefits Drivers'!$A$6:$F$13,4,FALSE)*I$23,0))+(_xlfn.IFNA(VLOOKUP($A25,'Benefits Drivers'!$A$6:$F$13,4,FALSE)*I$25,0))+(_xlfn.IFNA(VLOOKUP($A26,'Benefits Drivers'!$A$6:$F$13,4,FALSE)*I$26,0))+(_xlfn.IFNA(VLOOKUP($A24,'Benefits Drivers'!$A$6:$F$13,4,FALSE)*I$24,0)) -> 0 | K27: =(_xlfn.IFNA(VLOOKUP($A19,'Benefits Drivers'!$A$6:$F$13,3,FALSE)*K$19,0))+(_xlfn.IFNA(VLOOKUP($A20,'Benefits Drivers'!$A$6:$F$13,3,FALSE)*K$20,0))+(_xlfn.IFNA(VLOOKUP($A21,'Benefits Drivers'!$A$6:$F$13,3,FALSE)*K$21,0))+(_xlfn.IFNA(VLOOKUP($A22,'Benefits Drivers'!$A$6:$F$13,3,FALSE)*K$22,0))+(_xlfn.IFNA(VLOOKUP($A23,'Benefits Drivers'!$A$6:$F$13,3,FALSE)*K$23,0))+(_xlfn.IFNA(VLOOKUP($A25,'Benefits Drivers'!$A$6:$F$13,3,FALSE)*K$25,0))+(_xlfn.IFNA(VLOOKUP($A26,'Benefits Drivers'!$A$6:$F$13,3,FALSE)*K$26,0))+(_xlfn.IFNA(VLOOKUP($A24,'Benefits Drivers'!$A$6:$F$13,3,FALSE)*K$24,0)) -> 0 | L27: =(_xlfn.IFNA(VLOOKUP($A19,'Benefits Drivers'!$A$6:$F$13,4,FALSE)*L$19,0))+(_xlfn.IFNA(VLOOKUP($A20,'Benefits Drivers'!$A$6:$F$13,4,FALSE)*L$20,0))+(_xlfn.IFNA(VLOOKUP($A21,'Benefits Drivers'!$A$6:$F$13,4,FALSE)*L$21,0))+(_xlfn.IFNA(VLOOKUP($A22,'Benefits Drivers'!$A$6:$F$13,4,FALSE)*L$22,0))+(_xlfn.IFNA(VLOOKUP($A23,'Benefits Drivers'!$A$6:$F$13,4,FALSE)*L$23,0))+(_xlfn.IFNA(VLOOKUP($A25,'Benefits Drivers'!$A$6:$F$13,4,FALSE)*L$25,0))+(_xlfn.IFNA(VLOOKUP($A26,'Benefits Drivers'!$A$6:$F$13,4,FALSE)*L$26,0))+(_xlfn.IFNA(VLOOKUP($A24,'Benefits Drivers'!$A$6:$F$13,4,FALSE)*L$24,0)) -> 0 | O27: =(_xlfn.IFNA(VLOOKUP($A19,'Benefits Drivers'!$A$6:$F$13,5,FALSE)*O$19,0))+(_xlfn.IFNA(VLOOKUP($A20,'Benefits Drivers'!$A$6:$F$13,5,FALSE)*O$20,0))+(_xlfn.IFNA(VLOOKUP($A21,'Benefits Drivers'!$A$6:$F$13,5,FALSE)*O$21,0))+(_xlfn.IFNA(VLOOKUP($A22,'Benefits Drivers'!$A$6:$F$13,5,FALSE)*O$22,0))+(_xlfn.IFNA(VLOOKUP($A23,'Benefits Drivers'!$A$6:$F$13,5,FALSE)*O$23,0))+(_xlfn.IFNA(VLOOKUP($A25,'Benefits Drivers'!$A$6:$F$13,5,FALSE)*O$25,0))+(_xlfn.IFNA(VLOOKUP($A26,'Benefits Drivers'!$A$6:$F$13,5,FALSE)*O$26,0))+(_xlfn.IFNA(VLOOKUP($A24,'Benefits Drivers'!$A$6:$F$13,5,FALSE)*O$24,0)) -> 0 | P27: =(_xlfn.IFNA(VLOOKUP($A19,'Benefits Drivers'!$A$6:$F$13,6,FALSE)*P$19,0))+(_xlfn.IFNA(VLOOKUP($A20,'Benefits Drivers'!$A$6:$F$13,6,FALSE)*P$20,0))+(_xlfn.IFNA(VLOOKUP($A21,'Benefits Drivers'!$A$6:$F$13,6,FALSE)*P$21,0))+(_xlfn.IFNA(VLOOKUP($A22,'Benefits Drivers'!$A$6:$F$13,6,FALSE)*P$22,0))+(_xlfn.IFNA(VLOOKUP($A23,'Benefits Drivers'!$A$6:$F$13,6,FALSE)*P$23,0))+(_xlfn.IFNA(VLOOKUP($A25,'Benefits Drivers'!$A$6:$F$13,6,FALSE)*P$25,0))+(_xlfn.IFNA(VLOOKUP($A26,'Benefits Drivers'!$A$6:$F$13,6,FALSE)*P$26,0))+(_xlfn.IFNA(VLOOKUP($A24,'Benefits Drivers'!$A$6:$F$13,6,FALSE)*P$24,0)) -> 0
A28: Subtotal Salaries, Wages and Benefits | B28: =SUM(B19:B27) -> 0 | C28: =SUM(C19:C27) -> 0 | E28: =SUM(E19:E27) -> 0 | F28: =SUM(F19:F27) -> 0 | G28: =SUM(G19:G27) -> 0 | H28: =SUM(H19:H27) -> 0 | I28: =SUM(I19:I27) -> 0 | K28: =SUM(K19:K27) -> 0 | L28: =SUM(L19:L27) -> 0 | M28: =SUM(M19:M27) -> 0 | O28: =SUM(O19:O27) -> 0 | P28: =SUM(P19:P27) -> 0
A29: Operations (All ObjCodes except 01, 07, 21 and 25) | G29: =+E29-F29 -> 0
A30: Cost transfer invoices (CTIs) (21) | G30: =+E30-F30 -> 0
A31: Indirect Cost (25) | G31: =+E31-F31 -> 0
A32: TOTAL EXPENDITURES | B32: =SUM(B28:B31) -> 0 | C32: =SUM(C28:C31) -> 0 | E32: =SUM(E28:E31) -> 0 | F32: =SUM(F28:F31) -> 0 | G32: =SUM(G28:G31) -> 0 | H32: =SUM(H28:H31) -> 0 | I32: =SUM(I28:I31) -> 0 | K32: =SUM(K28:K31) -> 0 | L32: =SUM(L28:L31) -> 0 | O32: =SUM(O28:O31) -> 0 | P32: =SUM(P28:P31) -> 0
A33: Net Contribution to (Use of) Fund Balance | B33: =+B15-B32 -> 0 | C33: =+C15-C32 -> 0 | E33: =+E15-E32 -> 0 | F33: =+F15-F32 -> 0 | G33: =+G15-G32 -> 0 | H33: =+H15-H32 -> 0 | I33: =+I15-I32 -> 0 | K33: =+K15-K32 -> 0 | L33: =+L15-L32 -> 0 | O33: =+O15-O32 -> 0 | P33: =+P15-P32 -> 0
A35: Opening Balance 4 | C35: =+B39 -> 0 | E35: =+C39 -> 0 | F35: =+E35 -> 0 | G35: =+E35-F35 -> 0 | H35: =+E39 -> 0 | I35: =+H39 -> 0 | K35: =+H39 -> 0 | L35: =+K39 -> 0 | O35: =+L39 -> 0 | P35: =+O39 -> 0
A36: Net Contribution to (Use of) Fund Balance | B36: =+B33 -> 0 | C36: =+C33 -> 0 | E36: =+E33 -> 0 | F36: =+F33 -> 0 | G36: =+E36-F36 -> 0 | H36: =+H33 -> 0 | I36: =+I33 -> 0 | K36: =+K33 -> 0 | L36: =+L33 -> 0 | O36: =+O33 -> 0 | P36: =+P33 -> 0
A37: Forgone Proviso/Appropriation Funds 5
A38: Other Adjustments (Approved by OPB Only) 6 | B38: =IF(LEFT($A$2,3)="268",391817+160707, 0) -> 0 | C38: =IF(LEFT($A$2,3)="268",391817+62050, 0) -> 0 | E38: =IF(LEFT($A$2,3)="268",391817, 0) -> 0 | F38: =+E38 -> 0 | G38: =+E38-F38 -> 0 | H38: =IF(LEFT($A$2,3)="268",391817,0) -> 0 | K38: =IF(LEFT($A$2,3)="268",391817, 0) -> 0 | L38: =IF(LEFT($A$2,3)="268",391817, 0) -> 0 | O38: =IF(LEFT($A$2,3)="268",391817, 0) -> 0 | P38: =IF(LEFT($A$2,3)="268",391817, 0) -> 0
A39: Closing Balance 7 | B39: =SUM(B35:B38) -> 0 | C39: =SUM(C35:C38) -> 0 | E39: =SUM(E35:E38) -> 0 | F39: =SUM(F35:F38) -> 0 | G39: =SUM(G35:G38) -> 0 | H39: =SUM(H35:H38) -> 0 | I39: =+I35+I36 -> 0 | K39: =SUM(K35:K38) -> 0 | L39: =SUM(L35:L38) -> 0 | O39: =SUM(O35:O38) -> 0 | P39: =SUM(P35:P38) -> 0

Sheet DOF
A4: Instructions: 1) Provide full budget authority and expenditure plans for fiscal years 2021-2025 in the green colored cells. 2) FYs 18-20 actual amounts for your unit are provided for your planning purposes. Refer to the Fiscal Vitality Process Guide at https://www.washington.edu/opb/uw-budget/annual-budgets/fy22-annual-review-materials/ for the data parameters and definitions that were used to generate these figures. For detailed amounts down to the budget number level or other data exploration, please see the Fiscal Vitality Budget Tableau report titled Export to Crosstab at https://bitools.uw.edu/#/site/Transitional/views/FiscalVitalityBudget/DocumentationandResources 3) The Central Budget Policies and Assumptions document is available at https://www.washington.edu/opb/uw-budget/annual-budgets/fy22-annual-review-materials/. If you use alternative assumptions, you should briefly explain them in the Annual Review Submission Portal.
A5: 4) Opening Balance row includes your units carryover. The "temporary budget" line does not include your units carryover budgeted amount. Carryover should not be included as part of your units temporary budget plan. 5) Other Adjustments row represents OPB approved manual/unique adjustments that are not derivable from system data or which do not fit anywhere else. 6) The Student Technology Fee is not included as part of DOF actuals.
B6: Biennium 17 (Actuals) | E6: Biennium 19 (Actuals/Plan) | K6: Biennium 19 (Plan) | O6: Biennium 21 (Plan)
B7: FY18 Actuals | C7: FY19 Actuals | E7: FY20 Actuals | F7: FY20 Submitted Plan | G7: FY20. Variance (Actuals Over [Under] Plan) | H7: FY21 Plan | I7: Bien Total | K7: FY22 Plan | L7: FY23 Plan | M7: Bien Total | O7: FY24 Plan | P7: FY25 Plan | Q7: Bien Total
A8: BUDGET AUTHORITY/REVENUES
A9: Designated Operating Fund
A10: Permanent Budget | G10: =+E10-F10 -> 0
A11: Temporary Budget | G11: =+E11-F11 -> 0
A12: TOTAL BUDGET AUTHORITY | B12: =SUM(B10:B11) -> 0 | C12: =SUM(C10:C11) -> 0 | E12: =SUM(E10:E11) -> 0 | F12: =SUM(F10:F11) -> 0 | G12: =SUM(G10:G11) -> 0 | H12: =SUM(H10:H11) -> 0 | K12: =SUM(K10:K11) -> 0 | L12: =SUM(L10:L11) -> 0 | M12: =SUM(M10:M11) -> 0 | O12: =SUM(O10:O11) -> 0 | P12: =SUM(P10:P11) -> 0
A14: EXPENDITURES
A15: Salaries, Wages and Benefits
A16: Faculty (01-10) | G16: =+E16-F16 -> 0
A17: Auxiliary teaching (01-20) | G17: =+E17-F17 -> 0
A18: Graduate Students (01-30, 01-40) | G18: =+E18-F18 -> 0
A19: Post-doc research trainee (01-50) | G19: =+E19-F19 -> 0
A20: Classified staff (01-60) | G20: =+E20-F20 -> 0
A21: Professional staff (01-70) | G21: =+E21-F21 -> 0
A22: Temporary staff (01-80) | G22: =+E22-F22 -> 0
A23: Pre-doc trainees (01-90) | G23: =+E23-F23 -> 0
A24: Employee Benefits (07) | G24: =+E24-F24 -> 0 | H24: =(_xlfn.IFNA(VLOOKUP($A16,'Benefits Drivers'!$A$6:$F$13,2,FALSE)*H$16,0))+(_xlfn.IFNA(VLOOKUP($A17,'Benefits Drivers'!$A$6:$F$13,2,FALSE)*H$17,0))+(_xlfn.IFNA(VLOOKUP($A18,'Benefits Drivers'!$A$6:$F$13,2,FALSE)*H$18,0))+(_xlfn.IFNA(VLOOKUP($A19,'Benefits Drivers'!$A$6:$F$13,2,FALSE)*H$19,0))+(_xlfn.IFNA(VLOOKUP($A20,'Benefits Drivers'!$A$6:$F$13,2,FALSE)*H$20,0))+(_xlfn.IFNA(VLOOKUP($A22,'Benefits Drivers'!$A$6:$F$13,2,FALSE)*H$22,0))+(_xlfn.IFNA(VLOOKUP($A23,'Benefits Drivers'!$A$6:$F$13,2,FALSE)*H$23,0))+(_xlfn.IFNA(VLOOKUP($A21,'Benefits Drivers'!$A$6:$F$13,2,FALSE)*H$21,0)) -> 0 | K24: =(_xlfn.IFNA(VLOOKUP($A16,'Benefits Drivers'!$A$6:$F$13,3,FALSE)*K$16,0))+(_xlfn.IFNA(VLOOKUP($A17,'Benefits Drivers'!$A$6:$F$13,3,FALSE)*K$17,0))+(_xlfn.IFNA(VLOOKUP($A18,'Benefits Drivers'!$A$6:$F$13,3,FALSE)*K$18,0))+(_xlfn.IFNA(VLOOKUP($A19,'Benefits Drivers'!$A$6:$F$13,3,FALSE)*K$19,0))+(_xlfn.IFNA(VLOOKUP($A20,'Benefits Drivers'!$A$6:$F$13,3,FALSE)*K$20,0))+(_xlfn.IFNA(VLOOKUP($A22,'Benefits Drivers'!$A$6:$F$13,3,FALSE)*K$22,0))+(_xlfn.IFNA(VLOOKUP($A23,'Benefits Drivers'!$A$6:$F$13,3,FALSE)*K$23,0))+(_xlfn.IFNA(VLOOKUP($A21,'Benefits Drivers'!$A$6:$F$13,3,FALSE)*K$21,0)) -> 0 | L24: =(_xlfn.IFNA(VLOOKUP($A16,'Benefits Drivers'!$A$6:$F$13,4,FALSE)*L$16,0))+(_xlfn.IFNA(VLOOKUP($A17,'Benefits Drivers'!$A$6:$F$13,4,FALSE)*L$17,0))+(_xlfn.IFNA(VLOOKUP($A18,'Benefits Drivers'!$A$6:$F$13,4,FALSE)*L$18,0))+(_xlfn.IFNA(VLOOKUP($A19,'Benefits Drivers'!$A$6:$F$13,4,FALSE)*L$19,0))+(_xlfn.IFNA(VLOOKUP($A20,'Benefits Drivers'!$A$6:$F$13,4,FALSE)*L$20,0))+(_xlfn.IFNA(VLOOKUP($A22,'Benefits Drivers'!$A$6:$F$13,4,FALSE)*L$22,0))+(_xlfn.IFNA(VLOOKUP($A23,'Benefits Drivers'!$A$6:$F$13,4,FALSE)*L$23,0))+(_xlfn.IFNA(VLOOKUP($A21,'Benefits Drivers'!$A$6:$F$13,4,FALSE)*L$21,0)) -> 0 | O24: =(_xlfn.IFNA(VLOOKUP($A16,'Benefits Drivers'!$A$6:$F$13,5,FALSE)*O$16,0))+(_xlfn.IFNA(VLOOKUP($A17,'Benefits Drivers'!$A$6:$F$13,5,FALSE)*O$17,0))+(_xlfn.IFNA(VLOOKUP($A18,'Benefits Drivers'!$A$6:$F$13,5,FALSE)*O$18,0))+(_xlfn.IFNA(VLOOKUP($A19,'Benefits Drivers'!$A$6:$F$13,5,FALSE)*O$19,0))+(_xlfn.IFNA(VLOOKUP($A20,'Benefits Drivers'!$A$6:$F$13,5,FALSE)*O$20,0))+(_xlfn.IFNA(VLOOKUP($A22,'Benefits Drivers'!$A$6:$F$13,5,FALSE)*O$22,0))+(_xlfn.IFNA(VLOOKUP($A23,'Benefits Drivers'!$A$6:$F$13,5,FALSE)*O$23,0))+(_xlfn.IFNA(VLOOKUP($A21,'Benefits Drivers'!$A$6:$F$13,5,FALSE)*O$21,0)) -> 0 | P24: =(_xlfn.IFNA(VLOOKUP($A16,'Benefits Drivers'!$A$6:$F$13,6,FALSE)*P$16,0))+(_xlfn.IFNA(VLOOKUP($A17,'Benefits Drivers'!$A$6:$F$13,6,FALSE)*P$17,0))+(_xlfn.IFNA(VLOOKUP($A18,'Benefits Drivers'!$A$6:$F$13,6,FALSE)*P$18,0))+(_xlfn.IFNA(VLOOKUP($A19,'Benefits Drivers'!$A$6:$F$13,6,FALSE)*P$19,0))+(_xlfn.IFNA(VLOOKUP($A20,'Benefits Drivers'!$A$6:$F$13,6,FALSE)*P$20,0))+(_xlfn.IFNA(VLOOKUP($A22,'Benefits Drivers'!$A$6:$F$13,6,FALSE)*P$22,0))+(_xlfn.IFNA(VLOOKUP($A23,'Benefits Drivers'!$A$6:$F$13,6,FALSE)*P$23,0))+(_xlfn.IFNA(VLOOKUP($A21,'Benefits Drivers'!$A$6:$F$13,6,FALSE)*P$21,0)) -> 0
A25: Subtotal Salaries, Wages and Benefits | B25: =SUM(B16:B24) -> 0 | C25: =SUM(C16:C24) -> 0 | E25: =SUM(E16:E24) -> 0 | F25: =SUM(F16:F24) -> 0 | G25: =SUM(G16:G24) -> 0 | H25: =SUM(H16:H24) -> 0 | I25: =SUM(I16:I24) -> 0 | K25: =SUM(K16:K24) -> 0 | L25: =SUM(L16:L24) -> 0 | M25: =SUM(M16:M24) -> 0 | O25: =SUM(O16:O24) -> 0 | P25: =SUM(P16:P24) -> 0
A26: Operations (All ObjCodes except 01, 07, 21 and 25) | G26: =+E26-F26 -> 0
A27: Cost transfer invoices (CTIs) (21) | G27: =+E27-F27 -> 0
A28: Indirect Cost (25) | B28: 0 | C28: 0 | E28: 0 | F28: 0 | G28: =+E28-F28 -> 0
A29: TOTAL EXPENDITURES | B29: =SUM(B25:B28) -> 0 | C29: =SUM(C25:C28) -> 0 | E29: =SUM(E25:E28) -> 0 | F29: =SUM(F25:F28) -> 0 | G29: =SUM(G25:G28) -> 0 | H29: =SUM(H25:H28) -> 0 | K29: =SUM(K25:K28) -> 0 | L29: =SUM(L25:L28) -> 0 | O29: =SUM(O25:O28) -> 0 | P29: =SUM(P25:P28) -> 0
A30: Net Contribution to (Use of) Fund Balance | B30: =+B12-B29 -> 0 | C30: =+C12-C29 -> 0 | E30: =+E12-E29 -> 0 | F30: =+F12-F29 -> 0 | G30: =+G12-G29 -> 0 | H30: =+H12-H29 -> 0 | K30: =+K12-K29 -> 0 | L30: =+L12-L29 -> 0 | O30: =+O12-O29 -> 0 | P30: =+P12-P29 -> 0
A32: Opening Balance 4 | C32: =+B35 -> 0 | E32: =+C35 -> 0 | F32: =+E32 -> 0 | G32: =+E32-F32 -> 0 | H32: =+E35 -> 0 | K32: =+H35 -> 0 | L32: =+K35 -> 0 | O32: =+L35 -> 0 | P32: =+O35 -> 0
A33: Net Contribution to (Use of) Fund Balance | B33: =+B30 -> 0 | C33: =+C30 -> 0 | E33: =+E30 -> 0 | F33: =+F30 -> 0 | G33: =+E33-F33 -> 0 | H33: =+H30 -> 0 | K33: =+K30 -> 0 | L33: =+L30 -> 0 | O33: =+O30 -> 0 | P33: =+P30 -> 0
A34: Other Adjustments (Approved by OPB Only) 5 | B34: 0 | C34: =IF(LEFT($A$2,3)="268",-62050,0) -> 0 | E34: 0 | F34: =+E34 -> 0 | G34: =+E34-F34 -> 0 | H34: 0 | K34: 0 | L34: 0 | O34: 0 | P34: 0
A35: Closing Balance | B35: =SUM(B32:B34) -> 0 | C35: =SUM(C32:C34) -> 0 | E35: =SUM(E32:E34) -> 0 | F35: =SUM(F32:F34) -> 0 | G35: =SUM(G32:G34) -> 0 | H35: =SUM(H32:H34) -> 0 | K35: =SUM(K32:K34) -> 0 | L35: =SUM(L32:L34) -> 0 | O35: =SUM(O32:O34) -> 0 | P35: =SUM(P32:P34) -> 0

Sheet Special State Appropriations
A4: Instructions: 1) Provide full budget authority and expenditure plans for fiscal years 2021-2025 in the green colored cells. 2) FYs 18-20 actual amounts for your unit are provided for your planning purposes. Refer to the Fiscal Vitality Process Guide https://www.washington.edu/opb/uw-budget/annual-budgets/fy22-annual-review-materials/ for the data parameters and definitions that were used to generate these figures. For detailed amounts down to the budget number level or other data exploration, please see the Fiscal Vitality Budget Tableau report titled Export to Crosstab at https://bitools.uw.edu/#/site/Transitional/views/FiscalVitalityBudget/DocumentationandResources 3) The Central Budget Policies and Assumptions document is available at https://www.washington.edu/opb/uw-budget/annual-budgets/fy22-annual-review-materials/. If you use alternative assumptions, you should briefly explain them in the Annual Review Submission Portal.
A5: 4) Forgone Special Approp Funds row represents unspent or overspent funds from fiscal year provisos. Fiscal year provisos cannot carryover any unspent funds across fiscal years. For FY’s 2021-2025, the assumption is that units will fully spend (not overspend) any fiscal year proviso funds. Therefore, the Forgone Funds line is not applicable. 5) Closing Balance row includes biennial provisos' unspent or overspent funds at the end of the 1st fiscal year which can carryover into the 2nd fiscal year of a biennium. This can also happen when the funds are distributed over several units. Some units can underspend and some can overspend as long as the total proviso nets to zero. Otherwise, provisos cannot be overspent. Any carryover of over/underspent funds is included in the 1st fiscal year's closing balance and 2nd fiscal year's opening balance. For FY’s 2021-2025, the assumption is that units will fully spend (not overspend) any biennial proviso funds.
B6: Biennium 17 (Actuals) | E6: Biennium 19 (Actuals/Plan) | K6: Biennium 21 (Plan) | O6: Biennium 23 (Plan)
B7: FY18 Actuals | C7: FY19 Actuals | E7: FY20 Actuals | F7: FY20 Submitted Plan | G7: FY20. Variance (Actuals Over [Under] Plan) | H7: FY21 Plan | I7: Bien Total | K7: FY22 Plan | L7: FY23 Plan | M7: Bien Total | O7: FY24 Plan | P7: FY25 Plan | Q7: Bien Total
A8: BUDGET AUTHORITY/REVENUES
A9: Special State Appropriations - ROF
A10: Permanent Budget | G10: =+E10-F10 -> 0
A11: Temporary Budget | G11: =+E11-F11 -> 0
A12: TOTAL BUDGET AUTHORITY | B12: =SUM(B10:B11) -> 0 | C12: =SUM(C10:C11) -> 0 | E12: =SUM(E10:E11) -> 0 | F12: =SUM(F10:F11) -> 0 | G12: =SUM(G10:G11) -> 0 | H12: =SUM(H10:H11) -> 0 | K12: =SUM(K10:K11) -> 0 | L12: =SUM(L10:L11) -> 0 | M12: =SUM(M10:M11) -> 0 | O12: =SUM(O10:O11) -> 0 | P12: =SUM(P10:P11) -> 0
A14: EXPENDITURES
A15: Salaries, Wages and Benefits
A16: Faculty (01-10) | G16: =+E16-F16 -> 0
A17: Auxiliary teaching (01-20) | G17: =+E17-F17 -> 0
A18: Graduate Students (01-30, 01-40) | G18: =+E18-F18 -> 0
A19: Post-doc research trainee (01-50) | G19: =+E19-F19 -> 0
A20: Classified staff (01-60) | G20: =+E20-F20 -> 0
A21: Professional staff (01-70) | G21: =+E21-F21 -> 0
A22: Temporary staff (01-80) | G22: =+E22-F22 -> 0
A23: Pre-doc trainees (01-90) | G23: =+E23-F23 -> 0
A24: Employee Benefits (07) | G24: =+E24-F24 -> 0 | H24: =(_xlfn.IFNA(VLOOKUP($A16,'Benefits Drivers'!$A$6:$F$13,2,FALSE)*H$16,0))+(_xlfn.IFNA(VLOOKUP($A17,'Benefits Drivers'!$A$6:$F$13,2,FALSE)*H$17,0))+(_xlfn.IFNA(VLOOKUP($A18,'Benefits Drivers'!$A$6:$F$13,2,FALSE)*H$18,0))+(_xlfn.IFNA(VLOOKUP($A19,'Benefits Drivers'!$A$6:$F$13,2,FALSE)*H$19,0))+(_xlfn.IFNA(VLOOKUP($A20,'Benefits Drivers'!$A$6:$F$13,2,FALSE)*H$20,0))+(_xlfn.IFNA(VLOOKUP($A22,'Benefits Drivers'!$A$6:$F$13,2,FALSE)*H$22,0))+(_xlfn.IFNA(VLOOKUP($A23,'Benefits Drivers'!$A$6:$F$13,2,FALSE)*H$23,0))+(_xlfn.IFNA(VLOOKUP($A21,'Benefits Drivers'!$A$6:$F$13,2,FALSE)*H$21,0)) -> 0 | K24: =(_xlfn.IFNA(VLOOKUP($A16,'Benefits Drivers'!$A$6:$F$13,3,FALSE)*K$16,0))+(_xlfn.IFNA(VLOOKUP($A17,'Benefits Drivers'!$A$6:$F$13,3,FALSE)*K$17,0))+(_xlfn.IFNA(VLOOKUP($A18,'Benefits Drivers'!$A$6:$F$13,3,FALSE)*K$18,0))+(_xlfn.IFNA(VLOOKUP($A19,'Benefits Drivers'!$A$6:$F$13,3,FALSE)*K$19,0))+(_xlfn.IFNA(VLOOKUP($A20,'Benefits Drivers'!$A$6:$F$13,3,FALSE)*K$20,0))+(_xlfn.IFNA(VLOOKUP($A22,'Benefits Drivers'!$A$6:$F$13,3,FALSE)*K$22,0))+(_xlfn.IFNA(VLOOKUP($A23,'Benefits Drivers'!$A$6:$F$13,3,FALSE)*K$23,0))+(_xlfn.IFNA(VLOOKUP($A21,'Benefits Drivers'!$A$6:$F$13,3,FALSE)*K$21,0)) -> 0 | L24: =(_xlfn.IFNA(VLOOKUP($A16,'Benefits Drivers'!$A$6:$F$13,4,FALSE)*L$16,0))+(_xlfn.IFNA(VLOOKUP($A17,'Benefits Drivers'!$A$6:$F$13,4,FALSE)*L$17,0))+(_xlfn.IFNA(VLOOKUP($A18,'Benefits Drivers'!$A$6:$F$13,4,FALSE)*L$18,0))+(_xlfn.IFNA(VLOOKUP($A19,'Benefits Drivers'!$A$6:$F$13,4,FALSE)*L$19,0))+(_xlfn.IFNA(VLOOKUP($A20,'Benefits Drivers'!$A$6:$F$13,4,FALSE)*L$20,0))+(_xlfn.IFNA(VLOOKUP($A22,'Benefits Drivers'!$A$6:$F$13,4,FALSE)*L$22,0))+(_xlfn.IFNA(VLOOKUP($A23,'Benefits Drivers'!$A$6:$F$13,4,FALSE)*L$23,0))+(_xlfn.IFNA(VLOOKUP($A21,'Benefits Drivers'!$A$6:$F$13,4,FALSE)*L$21,0)) -> 0 | O24: =(_xlfn.IFNA(VLOOKUP($A16,'Benefits Drivers'!$A$6:$F$13,5,FALSE)*O$16,0))+(_xlfn.IFNA(VLOOKUP($A17,'Benefits Drivers'!$A$6:$F$13,5,FALSE)*O$17,0))+(_xlfn.IFNA(VLOOKUP($A18,'Benefits Drivers'!$A$6:$F$13,5,FALSE)*O$18,0))+(_xlfn.IFNA(VLOOKUP($A19,'Benefits Drivers'!$A$6:$F$13,5,FALSE)*O$19,0))+(_xlfn.IFNA(VLOOKUP($A20,'Benefits Drivers'!$A$6:$F$13,5,FALSE)*O$20,0))+(_xlfn.IFNA(VLOOKUP($A22,'Benefits Drivers'!$A$6:$F$13,5,FALSE)*O$22,0))+(_xlfn.IFNA(VLOOKUP($A23,'Benefits Drivers'!$A$6:$F$13,5,FALSE)*O$23,0))+(_xlfn.IFNA(VLOOKUP($A21,'Benefits Drivers'!$A$6:$F$13,5,FALSE)*O$21,0)) -> 0 | P24: =(_xlfn.IFNA(VLOOKUP($A16,'Benefits Drivers'!$A$6:$F$13,6,FALSE)*P$16,0))+(_xlfn.IFNA(VLOOKUP($A17,'Benefits Drivers'!$A$6:$F$13,6,FALSE)*P$17,0))+(_xlfn.IFNA(VLOOKUP($A18,'Benefits Drivers'!$A$6:$F$13,6,FALSE)*P$18,0))+(_xlfn.IFNA(VLOOKUP($A19,'Benefits Drivers'!$A$6:$F$13,6,FALSE)*P$19,0))+(_xlfn.IFNA(VLOOKUP($A20,'Benefits Drivers'!$A$6:$F$13,6,FALSE)*P$20,0))+(_xlfn.IFNA(VLOOKUP($A22,'Benefits Drivers'!$A$6:$F$13,6,FALSE)*P$22,0))+(_xlfn.IFNA(VLOOKUP($A23,'Benefits Drivers'!$A$6:$F$13,6,FALSE)*P$23,0))+(_xlfn.IFNA(VLOOKUP($A21,'Benefits Drivers'!$A$6:$F$13,6,FALSE)*P$21,0)) -> 0
A25: Subtotal Salaries, Wages and Benefits | B25: =SUM(B16:B24) -> 0 | C25: =SUM(C16:C24) -> 0 | E25: =SUM(E16:E24) -> 0 | F25: =SUM(F16:F24) -> 0 | G25: =SUM(G16:G24) -> 0 | H25: =SUM(H16:H24) -> 0 | I25: =SUM(I16:I24) -> 0 | K25: =SUM(K16:K24) -> 0 | L25: =SUM(L16:L24) -> 0 | M25: =SUM(M16:M24) -> 0 | O25: =SUM(O16:O24) -> 0 | P25: =SUM(P16:P24) -> 0
A26: Operations (All ObjCodes except 01, 07, 21 and 25) | G26: =+E26-F26 -> 0
A27: Cost transfer invoices (CTIs) (21) | G27: =+E27-F27 -> 0
A28: Indirect Cost (25) | G28: =+E28-F28 -> 0
A29: TOTAL EXPENDITURES | B29: =SUM(B25:B28) -> 0 | C29: =SUM(C25:C28) -> 0 | E29: =SUM(E25:E28) -> 0 | F29: =SUM(F25:F28) -> 0 | G29: =SUM(G25:G28) -> 0 | H29: =SUM(H25:H28) -> 0 | K29: =SUM(K25:K28) -> 0 | L29: =SUM(L25:L28) -> 0 | O29: =SUM(O25:O28) -> 0 | P29: =SUM(P25:P28) -> 0
A30: Net Contribution to (Use of) Fund Balance | B30: =+B12-B29 -> 0 | C30: =+C12-C29 -> 0 | E30: =+E12-E29 -> 0 | F30: =+F12-F29 -> 0 | G30: =+G12-G29 -> 0 | H30: =+H12-H29 -> 0 | K30: =+K12-K29 -> 0 | L30: =+L12-L29 -> 0 | O30: =+O12-O29 -> 0 | P30: =+P12-P29 -> 0
A32: Opening Balance | B32: 0 | C32: =+B35 -> 0 | E32: 0 | F32: =+E32 -> 0 | G32: =+E32-F32 -> 0 | H32: =+E35 -> 0 | K32: 0 | L32: =+K35 -> 0 | O32: 0 | P32: =+O35 -> 0
A33: Net Contribution to (Use of) Fund Balance | B33: =+B30 -> 0 | C33: =+C30 -> 0 | E33: =+E30 -> 0 | F33: =+F30 -> 0 | G33: =+E33-F33 -> 0 | H33: =+H30 -> 0 | K33: =+K30 -> 0 | L33: =+L30 -> 0 | O33: =+O30 -> 0 | P33: =+P30 -> 0
A34: Forgone Special Approp Funds 4 | G34: =+E34-F34 -> 0 | H34: 0 | K34: 0 | L34: 0 | O34: 0 | P34: 0
A35: Closing Balance 5 | B35: =SUM(B32:B34) -> 0 | C35: =SUM(C32:C34) -> 0 | E35: =SUM(E32:E34) -> 0 | F35: =SUM(F32:F34) -> 0 | G35: =SUM(G32:G34) -> 0 | H35: =SUM(H32:H34) -> 0 | K35: =SUM(K32:K34) -> 0 | L35: =SUM(L32:L34) -> 0 | O35: =SUM(O32:O34) -> 0 | P35: =SUM(P32:P34) -> 0

Sheet Sponsored Projects
A4: Instructions: 1) Provide full revenue (not award) and expenditure plans for fiscal years 2021-2025 in the green colored cells 2) FYs 18-20 actual expenditure amounts for your unit are provided for your planning purposes. Refer to the Fiscal Vitality Process Guide at https://www.washington.edu/opb/uw-budget/annual-budgets/fy22-annual-review-materials/ for the data parameters and definitions that were used to generate these figures. For detailed amounts down to the budget number level or other data exploration, please see the Fiscal Vitality Budget Tableau report titled Export to Crosstab at https://bitools.uw.edu/#/site/Transitional/views/FiscalVitalityBudget/DocumentationandResources 3) The Central Budget Policies and Assumptions document is available at https://www.washington.edu/opb/uw-budget/annual-budgets/fy22-annual-review-materials/. If you use alternative assumptions, you should briefly explain them in the Annual Review Submission Portal.
A5: 4) The expenditure amounts provided can be reconciled to FAS. 5) For purposes of this exercise, revenues have been set to equal expenditures, therefore there is no opening or closing balance. OPB would expect units to apply that same assumption for future fiscal years as the primary purpose of this section of the fiscal vitality reports is to capture and focus on activity rather than sort through the nuances of revenue recognition principles as applied to the variety of grant and contract types across campus.
B6: Biennium 17 (Actuals) | E6: Biennium 19 (Actuals/Plan) | K6: Biennium 21 (Plan) | O6: Biennium 23 (Plan)
B7: FY18 Actuals | C7: FY19 Actuals | E7: FY20 Actuals | F7: FY20 Submitted Plan | G7: FY20. Variance (Actuals Over [Under] Plan) | H7: FY21 Plan | I7: Bien Total | K7: FY22 Plan | L7: FY23 Plan | M7: Bien Total | O7: FY24 Plan | P7: FY25 Plan | Q7: Bien Total
A8: BUDGET AUTHORITY/REVENUES
A9: Grants & Contracts Sponsored Projects
A10: Revenue | G10: =+E10-F10 -> 0
A11: TOTAL REVENUES | B11: =SUM(B10:B10) -> 0 | C11: =SUM(C10:C10) -> 0 | E11: =SUM(E10:E10) -> 0 | F11: =SUM(F10:F10) -> 0 | G11: =SUM(G10:G10) -> 0 | H11: =SUM(H10:H10) -> 0 | K11: =SUM(K10:K10) -> 0 | L11: =SUM(L10:L10) -> 0 | M11: =SUM(M10:M10) -> 0 | O11: =SUM(O10:O10) -> 0 | P11: =SUM(P10:P10) -> 0
A13: EXPENDITURES
A14: Salaries, Wages and Benefits
A15: Faculty (01-10) | G15: =+E15-F15 -> 0
A16: Auxiliary teaching (01-20) | G16: =+E16-F16 -> 0
A17: Graduate Students (01-30, 01-40) | G17: =+E17-F17 -> 0
A18: Post-doc research trainee (01-50) | G18: =+E18-F18 -> 0
A19: Classified staff (01-60) | G19: =+E19-F19 -> 0
A20: Professional staff (01-70) | G20: =+E20-F20 -> 0
A21: Temporary staff (01-80) | G21: =+E21-F21 -> 0
A22: Pre-doc trainees (01-90) | G22: =+E22-F22 -> 0
A23: Employee Benefits (07) | G23: =+E23-F23 -> 0 | H23: =(_xlfn.IFNA(VLOOKUP($A15,'Benefits Drivers'!$A$6:$F$13,2,FALSE)*H$15,0))+(_xlfn.IFNA(VLOOKUP($A16,'Benefits Drivers'!$A$6:$F$13,2,FALSE)*H$16,0))+(_xlfn.IFNA(VLOOKUP($A17,'Benefits Drivers'!$A$6:$F$13,2,FALSE)*H$17,0))+(_xlfn.IFNA(VLOOKUP($A18,'Benefits Drivers'!$A$6:$F$13,2,FALSE)*H$18,0))+(_xlfn.IFNA(VLOOKUP($A19,'Benefits Drivers'!$A$6:$F$13,2,FALSE)*H$19,0))+(_xlfn.IFNA(VLOOKUP($A21,'Benefits Drivers'!$A$6:$F$13,2,FALSE)*H$21,0))+(_xlfn.IFNA(VLOOKUP($A22,'Benefits Drivers'!$A$6:$F$13,2,FALSE)*H$22,0))+(_xlfn.IFNA(VLOOKUP($A20,'Benefits Drivers'!$A$6:$F$13,2,FALSE)*H$20,0)) -> 0 | K23: =(_xlfn.IFNA(VLOOKUP($A15,'Benefits Drivers'!$A$6:$F$13,3,FALSE)*K$15,0))+(_xlfn.IFNA(VLOOKUP($A16,'Benefits Drivers'!$A$6:$F$13,3,FALSE)*K$16,0))+(_xlfn.IFNA(VLOOKUP($A17,'Benefits Drivers'!$A$6:$F$13,3,FALSE)*K$17,0))+(_xlfn.IFNA(VLOOKUP($A18,'Benefits Drivers'!$A$6:$F$13,3,FALSE)*K$18,0))+(_xlfn.IFNA(VLOOKUP($A19,'Benefits Drivers'!$A$6:$F$13,3,FALSE)*K$19,0))+(_xlfn.IFNA(VLOOKUP($A21,'Benefits Drivers'!$A$6:$F$13,3,FALSE)*K$21,0))+(_xlfn.IFNA(VLOOKUP($A22,'Benefits Drivers'!$A$6:$F$13,3,FALSE)*K$22,0))+(_xlfn.IFNA(VLOOKUP($A20,'Benefits Drivers'!$A$6:$F$13,3,FALSE)*K$20,0)) -> 0 | L23: =(_xlfn.IFNA(VLOOKUP($A15,'Benefits Drivers'!$A$6:$F$13,4,FALSE)*L$15,0))+(_xlfn.IFNA(VLOOKUP($A16,'Benefits Drivers'!$A$6:$F$13,4,FALSE)*L$16,0))+(_xlfn.IFNA(VLOOKUP($A17,'Benefits Drivers'!$A$6:$F$13,4,FALSE)*L$17,0))+(_xlfn.IFNA(VLOOKUP($A18,'Benefits Drivers'!$A$6:$F$13,4,FALSE)*L$18,0))+(_xlfn.IFNA(VLOOKUP($A19,'Benefits Drivers'!$A$6:$F$13,4,FALSE)*L$19,0))+(_xlfn.IFNA(VLOOKUP($A21,'Benefits Drivers'!$A$6:$F$13,4,FALSE)*L$21,0))+(_xlfn.IFNA(VLOOKUP($A22,'Benefits Drivers'!$A$6:$F$13,4,FALSE)*L$22,0))+(_xlfn.IFNA(VLOOKUP($A20,'Benefits Drivers'!$A$6:$F$13,4,FALSE)*L$20,0)) -> 0 | O23: =(_xlfn.IFNA(VLOOKUP($A15,'Benefits Drivers'!$A$6:$F$13,5,FALSE)*O$15,0))+(_xlfn.IFNA(VLOOKUP($A16,'Benefits Drivers'!$A$6:$F$13,5,FALSE)*O$16,0))+(_xlfn.IFNA(VLOOKUP($A17,'Benefits Drivers'!$A$6:$F$13,5,FALSE)*O$17,0))+(_xlfn.IFNA(VLOOKUP($A18,'Benefits Drivers'!$A$6:$F$13,5,FALSE)*O$18,0))+(_xlfn.IFNA(VLOOKUP($A19,'Benefits Drivers'!$A$6:$F$13,5,FALSE)*O$19,0))+(_xlfn.IFNA(VLOOKUP($A21,'Benefits Drivers'!$A$6:$F$13,5,FALSE)*O$21,0))+(_xlfn.IFNA(VLOOKUP($A22,'Benefits Drivers'!$A$6:$F$13,5,FALSE)*O$22,0))+(_xlfn.IFNA(VLOOKUP($A20,'Benefits Drivers'!$A$6:$F$13,5,FALSE)*O$20,0)) -> 0 | P23: =(_xlfn.IFNA(VLOOKUP($A15,'Benefits Drivers'!$A$6:$F$13,6,FALSE)*P$15,0))+(_xlfn.IFNA(VLOOKUP($A16,'Benefits Drivers'!$A$6:$F$13,6,FALSE)*P$16,0))+(_xlfn.IFNA(VLOOKUP($A17,'Benefits Drivers'!$A$6:$F$13,6,FALSE)*P$17,0))+(_xlfn.IFNA(VLOOKUP($A18,'Benefits Drivers'!$A$6:$F$13,6,FALSE)*P$18,0))+(_xlfn.IFNA(VLOOKUP($A19,'Benefits Drivers'!$A$6:$F$13,6,FALSE)*P$19,0))+(_xlfn.IFNA(VLOOKUP($A21,'Benefits Drivers'!$A$6:$F$13,6,FALSE)*P$21,0))+(_xlfn.IFNA(VLOOKUP($A22,'Benefits Drivers'!$A$6:$F$13,6,FALSE)*P$22,0))+(_xlfn.IFNA(VLOOKUP($A20,'Benefits Drivers'!$A$6:$F$13,6,FALSE)*P$20,0)) -> 0
A24: Subtotal Salaries, Wages and Benefits | B24: =SUM(B15:B23) -> 0 | C24: =SUM(C15:C23) -> 0 | E24: =SUM(E15:E23) -> 0 | F24: =SUM(F15:F23) -> 0 | G24: =SUM(G15:G23) -> 0 | H24: =SUM(H15:H23) -> 0 | I24: =SUM(I15:I23) -> 0 | K24: =SUM(K15:K23) -> 0 | L24: =SUM(L15:L23) -> 0 | M24: =SUM(M15:M23) -> 0 | O24: =SUM(O15:O23) -> 0 | P24: =SUM(P15:P23) -> 0
A25: Operations (All ObjCodes except 01, 07, 21 and 25) | G25: =+E25-F25 -> 0
A26: Cost transfer invoices (CTIs) (21) | G26: =+E26-F26 -> 0
A27: Indirect Cost (25) | G27: =+E27-F27 -> 0
A28: TOTAL EXPENDITURES | B28: =SUM(B24:B27) -> 0 | C28: =SUM(C24:C27) -> 0 | E28: =SUM(E24:E27) -> 0 | F28: =SUM(F24:F27) -> 0 | G28: =SUM(G24:G27) -> 0 | H28: =SUM(H24:H27) -> 0 | K28: =SUM(K24:K27) -> 0 | L28: =SUM(L24:L27) -> 0 | O28: =SUM(O24:O27) -> 0 | P28: =SUM(P24:P27) -> 0
A29: Net Contribution to (Use of) Fund Balance | B29: =+B11-B28 -> 0 | C29: =+C11-C28 -> 0 | E29: =+E11-E28 -> 0 | F29: =+F11-F28 -> 0 | G29: =+G11-G28 -> 0 | H29: =+H11-H28 -> 0 | K29: =+K11-K28 -> 0 | L29: =+L11-L28 -> 0 | O29: =+O11-O28 -> 0 | P29: =+P11-P28 -> 0
A31: Opening Balance | B31: 0 | C31: =+B33 -> 0 | E31: =+C33 -> 0 | F31: =+E31 -> 0 | G31: =+E31-F31 -> 0 | H31: =+E33 -> 0 | K31: =+H33 -> 0 | L31: =+K33 -> 0 | O31: =+L33 -> 0 | P31: =+O33 -> 0
A32: Net Contribution to (Use of) Fund Balance | B32: =+B29 -> 0 | C32: =+C29 -> 0 | E32: =+E29 -> 0 | F32: =+F29 -> 0 | G32: =+E32-F32 -> 0 | H32: =+H29 -> 0 | K32: =+K29 -> 0 | L32: =+L29 -> 0 | O32: =+O29 -> 0 | P32: =+P29 -> 0
A33: Closing Balance | B33: =+B31+B32 -> 0 | C33: =+C31+C32 -> 0 | E33: =+E31+E32 -> 0 | F33: =+F31+F32 -> 0 | G33: =+G31+G32 -> 0 | H33: =+H31+H32 -> 0 | K33: =+K31+K32 -> 0 | L33: =+L31+L32 -> 0 | O33: =+O31+O32 -> 0 | P33: =+P31+P32 -> 0

Sheet Student Aid
A4: Instructions: 1) Provide full revenue (not award) and expenditure plans for fiscal years 2021-2025 in the green colored cells. 2) FYs 18-20 actual expenditure amounts for your unit are provided for your planning purposes. Refer to the Fiscal Vitality Process Guide at https://www.washington.edu/opb/uw-budget/annual-budgets/fy22-annual-review-materials/ for the data parameters and definitions that were used to generate these figures. For detailed amounts down to the budget number level or other data exploration, please see the Fiscal Vitality Budget Tableau report titled Export to Crosstab at https://bitools.uw.edu/#/site/Transitional/views/FiscalVitalityBudget/DocumentationandResources 3) The Central Budget Policies and Assumptions document is available at https://www.washington.edu/opb/uw-budget/annual-budgets/fy22-annual-review-materials/. If you use alternative assumptions, you should briefly explain them in the Annual Review Submission Portal.
A5: 4) The expenditure amounts provided can be reconciled to FAS. 5) For purposes of this exercise, revenues have been set to equal expenditures, therefore there is no opening or closing balance. OPB would expect units to apply that same assumption for future fiscal years as the primary purpose of this section of the fiscal vitality reports is to capture and focus on activity rather than sort through the nuances of revenue recognition principles as applied to the variety of grant and contract types across campus.
B6: Biennium 17 (Actuals) | E6: Biennium 19 (Actuals/Plan) | K6: Biennium 21 (Plan) | O6: Biennium 23 (Plan)
B7: FY18 Actuals | C7: FY19 Actuals | E7: FY20 Actuals | F7: FY20 Submitted Plan | G7: FY20. Variance (Actuals Over [Under] Plan) | H7: FY21 Plan | I7: Bien Total | K7: FY22 Plan | L7: FY23 Plan | M7: Bien Total | O7: FY24 Plan | P7: FY25 Plan | Q7: Bien Total
A8: BUDGET AUTHORITY/REVENUES
A9: Grants & Contracts Student Aid
A10: Revenue | G10: =+E10-F10 -> 0
A11: TOTAL REVENUES | B11: =SUM(B10:B10) -> 0 | C11: =SUM(C10:C10) -> 0 | E11: =SUM(E10:E10) -> 0 | F11: =SUM(F10:F10) -> 0 | G11: =SUM(G10:G10) -> 0 | H11: =SUM(H10:H10) -> 0 | K11: =SUM(K10:K10) -> 0 | L11: =SUM(L10:L10) -> 0 | M11: =SUM(M10:M10) -> 0 | O11: =SUM(O10:O10) -> 0 | P11: =SUM(P10:P10) -> 0
A13: EXPENDITURES
A14: Salaries, Wages and Benefits
A15: Faculty (01-10) | G15: =+E15-F15 -> 0
A16: Auxiliary teaching (01-20) | G16: =+E16-F16 -> 0
A17: Graduate Students (01-30, 01-40) | G17: =+E17-F17 -> 0
A18: Post-doc research trainee (01-50) | G18: =+E18-F18 -> 0
A19: Classified staff (01-60) | G19: =+E19-F19 -> 0
A20: Professional staff (01-70) | G20: =+E20-F20 -> 0
A21: Temporary staff (01-80) | G21: =+E21-F21 -> 0
A22: Pre-doc trainees (01-90) | G22: =+E22-F22 -> 0
A23: Employee Benefits (07) | G23: =+E23-F23 -> 0 | H23: =(_xlfn.IFNA(VLOOKUP($A15,'Benefits Drivers'!$A$6:$F$13,2,FALSE)*H$15,0))+(_xlfn.IFNA(VLOOKUP($A16,'Benefits Drivers'!$A$6:$F$13,2,FALSE)*H$16,0))+(_xlfn.IFNA(VLOOKUP($A17,'Benefits Drivers'!$A$6:$F$13,2,FALSE)*H$17,0))+(_xlfn.IFNA(VLOOKUP($A18,'Benefits Drivers'!$A$6:$F$13,2,FALSE)*H$18,0))+(_xlfn.IFNA(VLOOKUP($A19,'Benefits Drivers'!$A$6:$F$13,2,FALSE)*H$19,0))+(_xlfn.IFNA(VLOOKUP($A21,'Benefits Drivers'!$A$6:$F$13,2,FALSE)*H$21,0))+(_xlfn.IFNA(VLOOKUP($A22,'Benefits Drivers'!$A$6:$F$13,2,FALSE)*H$22,0))+(_xlfn.IFNA(VLOOKUP($A20,'Benefits Drivers'!$A$6:$F$13,2,FALSE)*H$20,0)) -> 0 | K23: =(_xlfn.IFNA(VLOOKUP($A15,'Benefits Drivers'!$A$6:$F$13,3,FALSE)*K$15,0))+(_xlfn.IFNA(VLOOKUP($A16,'Benefits Drivers'!$A$6:$F$13,3,FALSE)*K$16,0))+(_xlfn.IFNA(VLOOKUP($A17,'Benefits Drivers'!$A$6:$F$13,3,FALSE)*K$17,0))+(_xlfn.IFNA(VLOOKUP($A18,'Benefits Drivers'!$A$6:$F$13,3,FALSE)*K$18,0))+(_xlfn.IFNA(VLOOKUP($A19,'Benefits Drivers'!$A$6:$F$13,3,FALSE)*K$19,0))+(_xlfn.IFNA(VLOOKUP($A21,'Benefits Drivers'!$A$6:$F$13,3,FALSE)*K$21,0))+(_xlfn.IFNA(VLOOKUP($A22,'Benefits Drivers'!$A$6:$F$13,3,FALSE)*K$22,0))+(_xlfn.IFNA(VLOOKUP($A20,'Benefits Drivers'!$A$6:$F$13,3,FALSE)*K$20,0)) -> 0 | L23: =(_xlfn.IFNA(VLOOKUP($A15,'Benefits Drivers'!$A$6:$F$13,4,FALSE)*L$15,0))+(_xlfn.IFNA(VLOOKUP($A16,'Benefits Drivers'!$A$6:$F$13,4,FALSE)*L$16,0))+(_xlfn.IFNA(VLOOKUP($A17,'Benefits Drivers'!$A$6:$F$13,4,FALSE)*L$17,0))+(_xlfn.IFNA(VLOOKUP($A18,'Benefits Drivers'!$A$6:$F$13,4,FALSE)*L$18,0))+(_xlfn.IFNA(VLOOKUP($A19,'Benefits Drivers'!$A$6:$F$13,4,FALSE)*L$19,0))+(_xlfn.IFNA(VLOOKUP($A21,'Benefits Drivers'!$A$6:$F$13,4,FALSE)*L$21,0))+(_xlfn.IFNA(VLOOKUP($A22,'Benefits Drivers'!$A$6:$F$13,4,FALSE)*L$22,0))+(_xlfn.IFNA(VLOOKUP($A20,'Benefits Drivers'!$A$6:$F$13,4,FALSE)*L$20,0)) -> 0 | O23: =(_xlfn.IFNA(VLOOKUP($A15,'Benefits Drivers'!$A$6:$F$13,5,FALSE)*O$15,0))+(_xlfn.IFNA(VLOOKUP($A16,'Benefits Drivers'!$A$6:$F$13,5,FALSE)*O$16,0))+(_xlfn.IFNA(VLOOKUP($A17,'Benefits Drivers'!$A$6:$F$13,5,FALSE)*O$17,0))+(_xlfn.IFNA(VLOOKUP($A18,'Benefits Drivers'!$A$6:$F$13,5,FALSE)*O$18,0))+(_xlfn.IFNA(VLOOKUP($A19,'Benefits Drivers'!$A$6:$F$13,5,FALSE)*O$19,0))+(_xlfn.IFNA(VLOOKUP($A21,'Benefits Drivers'!$A$6:$F$13,5,FALSE)*O$21,0))+(_xlfn.IFNA(VLOOKUP($A22,'Benefits Drivers'!$A$6:$F$13,5,FALSE)*O$22,0))+(_xlfn.IFNA(VLOOKUP($A20,'Benefits Drivers'!$A$6:$F$13,5,FALSE)*O$20,0)) -> 0 | P23: =(_xlfn.IFNA(VLOOKUP($A15,'Benefits Drivers'!$A$6:$F$13,6,FALSE)*P$15,0))+(_xlfn.IFNA(VLOOKUP($A16,'Benefits Drivers'!$A$6:$F$13,6,FALSE)*P$16,0))+(_xlfn.IFNA(VLOOKUP($A17,'Benefits Drivers'!$A$6:$F$13,6,FALSE)*P$17,0))+(_xlfn.IFNA(VLOOKUP($A18,'Benefits Drivers'!$A$6:$F$13,6,FALSE)*P$18,0))+(_xlfn.IFNA(VLOOKUP($A19,'Benefits Drivers'!$A$6:$F$13,6,FALSE)*P$19,0))+(_xlfn.IFNA(VLOOKUP($A21,'Benefits Drivers'!$A$6:$F$13,6,FALSE)*P$21,0))+(_xlfn.IFNA(VLOOKUP($A22,'Benefits Drivers'!$A$6:$F$13,6,FALSE)*P$22,0))+(_xlfn.IFNA(VLOOKUP($A20,'Benefits Drivers'!$A$6:$F$13,6,FALSE)*P$20,0)) -> 0
A24: Subtotal Salaries, Wages and Benefits | B24: =SUM(B15:B23) -> 0 | C24: =SUM(C15:C23) -> 0 | E24: =SUM(E15:E23) -> 0 | F24: =SUM(F15:F23) -> 0 | G24: =SUM(G15:G23) -> 0 | H24: =SUM(H15:H23) -> 0 | I24: =SUM(I15:I23) -> 0 | K24: =SUM(K15:K23) -> 0 | L24: =SUM(L15:L23) -> 0 | M24: =SUM(M15:M23) -> 0 | O24: =SUM(O15:O23) -> 0 | P24: =SUM(P15:P23) -> 0
A25: Operations (All ObjCodes except 01, 07, 21 and 25) | G25: =+E25-F25 -> 0
A26: Cost transfer invoices (CTIs) (21) | G26: =+E26-F26 -> 0
A27: Indirect Cost (25) | G27: =+E27-F27 -> 0
A28: TOTAL EXPENDITURES | B28: =SUM(B24:B27) -> 0 | C28: =SUM(C24:C27) -> 0 | E28: =SUM(E24:E27) -> 0 | F28: =SUM(F24:F27) -> 0 | G28: =SUM(G24:G27) -> 0 | H28: =SUM(H24:H27) -> 0 | K28: =SUM(K24:K27) -> 0 | L28: =SUM(L24:L27) -> 0 | O28: =SUM(O24:O27) -> 0 | P28: =SUM(P24:P27) -> 0
A29: Net Contribution to (Use of) Fund Balance | B29: =+B11-B28 -> 0 | C29: =+C11-C28 -> 0 | E29: =+E11-E28 -> 0 | F29: =+F11-F28 -> 0 | G29: =+G11-G28 -> 0 | H29: =+H11-H28 -> 0 | K29: =+K11-K28 -> 0 | L29: =+L11-L28 -> 0 | O29: =+O11-O28 -> 0 | P29: =+P11-P28 -> 0
A31: Opening Balance | B31: 0 | C31: =+B33 -> 0 | E31: =+C33 -> 0 | F31: =+E31 -> 0 | G31: =+E31-F31 -> 0 | H31: =+E33 -> 0 | K31: =+H33 -> 0 | L31: =+K33 -> 0 | O31: =+L33 -> 0 | P31: =+O33 -> 0
A32: Net Contribution to (Use of) Fund Balance | B32: =+B29 -> 0 | C32: =+C29 -> 0 | E32: =+E29 -> 0 | F32: =+F29 -> 0 | G32: =+E32-F32 -> 0 | H32: =+H29 -> 0 | K32: =+K29 -> 0 | L32: =+L29 -> 0 | O32: =+O29 -> 0 | P32: =+P29 -> 0
A33: Closing Balance | B33: =+B31+B32 -> 0 | C33: =+C31+C32 -> 0 | E33: =+E31+E32 -> 0 | F33: =+F31+F32 -> 0 | G33: =+G31+G32 -> 0 | H33: =+H31+H32 -> 0 | K33: =+K31+K32 -> 0 | L33: =+L31+L32 -> 0 | O33: =+O31+O32 -> 0 | P33: =+P31+P32 -> 0

Sheet Other Grant-Contract Types
A4: Instructions: 1) Provide full revenue and expenditure plans for fiscal years 2021-2025 in the green colored cells. Budgets in this category may not be cost reimbursable like sponsored projects. Therefore, revenues may not equal expenditures. 2) FYs 18-20 actual revenue and expenditure amounts for your unit are provided for your planning purposes. Refer to the Fiscal Vitality Process Guide at https://www.washington.edu/opb/uw-budget/annual-budgets/fy22-annual-review-materials/ for the data parameters and definitions that were used to generate these figures. For detailed amounts down to the budget number level or other data exploration, please see the Fiscal Vitality Budget Tableau report titled Export to Crosstab at https://bitools.uw.edu/#/site/Transitional/views/FiscalVitalityBudget/DocumentationandResources 3) The Central Budget Policies and Assumptions document is available at https://www.washington.edu/opb/uw-budget/annual-budgets/fy22-annual-review-materials/. If you use alternative assumptions, you should briefly explain them in the Annual Review Submission Portal.
A5: 4) Opening Balance row reflects the beginning fund balance and is not included in the "revenue" line. In previous fiscal vitality reports, the opening balance for the 1st fiscal year of a biennium was derived from the prior biennium's closing balance. Starting with FY2020, the opening balance is the amount in account code 9788. This more accurately reflects the opening balance due to budgets being moved between 3-digit orgs. As a result, FY2020's opening balance might not match FY2019's closing balance.
B6: Biennium 17 (Actuals) | E6: Biennium 19 (Actuals/Plan) | K6: Biennium 21 (Plan) | O6: Biennium 23 (Plan)
B7: FY18 Actuals | C7: FY19 Actuals | E7: FY20 Actuals | F7: FY20 Submitted Plan | G7: FY20. Variance (Actuals Over [Under] Plan) | H7: FY21 Plan | I7: Bien Total | K7: FY22 Plan | L7: FY23 Plan | M7: Bien Total | O7: FY24 Plan | P7: FY25 Plan | Q7: Bien Total
A8: BUDGET AUTHORITY/REVENUES
A9: Grants & Contracts Others
A10: Revenue | G10: =+E10-F10 -> 0
A11: TOTAL REVENUES | B11: =SUM(B10:B10) -> 0 | C11: =SUM(C10:C10) -> 0 | E11: =SUM(E10:E10) -> 0 | F11: =SUM(F10:F10) -> 0 | G11: =SUM(G10:G10) -> 0 | H11: =SUM(H10:H10) -> 0 | K11: =SUM(K10:K10) -> 0 | L11: =SUM(L10:L10) -> 0 | M11: =SUM(M10:M10) -> 0 | O11: =SUM(O10:O10) -> 0 | P11: =SUM(P10:P10) -> 0
A13: EXPENDITURES
A14: Salaries, Wages and Benefits
A15: Faculty (01-10) | G15: =+E15-F15 -> 0 | M15: 0
A16: Auxiliary teaching (01-20) | G16: =+E16-F16 -> 0 | M16: 0
A17: Graduate Students (01-30, 01-40) | G17: =+E17-F17 -> 0 | M17: 0
A18: Post-doc research trainee (01-50) | G18: =+E18-F18 -> 0 | M18: 0
A19: Classified staff (01-60) | G19: =+E19-F19 -> 0 | M19: 0
A20: Professional staff (01-70) | G20: =+E20-F20 -> 0 | M20: 0
A21: Temporary staff (01-80) | G21: =+E21-F21 -> 0 | M21: 0
A22: Pre-doc trainees (01-90) | G22: =+E22-F22 -> 0 | M22: 0
A23: Employee Benefits (07) | G23: =+E23-F23 -> 0 | H23: =(_xlfn.IFNA(VLOOKUP($A15,'Benefits Drivers'!$A$6:$F$13,2,FALSE)*H$15,0))+(_xlfn.IFNA(VLOOKUP($A16,'Benefits Drivers'!$A$6:$F$13,2,FALSE)*H$16,0))+(_xlfn.IFNA(VLOOKUP($A17,'Benefits Drivers'!$A$6:$F$13,2,FALSE)*H$17,0))+(_xlfn.IFNA(VLOOKUP($A18,'Benefits Drivers'!$A$6:$F$13,2,FALSE)*H$18,0))+(_xlfn.IFNA(VLOOKUP($A19,'Benefits Drivers'!$A$6:$F$13,2,FALSE)*H$19,0))+(_xlfn.IFNA(VLOOKUP($A21,'Benefits Drivers'!$A$6:$F$13,2,FALSE)*H$21,0))+(_xlfn.IFNA(VLOOKUP($A22,'Benefits Drivers'!$A$6:$F$13,2,FALSE)*H$22,0))+(_xlfn.IFNA(VLOOKUP($A20,'Benefits Drivers'!$A$6:$F$13,2,FALSE)*H$20,0)) -> 0 | K23: =(_xlfn.IFNA(VLOOKUP($A15,'Benefits Drivers'!$A$6:$F$13,3,FALSE)*K$15,0))+(_xlfn.IFNA(VLOOKUP($A16,'Benefits Drivers'!$A$6:$F$13,3,FALSE)*K$16,0))+(_xlfn.IFNA(VLOOKUP($A17,'Benefits Drivers'!$A$6:$F$13,3,FALSE)*K$17,0))+(_xlfn.IFNA(VLOOKUP($A18,'Benefits Drivers'!$A$6:$F$13,3,FALSE)*K$18,0))+(_xlfn.IFNA(VLOOKUP($A19,'Benefits Drivers'!$A$6:$F$13,3,FALSE)*K$19,0))+(_xlfn.IFNA(VLOOKUP($A21,'Benefits Drivers'!$A$6:$F$13,3,FALSE)*K$21,0))+(_xlfn.IFNA(VLOOKUP($A22,'Benefits Drivers'!$A$6:$F$13,3,FALSE)*K$22,0))+(_xlfn.IFNA(VLOOKUP($A20,'Benefits Drivers'!$A$6:$F$13,3,FALSE)*K$20,0)) -> 0 | L23: =(_xlfn.IFNA(VLOOKUP($A15,'Benefits Drivers'!$A$6:$F$13,4,FALSE)*L$15,0))+(_xlfn.IFNA(VLOOKUP($A16,'Benefits Drivers'!$A$6:$F$13,4,FALSE)*L$16,0))+(_xlfn.IFNA(VLOOKUP($A17,'Benefits Drivers'!$A$6:$F$13,4,FALSE)*L$17,0))+(_xlfn.IFNA(VLOOKUP($A18,'Benefits Drivers'!$A$6:$F$13,4,FALSE)*L$18,0))+(_xlfn.IFNA(VLOOKUP($A19,'Benefits Drivers'!$A$6:$F$13,4,FALSE)*L$19,0))+(_xlfn.IFNA(VLOOKUP($A21,'Benefits Drivers'!$A$6:$F$13,4,FALSE)*L$21,0))+(_xlfn.IFNA(VLOOKUP($A22,'Benefits Drivers'!$A$6:$F$13,4,FALSE)*L$22,0))+(_xlfn.IFNA(VLOOKUP($A20,'Benefits Drivers'!$A$6:$F$13,4,FALSE)*L$20,0)) -> 0 | O23: =(_xlfn.IFNA(VLOOKUP($A15,'Benefits Drivers'!$A$6:$F$13,5,FALSE)*O$15,0))+(_xlfn.IFNA(VLOOKUP($A16,'Benefits Drivers'!$A$6:$F$13,5,FALSE)*O$16,0))+(_xlfn.IFNA(VLOOKUP($A17,'Benefits Drivers'!$A$6:$F$13,5,FALSE)*O$17,0))+(_xlfn.IFNA(VLOOKUP($A18,'Benefits Drivers'!$A$6:$F$13,5,FALSE)*O$18,0))+(_xlfn.IFNA(VLOOKUP($A19,'Benefits Drivers'!$A$6:$F$13,5,FALSE)*O$19,0))+(_xlfn.IFNA(VLOOKUP($A21,'Benefits Drivers'!$A$6:$F$13,5,FALSE)*O$21,0))+(_xlfn.IFNA(VLOOKUP($A22,'Benefits Drivers'!$A$6:$F$13,5,FALSE)*O$22,0))+(_xlfn.IFNA(VLOOKUP($A20,'Benefits Drivers'!$A$6:$F$13,5,FALSE)*O$20,0)) -> 0 | P23: =(_xlfn.IFNA(VLOOKUP($A15,'Benefits Drivers'!$A$6:$F$13,6,FALSE)*P$15,0))+(_xlfn.IFNA(VLOOKUP($A16,'Benefits Drivers'!$A$6:$F$13,6,FALSE)*P$16,0))+(_xlfn.IFNA(VLOOKUP($A17,'Benefits Drivers'!$A$6:$F$13,6,FALSE)*P$17,0))+(_xlfn.IFNA(VLOOKUP($A18,'Benefits Drivers'!$A$6:$F$13,6,FALSE)*P$18,0))+(_xlfn.IFNA(VLOOKUP($A19,'Benefits Drivers'!$A$6:$F$13,6,FALSE)*P$19,0))+(_xlfn.IFNA(VLOOKUP($A21,'Benefits Drivers'!$A$6:$F$13,6,FALSE)*P$21,0))+(_xlfn.IFNA(VLOOKUP($A22,'Benefits Drivers'!$A$6:$F$13,6,FALSE)*P$22,0))+(_xlfn.IFNA(VLOOKUP($A20,'Benefits Drivers'!$A$6:$F$13,6,FALSE)*P$20,0)) -> 0
A24: Subtotal Salaries, Wages and Benefits | B24: =SUM(B15:B23) -> 0 | C24: =SUM(C15:C23) -> 0 | E24: =SUM(E15:E23) -> 0 | F24: =SUM(F15:F23) -> 0 | G24: =SUM(G15:G23) -> 0 | H24: =SUM(H15:H23) -> 0 | I24: =SUM(I15:I23) -> 0 | K24: =SUM(K15:K23) -> 0 | L24: =SUM(L15:L23) -> 0 | M24: =SUM(M15:M23) -> 0 | O24: =SUM(O15:O23) -> 0 | P24: =SUM(P15:P23) -> 0
A25: Operations (All ObjCodes except 01, 07, 21 and 25) | G25: =+E25-F25 -> 0
A26: Cost transfer invoices (CTIs) (21) | G26: =+E26-F26 -> 0
A27: Indirect Cost (25) | G27: =+E27-F27 -> 0
A28: TOTAL EXPENDITURES | B28: =SUM(B24:B27) -> 0 | C28: =SUM(C24:C27) -> 0 | E28: =SUM(E24:E27) -> 0 | F28: =SUM(F24:F27) -> 0 | G28: =SUM(G24:G27) -> 0 | H28: =SUM(H24:H27) -> 0 | K28: =SUM(K24:K27) -> 0 | L28: =SUM(L24:L27) -> 0 | O28: =SUM(O24:O27) -> 0 | P28: =SUM(P24:P27) -> 0
A29: Net Contribution to (Use of) Fund Balance | B29: =+B11-B28 -> 0 | C29: =+C11-C28 -> 0 | E29: =+E11-E28 -> 0 | F29: =+F11-F28 -> 0 | G29: =+G11-G28 -> 0 | H29: =+H11-H28 -> 0 | K29: =+K11-K28 -> 0 | L29: =+L11-L28 -> 0 | O29: =+O11-O28 -> 0 | P29: =+P11-P28 -> 0
A31: Opening Balance | C31: =+B33 -> 0 | E31: =+C33 -> 0 | F31: =+E31 -> 0 | G31: =+E31-F31 -> 0 | H31: =+E33 -> 0 | K31: =+H33 -> 0 | L31: =+K33 -> 0 | O31: =+L33 -> 0 | P31: =+O33 -> 0
A32: Net Contribution to (Use of) Fund Balance | B32: =+B29 -> 0 | C32: =+C29 -> 0 | E32: =+E29 -> 0 | F32: =+F29 -> 0 | G32: =+E32-F32 -> 0 | H32: =+H29 -> 0 | K32: =+K29 -> 0 | L32: =+L29 -> 0 | O32: =+O29 -> 0 | P32: =+P29 -> 0
A33: Closing Balance 4 | B33: =+B31+B32 -> 0 | C33: =+C31+C32 -> 0 | E33: =+E31+E32 -> 0 | F33: =+F31+F32 -> 0 | G33: =+G31+G32 -> 0 | H33: =+H31+H32 -> 0 | K33: =+K31+K32 -> 0 | L33: =+L31+L32 -> 0 | O33: =+O31+O32 -> 0 | P33: =+P31+P32 -> 0

Sheet Gifts-Discretionary
A4: Instructions: 1) Provide full revenue and expenditure plans for fiscal years 2021-2025 in the green colored cells. 2) FYs 18-20 actual revenue and expenditure amounts for your unit are provided for your planning purposes. Refer to the Fiscal Vitality Process Guide at https://www.washington.edu/opb/uw-budget/annual-budgets/fy22-annual-review-materials/ for the data parameters and definitions that were used to generate these figures. For detailed amounts down to the budget number level or other data exploration, please see the Fiscal Vitality Budget Tableau report titled Export to Crosstab at https://bitools.uw.edu/#/site/Transitional/views/FiscalVitalityBudget/DocumentationandResources 3) The Central Budget Policies and Assumptions document is available at https://www.washington.edu/opb/uw-budget/annual-budgets/fy22-annual-review-materials/. If you use alternative assumptions, you should briefly explain them in the Annual Review Submission Portal.
A5: 4) Opening Balance row reflects the beginning fund balance and is not included in the "revenue" line. In previous fiscal vitality reports, the opening balance for the 1st fiscal year of a biennium was derived from the prior biennium's closing balance. Starting with FY2020, the opening balance is the amount in account code 9788. This more accurately reflects the opening balance due to budgets being moved between 3-digit orgs. As a result, FY2020's opening balance might not match FY2019's closing balance.
B6: Biennium 17 (Actuals) | E6: Biennium 19 (Actuals/Plan) | K6: Biennium 21 (Plan) | O6: Biennium 23 (Plan)
B7: FY18 Actuals | C7: FY19 Actuals | E7: FY20 Actuals | F7: FY20 Submitted Plan | G7: FY20. Variance (Actuals Over [Under] Plan) | H7: FY21 Plan | I7: Bien Total | K7: FY22 Plan | L7: FY23 Plan | M7: Bien Total | O7: FY24 Plan | P7: FY25 Plan | Q7: Bien Total
A8: BUDGET AUTHORITY/REVENUES
A9: Gifts and Discretionary
A10: Revenue | G10: =+E10-F10 -> 0
A11: TOTAL REVENUES | B11: =SUM(B10:B10) -> 0 | C11: =SUM(C10:C10) -> 0 | E11: =SUM(E10:E10) -> 0 | F11: =SUM(F10:F10) -> 0 | G11: =SUM(G10:G10) -> 0 | H11: =SUM(H10:H10) -> 0 | K11: =SUM(K10:K10) -> 0 | L11: =SUM(L10:L10) -> 0 | M11: =SUM(M10:M10) -> 0 | O11: =SUM(O10:O10) -> 0 | P11: =SUM(P10:P10) -> 0
A13: EXPENDITURES
A14: Salaries, Wages and Benefits
A15: Faculty (01-10) | G15: =+E15-F15 -> 0
A16: Auxiliary teaching (01-20) | G16: =+E16-F16 -> 0
A17: Graduate Students (01-30, 01-40) | G17: =+E17-F17 -> 0
A18: Post-doc research trainee (01-50) | G18: =+E18-F18 -> 0
A19: Classified staff (01-60) | G19: =+E19-F19 -> 0
A20: Professional staff (01-70) | G20: =+E20-F20 -> 0
A21: Temporary staff (01-80) | G21: =+E21-F21 -> 0
A22: Pre-doc trainees (01-90) | G22: =+E22-F22 -> 0
A23: Employee Benefits (07) | G23: =+E23-F23 -> 0 | H23: =(_xlfn.IFNA(VLOOKUP($A15,'Benefits Drivers'!$A$6:$F$13,2,FALSE)*H$15,0))+(_xlfn.IFNA(VLOOKUP($A16,'Benefits Drivers'!$A$6:$F$13,2,FALSE)*H$16,0))+(_xlfn.IFNA(VLOOKUP($A17,'Benefits Drivers'!$A$6:$F$13,2,FALSE)*H$17,0))+(_xlfn.IFNA(VLOOKUP($A18,'Benefits Drivers'!$A$6:$F$13,2,FALSE)*H$18,0))+(_xlfn.IFNA(VLOOKUP($A19,'Benefits Drivers'!$A$6:$F$13,2,FALSE)*H$19,0))+(_xlfn.IFNA(VLOOKUP($A21,'Benefits Drivers'!$A$6:$F$13,2,FALSE)*H$21,0))+(_xlfn.IFNA(VLOOKUP($A22,'Benefits Drivers'!$A$6:$F$13,2,FALSE)*H$22,0))+(_xlfn.IFNA(VLOOKUP($A20,'Benefits Drivers'!$A$6:$F$13,2,FALSE)*H$20,0)) -> 0 | K23: =(_xlfn.IFNA(VLOOKUP($A15,'Benefits Drivers'!$A$6:$F$13,3,FALSE)*K$15,0))+(_xlfn.IFNA(VLOOKUP($A16,'Benefits Drivers'!$A$6:$F$13,3,FALSE)*K$16,0))+(_xlfn.IFNA(VLOOKUP($A17,'Benefits Drivers'!$A$6:$F$13,3,FALSE)*K$17,0))+(_xlfn.IFNA(VLOOKUP($A18,'Benefits Drivers'!$A$6:$F$13,3,FALSE)*K$18,0))+(_xlfn.IFNA(VLOOKUP($A19,'Benefits Drivers'!$A$6:$F$13,3,FALSE)*K$19,0))+(_xlfn.IFNA(VLOOKUP($A21,'Benefits Drivers'!$A$6:$F$13,3,FALSE)*K$21,0))+(_xlfn.IFNA(VLOOKUP($A22,'Benefits Drivers'!$A$6:$F$13,3,FALSE)*K$22,0))+(_xlfn.IFNA(VLOOKUP($A20,'Benefits Drivers'!$A$6:$F$13,3,FALSE)*K$20,0)) -> 0 | L23: =(_xlfn.IFNA(VLOOKUP($A15,'Benefits Drivers'!$A$6:$F$13,4,FALSE)*L$15,0))+(_xlfn.IFNA(VLOOKUP($A16,'Benefits Drivers'!$A$6:$F$13,4,FALSE)*L$16,0))+(_xlfn.IFNA(VLOOKUP($A17,'Benefits Drivers'!$A$6:$F$13,4,FALSE)*L$17,0))+(_xlfn.IFNA(VLOOKUP($A18,'Benefits Drivers'!$A$6:$F$13,4,FALSE)*L$18,0))+(_xlfn.IFNA(VLOOKUP($A19,'Benefits Drivers'!$A$6:$F$13,4,FALSE)*L$19,0))+(_xlfn.IFNA(VLOOKUP($A21,'Benefits Drivers'!$A$6:$F$13,4,FALSE)*L$21,0))+(_xlfn.IFNA(VLOOKUP($A22,'Benefits Drivers'!$A$6:$F$13,4,FALSE)*L$22,0))+(_xlfn.IFNA(VLOOKUP($A20,'Benefits Drivers'!$A$6:$F$13,4,FALSE)*L$20,0)) -> 0 | O23: =(_xlfn.IFNA(VLOOKUP($A15,'Benefits Drivers'!$A$6:$F$13,5,FALSE)*O$15,0))+(_xlfn.IFNA(VLOOKUP($A16,'Benefits Drivers'!$A$6:$F$13,5,FALSE)*O$16,0))+(_xlfn.IFNA(VLOOKUP($A17,'Benefits Drivers'!$A$6:$F$13,5,FALSE)*O$17,0))+(_xlfn.IFNA(VLOOKUP($A18,'Benefits Drivers'!$A$6:$F$13,5,FALSE)*O$18,0))+(_xlfn.IFNA(VLOOKUP($A19,'Benefits Drivers'!$A$6:$F$13,5,FALSE)*O$19,0))+(_xlfn.IFNA(VLOOKUP($A21,'Benefits Drivers'!$A$6:$F$13,5,FALSE)*O$21,0))+(_xlfn.IFNA(VLOOKUP($A22,'Benefits Drivers'!$A$6:$F$13,5,FALSE)*O$22,0))+(_xlfn.IFNA(VLOOKUP($A20,'Benefits Drivers'!$A$6:$F$13,5,FALSE)*O$20,0)) -> 0 | P23: =(_xlfn.IFNA(VLOOKUP($A15,'Benefits Drivers'!$A$6:$F$13,6,FALSE)*P$15,0))+(_xlfn.IFNA(VLOOKUP($A16,'Benefits Drivers'!$A$6:$F$13,6,FALSE)*P$16,0))+(_xlfn.IFNA(VLOOKUP($A17,'Benefits Drivers'!$A$6:$F$13,6,FALSE)*P$17,0))+(_xlfn.IFNA(VLOOKUP($A18,'Benefits Drivers'!$A$6:$F$13,6,FALSE)*P$18,0))+(_xlfn.IFNA(VLOOKUP($A19,'Benefits Drivers'!$A$6:$F$13,6,FALSE)*P$19,0))+(_xlfn.IFNA(VLOOKUP($A21,'Benefits Drivers'!$A$6:$F$13,6,FALSE)*P$21,0))+(_xlfn.IFNA(VLOOKUP($A22,'Benefits Drivers'!$A$6:$F$13,6,FALSE)*P$22,0))+(_xlfn.IFNA(VLOOKUP($A20,'Benefits Drivers'!$A$6:$F$13,6,FALSE)*P$20,0)) -> 0
A24: Subtotal Salaries, Wages and Benefits | B24: =SUM(B15:B23) -> 0 | C24: =SUM(C15:C23) -> 0 | E24: =SUM(E15:E23) -> 0 | F24: =SUM(F15:F23) -> 0 | G24: =SUM(G15:G23) -> 0 | H24: =SUM(H15:H23) -> 0 | I24: =SUM(I15:I23) -> 0 | K24: =SUM(K15:K23) -> 0 | L24: =SUM(L15:L23) -> 0 | M24: =SUM(M15:M23) -> 0 | O24: =SUM(O15:O23) -> 0 | P24: =SUM(P15:P23) -> 0
A25: Operations (All ObjCodes except 01, 07, 21 and 25) | G25: =+E25-F25 -> 0
A26: Cost transfer invoices (CTIs) (21) | G26: =+E26-F26 -> 0
A27: Indirect Cost (25) | G27: =+E27-F27 -> 0
A28: TOTAL EXPENDITURES | B28: =SUM(B24:B27) -> 0 | C28: =SUM(C24:C27) -> 0 | E28: =SUM(E24:E27) -> 0 | F28: =SUM(F24:F27) -> 0 | G28: =SUM(G24:G27) -> 0 | H28: =SUM(H24:H27) -> 0 | K28: =SUM(K24:K27) -> 0 | L28: =SUM(L24:L27) -> 0 | O28: =SUM(O24:O27) -> 0 | P28: =SUM(P24:P27) -> 0
A29: Net Contribution to (Use of) Fund Balance | B29: =+B11-B28 -> 0 | C29: =+C11-C28 -> 0 | E29: =+E11-E28 -> 0 | F29: =+F11-F28 -> 0 | G29: =+G11-G28 -> 0 | H29: =+H11-H28 -> 0 | K29: =+K11-K28 -> 0 | L29: =+L11-L28 -> 0 | O29: =+O11-O28 -> 0 | P29: =+P11-P28 -> 0
A31: Opening Balance | C31: =+B33 -> 0 | E31: =+C33 -> 0 | F31: =+E31 -> 0 | G31: =+E31-F31 -> 0 | H31: =+E33 -> 0 | K31: =+H33 -> 0 | L31: =+K33 -> 0 | O31: =+L33 -> 0 | P31: =+O33 -> 0
A32: Net Contribution to (Use of) Fund Balance | B32: =+B29 -> 0 | C32: =+C29 -> 0 | E32: =+E29 -> 0 | F32: =+F29 -> 0 | G32: =+E32-F32 -> 0 | H32: =+H29 -> 0 | K32: =+K29 -> 0 | L32: =+L29 -> 0 | O32: =+O29 -> 0 | P32: =+P29 -> 0
A33: Closing Balance 4 | B33: =+B31+B32 -> 0 | C33: =+C31+C32 -> 0 | E33: =+E31+E32 -> 0 | F33: =+F31+F32 -> 0 | G33: =+G31+G32 -> 0 | H33: =+H31+H32 -> 0 | K33: =+K31+K32 -> 0 | L33: =+L31+L32 -> 0 | O33: =+O31+O32 -> 0 | P33: =+P31+P32 -> 0

Sheet Self Sustaining
A4: Instructions: 1) Provide full revenue and expenditure plans for fiscal years 2021-2025 in the green colored cells. 2) FYs 18-20 actual revenue and expenditure amounts for your unit are provided for your planning purposes. Refer to the Fiscal Vitality Process Guide at https://www.washington.edu/opb/uw-budget/annual-budgets/fy22-annual-review-materials/ for the data parameters and definitions that were used to generate these figures. For detailed amounts down to the budget number level or other data exploration, please see the Fiscal Vitality Budget Tableau report titled Export to Crosstab at https://bitools.uw.edu/#/site/Transitional/views/FiscalVitalityBudget/DocumentationandResources 3) The Central Budget Policies and Assumptions document is available at https://www.washington.edu/opb/uw-budget/annual-budgets/fy22-annual-review-materials/. If you use alternative assumptions, you should briefly explain them in the Annual Review Submission Portal.
A5: 4) The "Opening Balance" row reflects the beginning fund balance and is not included in the "revenue" line.
B6: Biennium 17 (Actuals) | E6: Biennium 19 (Actuals/Plan) | K6: Biennium 21 (Plan) | O6: Biennium 23 (Plan)
B7: FY18 Actuals | C7: FY19 Actuals | E7: FY20 Actuals | F7: FY20 Submitted Plan | G7: FY20. Variance (Actuals Over [Under] Plan) | H7: FY21 Plan | I7: Bien Total | K7: FY22 Plan | L7: FY23 Plan | M7: Bien Total | O7: FY24 Plan | P7: FY25 Plan | Q7: Bien Total
A8: BUDGET AUTHORITY/REVENUES
A9: Self Sustaining Activity
A10: Revenue | G10: =+E10-F10 -> 0
A11: TOTAL REVENUES | B11: =SUM(B10:B10) -> 0 | C11: =SUM(C10:C10) -> 0 | E11: =SUM(E10:E10) -> 0 | F11: =SUM(F10:F10) -> 0 | G11: =SUM(G10:G10) -> 0 | H11: =SUM(H10:H10) -> 0 | K11: =SUM(K10:K10) -> 0 | L11: =SUM(L10:L10) -> 0 | M11: =SUM(M10:M10) -> 0 | O11: =SUM(O10:O10) -> 0 | P11: =SUM(P10:P10) -> 0
A13: EXPENDITURES
A14: Salaries, Wages and Benefits
A15: Faculty (01-10) | G15: =+E15-F15 -> 0
A16: Auxiliary teaching (01-20) | G16: =+E16-F16 -> 0
A17: Graduate Students (01-30, 01-40) | G17: =+E17-F17 -> 0
A18: Post-doc research trainee (01-50) | G18: =+E18-F18 -> 0
A19: Classified staff (01-60) | G19: =+E19-F19 -> 0
A20: Professional staff (01-70) | G20: =+E20-F20 -> 0
A21: Temporary staff (01-80) | G21: =+E21-F21 -> 0
A22: Pre-doc trainees (01-90) | G22: =+E22-F22 -> 0
A23: Employee Benefits (07) | G23: =+E23-F23 -> 0 | H23: =(_xlfn.IFNA(VLOOKUP($A15,'Benefits Drivers'!$A$6:$F$13,2,FALSE)*H$15,0))+(_xlfn.IFNA(VLOOKUP($A16,'Benefits Drivers'!$A$6:$F$13,2,FALSE)*H$16,0))+(_xlfn.IFNA(VLOOKUP($A17,'Benefits Drivers'!$A$6:$F$13,2,FALSE)*H$17,0))+(_xlfn.IFNA(VLOOKUP($A18,'Benefits Drivers'!$A$6:$F$13,2,FALSE)*H$18,0))+(_xlfn.IFNA(VLOOKUP($A19,'Benefits Drivers'!$A$6:$F$13,2,FALSE)*H$19,0))+(_xlfn.IFNA(VLOOKUP($A21,'Benefits Drivers'!$A$6:$F$13,2,FALSE)*H$21,0))+(_xlfn.IFNA(VLOOKUP($A22,'Benefits Drivers'!$A$6:$F$13,2,FALSE)*H$22,0))+(_xlfn.IFNA(VLOOKUP($A20,'Benefits Drivers'!$A$6:$F$13,2,FALSE)*H$20,0)) -> 0 | K23: =(_xlfn.IFNA(VLOOKUP($A15,'Benefits Drivers'!$A$6:$F$13,3,FALSE)*K$15,0))+(_xlfn.IFNA(VLOOKUP($A16,'Benefits Drivers'!$A$6:$F$13,3,FALSE)*K$16,0))+(_xlfn.IFNA(VLOOKUP($A17,'Benefits Drivers'!$A$6:$F$13,3,FALSE)*K$17,0))+(_xlfn.IFNA(VLOOKUP($A18,'Benefits Drivers'!$A$6:$F$13,3,FALSE)*K$18,0))+(_xlfn.IFNA(VLOOKUP($A19,'Benefits Drivers'!$A$6:$F$13,3,FALSE)*K$19,0))+(_xlfn.IFNA(VLOOKUP($A21,'Benefits Drivers'!$A$6:$F$13,3,FALSE)*K$21,0))+(_xlfn.IFNA(VLOOKUP($A22,'Benefits Drivers'!$A$6:$F$13,3,FALSE)*K$22,0))+(_xlfn.IFNA(VLOOKUP($A20,'Benefits Drivers'!$A$6:$F$13,3,FALSE)*K$20,0)) -> 0 | L23: =(_xlfn.IFNA(VLOOKUP($A15,'Benefits Drivers'!$A$6:$F$13,4,FALSE)*L$15,0))+(_xlfn.IFNA(VLOOKUP($A16,'Benefits Drivers'!$A$6:$F$13,4,FALSE)*L$16,0))+(_xlfn.IFNA(VLOOKUP($A17,'Benefits Drivers'!$A$6:$F$13,4,FALSE)*L$17,0))+(_xlfn.IFNA(VLOOKUP($A18,'Benefits Drivers'!$A$6:$F$13,4,FALSE)*L$18,0))+(_xlfn.IFNA(VLOOKUP($A19,'Benefits Drivers'!$A$6:$F$13,4,FALSE)*L$19,0))+(_xlfn.IFNA(VLOOKUP($A21,'Benefits Drivers'!$A$6:$F$13,4,FALSE)*L$21,0))+(_xlfn.IFNA(VLOOKUP($A22,'Benefits Drivers'!$A$6:$F$13,4,FALSE)*L$22,0))+(_xlfn.IFNA(VLOOKUP($A20,'Benefits Drivers'!$A$6:$F$13,4,FALSE)*L$20,0)) -> 0 | O23: =(_xlfn.IFNA(VLOOKUP($A15,'Benefits Drivers'!$A$6:$F$13,5,FALSE)*O$15,0))+(_xlfn.IFNA(VLOOKUP($A16,'Benefits Drivers'!$A$6:$F$13,5,FALSE)*O$16,0))+(_xlfn.IFNA(VLOOKUP($A17,'Benefits Drivers'!$A$6:$F$13,5,FALSE)*O$17,0))+(_xlfn.IFNA(VLOOKUP($A18,'Benefits Drivers'!$A$6:$F$13,5,FALSE)*O$18,0))+(_xlfn.IFNA(VLOOKUP($A19,'Benefits Drivers'!$A$6:$F$13,5,FALSE)*O$19,0))+(_xlfn.IFNA(VLOOKUP($A21,'Benefits Drivers'!$A$6:$F$13,5,FALSE)*O$21,0))+(_xlfn.IFNA(VLOOKUP($A22,'Benefits Drivers'!$A$6:$F$13,5,FALSE)*O$22,0))+(_xlfn.IFNA(VLOOKUP($A20,'Benefits Drivers'!$A$6:$F$13,5,FALSE)*O$20,0)) -> 0 | P23: =(_xlfn.IFNA(VLOOKUP($A15,'Benefits Drivers'!$A$6:$F$13,6,FALSE)*P$15,0))+(_xlfn.IFNA(VLOOKUP($A16,'Benefits Drivers'!$A$6:$F$13,6,FALSE)*P$16,0))+(_xlfn.IFNA(VLOOKUP($A17,'Benefits Drivers'!$A$6:$F$13,6,FALSE)*P$17,0))+(_xlfn.IFNA(VLOOKUP($A18,'Benefits Drivers'!$A$6:$F$13,6,FALSE)*P$18,0))+(_xlfn.IFNA(VLOOKUP($A19,'Benefits Drivers'!$A$6:$F$13,6,FALSE)*P$19,0))+(_xlfn.IFNA(VLOOKUP($A21,'Benefits Drivers'!$A$6:$F$13,6,FALSE)*P$21,0))+(_xlfn.IFNA(VLOOKUP($A22,'Benefits Drivers'!$A$6:$F$13,6,FALSE)*P$22,0))+(_xlfn.IFNA(VLOOKUP($A20,'Benefits Drivers'!$A$6:$F$13,6,FALSE)*P$20,0)) -> 0
A24: Subtotal Salaries, Wages and Benefits | B24: =SUM(B15:B23) -> 0 | C24: =SUM(C15:C23) -> 0 | E24: =SUM(E15:E23) -> 0 | F24: =SUM(F15:F23) -> 0 | G24: =SUM(G15:G23) -> 0 | H24: =SUM(H15:H23) -> 0 | I24: =SUM(I15:I23) -> 0 | K24: =SUM(K15:K23) -> 0 | L24: =SUM(L15:L23) -> 0 | M24: =SUM(M15:M23) -> 0 | O24: =SUM(O15:O23) -> 0 | P24: =SUM(P15:P23) -> 0
A25: Operations (All ObjCodes except 01, 07, 21 and 25) | G25: =+E25-F25 -> 0
A26: Cost transfer invoices (CTIs) (21) | G26: =+E26-F26 -> 0
A27: Indirect Cost (25) | G27: =+E27-F27 -> 0
A28: TOTAL EXPENDITURES | B28: =SUM(B24:B27) -> 0 | C28: =SUM(C24:C27) -> 0 | E28: =SUM(E24:E27) -> 0 | F28: =SUM(F24:F27) -> 0 | G28: =SUM(G24:G27) -> 0 | H28: =SUM(H24:H27) -> 0 | K28: =SUM(K24:K27) -> 0 | L28: =SUM(L24:L27) -> 0 | O28: =SUM(O24:O27) -> 0 | P28: =SUM(P24:P27) -> 0
A29: Net Contribution to (Use of) Fund Balance | B29: =+B11-B28 -> 0 | C29: =+C11-C28 -> 0 | E29: =+E11-E28 -> 0 | F29: =+F11-F28 -> 0 | G29: =+G11-G28 -> 0 | H29: =+H11-H28 -> 0 | K29: =+K11-K28 -> 0 | L29: =+L11-L28 -> 0 | O29: =+O11-O28 -> 0 | P29: =+P11-P28 -> 0
A31: Opening Balance | C31: =+B33 -> 0 | E31: =+C33 -> 0 | F31: =+E31 -> 0 | G31: =+E31-F31 -> 0 | H31: =+E33 -> 0 | K31: =+H33 -> 0 | L31: =+K33 -> 0 | O31: =+L33 -> 0 | P31: =+O33 -> 0
A32: Net Contribution to (Use of) Fund Balance | B32: =+B29 -> 0 | C32: =+C29 -> 0 | E32: =+E29 -> 0 | F32: =+F29 -> 0 | G32: =+E32-F32 -> 0 | H32: =+H29 -> 0 | K32: =+K29 -> 0 | L32: =+L29 -> 0 | O32: =+O29 -> 0 | P32: =+P29 -> 0
A33: Closing Balance | B33: =+B31+B32 -> 0 | C33: =+C31+C32 -> 0 | E33: =+E31+E32 -> 0 | F33: =+F31+F32 -> 0 | G33: =+G31+G32 -> 0 | H33: =+H31+H32 -> 0 | K33: =+K31+K32 -> 0 | L33: =+L31+L32 -> 0 | O33: =+O31+O32 -> 0 | P33: =+P31+P32 -> 0

Sheet UWC2 Fee Based Programs
A4: Instructions: 1) Provide full revenue and expenditure plans for fiscal years 2021-2025 in the green colored cells. 2) FYs 18-20 actual revenue and expenditure amounts for your unit are provided for your planning purposes. Refer to the Fiscal Vitality Process Guide at https://www.washington.edu/opb/uw-budget/annual-budgets/fy22-annual-review-materials/ for the data parameters and definitions that were used to generate these figures. For detailed amounts down to the budget number level or other data exploration, please see the Fiscal Vitality Budget Tableau report titled Export to Crosstab at https://bitools.uw.edu/#/site/Transitional/views/FiscalVitalityBudget/DocumentationandResources 3) The Central Budget Policies and Assumptions document is available at https://www.washington.edu/opb/uw-budget/annual-budgets/fy22-annual-review-materials/. If you use alternative assumptions, you should briefly explain them in the Annual Review Submission Portal.
A5: 4) This data represents fee based program activity, residing in org 255 Continuum College (UWC2), that has been parsed out into the “home” school/college. It does not reflect splits or exceptions made by UWC2 based on formulas or designated %’s in MOA’s. 5) The "Opening Balance" row reflects the beginning fund balance and is not included in the "revenue" line.
B6: Biennium 17 (Actuals) | E6: Biennium 19 (Actuals/Plan) | K6: Biennium 21 (Plan) | O6: Biennium 23 (Plan)
B7: FY18 Actuals | C7: FY19 Actuals | E7: FY20 Actuals | F7: FY20 Submitted Plan | G7: FY20. Variance (Actuals Over [Under] Plan) | H7: FY21 Plan | I7: Bien Total | K7: FY22 Plan | L7: FY23 Plan | M7: Bien Total | O7: FY24 Plan | P7: FY25 Plan | Q7: Bien Total
A8: BUDGET AUTHORITY/REVENUES
A9: UWC2 Fee Based Programs
A10: Revenue | G10: =+E10-F10 -> 0
A11: TOTAL REVENUES | B11: =SUM(B10:B10) -> 0 | C11: =SUM(C10:C10) -> 0 | E11: =SUM(E10:E10) -> 0 | F11: =SUM(F10:F10) -> 0 | G11: =SUM(G10:G10) -> 0 | H11: =SUM(H10:H10) -> 0 | K11: =SUM(K10:K10) -> 0 | L11: =SUM(L10:L10) -> 0 | M11: =SUM(M10:M10) -> 0 | O11: =SUM(O10:O10) -> 0 | P11: =SUM(P10:P10) -> 0
A13: EXPENDITURES
A14: Salaries, Wages and Benefits
A15: Faculty (01-10) | G15: =+E15-F15 -> 0
A16: Auxiliary teaching (01-20) | G16: =+E16-F16 -> 0
A17: Graduate Students (01-30, 01-40) | G17: =+E17-F17 -> 0
A18: Post-doc research trainee (01-50) | G18: =+E18-F18 -> 0
A19: Classified staff (01-60) | G19: =+E19-F19 -> 0
A20: Professional staff (01-70) | G20: =+E20-F20 -> 0
A21: Temporary staff (01-80) | G21: =+E21-F21 -> 0
A22: Pre-doc trainees (01-90) | G22: =+E22-F22 -> 0
A23: Employee Benefits (07) | G23: =+E23-F23 -> 0 | H23: =(_xlfn.IFNA(VLOOKUP($A15,'Benefits Drivers'!$A$6:$F$13,2,FALSE)*H$15,0))+(_xlfn.IFNA(VLOOKUP($A16,'Benefits Drivers'!$A$6:$F$13,2,FALSE)*H$16,0))+(_xlfn.IFNA(VLOOKUP($A17,'Benefits Drivers'!$A$6:$F$13,2,FALSE)*H$17,0))+(_xlfn.IFNA(VLOOKUP($A18,'Benefits Drivers'!$A$6:$F$13,2,FALSE)*H$18,0))+(_xlfn.IFNA(VLOOKUP($A19,'Benefits Drivers'!$A$6:$F$13,2,FALSE)*H$19,0))+(_xlfn.IFNA(VLOOKUP($A21,'Benefits Drivers'!$A$6:$F$13,2,FALSE)*H$21,0))+(_xlfn.IFNA(VLOOKUP($A22,'Benefits Drivers'!$A$6:$F$13,2,FALSE)*H$22,0))+(_xlfn.IFNA(VLOOKUP($A20,'Benefits Drivers'!$A$6:$F$13,2,FALSE)*H$20,0)) -> 0 | K23: =(_xlfn.IFNA(VLOOKUP($A15,'Benefits Drivers'!$A$6:$F$13,3,FALSE)*K$15,0))+(_xlfn.IFNA(VLOOKUP($A16,'Benefits Drivers'!$A$6:$F$13,3,FALSE)*K$16,0))+(_xlfn.IFNA(VLOOKUP($A17,'Benefits Drivers'!$A$6:$F$13,3,FALSE)*K$17,0))+(_xlfn.IFNA(VLOOKUP($A18,'Benefits Drivers'!$A$6:$F$13,3,FALSE)*K$18,0))+(_xlfn.IFNA(VLOOKUP($A19,'Benefits Drivers'!$A$6:$F$13,3,FALSE)*K$19,0))+(_xlfn.IFNA(VLOOKUP($A21,'Benefits Drivers'!$A$6:$F$13,3,FALSE)*K$21,0))+(_xlfn.IFNA(VLOOKUP($A22,'Benefits Drivers'!$A$6:$F$13,3,FALSE)*K$22,0))+(_xlfn.IFNA(VLOOKUP($A20,'Benefits Drivers'!$A$6:$F$13,3,FALSE)*K$20,0)) -> 0 | L23: =(_xlfn.IFNA(VLOOKUP($A15,'Benefits Drivers'!$A$6:$F$13,4,FALSE)*L$15,0))+(_xlfn.IFNA(VLOOKUP($A16,'Benefits Drivers'!$A$6:$F$13,4,FALSE)*L$16,0))+(_xlfn.IFNA(VLOOKUP($A17,'Benefits Drivers'!$A$6:$F$13,4,FALSE)*L$17,0))+(_xlfn.IFNA(VLOOKUP($A18,'Benefits Drivers'!$A$6:$F$13,4,FALSE)*L$18,0))+(_xlfn.IFNA(VLOOKUP($A19,'Benefits Drivers'!$A$6:$F$13,4,FALSE)*L$19,0))+(_xlfn.IFNA(VLOOKUP($A21,'Benefits Drivers'!$A$6:$F$13,4,FALSE)*L$21,0))+(_xlfn.IFNA(VLOOKUP($A22,'Benefits Drivers'!$A$6:$F$13,4,FALSE)*L$22,0))+(_xlfn.IFNA(VLOOKUP($A20,'Benefits Drivers'!$A$6:$F$13,4,FALSE)*L$20,0)) -> 0 | O23: =(_xlfn.IFNA(VLOOKUP($A15,'Benefits Drivers'!$A$6:$F$13,5,FALSE)*O$15,0))+(_xlfn.IFNA(VLOOKUP($A16,'Benefits Drivers'!$A$6:$F$13,5,FALSE)*O$16,0))+(_xlfn.IFNA(VLOOKUP($A17,'Benefits Drivers'!$A$6:$F$13,5,FALSE)*O$17,0))+(_xlfn.IFNA(VLOOKUP($A18,'Benefits Drivers'!$A$6:$F$13,5,FALSE)*O$18,0))+(_xlfn.IFNA(VLOOKUP($A19,'Benefits Drivers'!$A$6:$F$13,5,FALSE)*O$19,0))+(_xlfn.IFNA(VLOOKUP($A21,'Benefits Drivers'!$A$6:$F$13,5,FALSE)*O$21,0))+(_xlfn.IFNA(VLOOKUP($A22,'Benefits Drivers'!$A$6:$F$13,5,FALSE)*O$22,0))+(_xlfn.IFNA(VLOOKUP($A20,'Benefits Drivers'!$A$6:$F$13,5,FALSE)*O$20,0)) -> 0 | P23: =(_xlfn.IFNA(VLOOKUP($A15,'Benefits Drivers'!$A$6:$F$13,6,FALSE)*P$15,0))+(_xlfn.IFNA(VLOOKUP($A16,'Benefits Drivers'!$A$6:$F$13,6,FALSE)*P$16,0))+(_xlfn.IFNA(VLOOKUP($A17,'Benefits Drivers'!$A$6:$F$13,6,FALSE)*P$17,0))+(_xlfn.IFNA(VLOOKUP($A18,'Benefits Drivers'!$A$6:$F$13,6,FALSE)*P$18,0))+(_xlfn.IFNA(VLOOKUP($A19,'Benefits Drivers'!$A$6:$F$13,6,FALSE)*P$19,0))+(_xlfn.IFNA(VLOOKUP($A21,'Benefits Drivers'!$A$6:$F$13,6,FALSE)*P$21,0))+(_xlfn.IFNA(VLOOKUP($A22,'Benefits Drivers'!$A$6:$F$13,6,FALSE)*P$22,0))+(_xlfn.IFNA(VLOOKUP($A20,'Benefits Drivers'!$A$6:$F$13,6,FALSE)*P$20,0)) -> 0
A24: Subtotal Salaries, Wages and Benefits | B24: =SUM(B15:B23) -> 0 | C24: =SUM(C15:C23) -> 0 | E24: =SUM(E15:E23) -> 0 | F24: =SUM(F15:F23) -> 0 | G24: =SUM(G15:G23) -> 0 | H24: =SUM(H15:H23) -> 0 | I24: =SUM(I15:I23) -> 0 | K24: =SUM(K15:K23) -> 0 | L24: =SUM(L15:L23) -> 0 | M24: =SUM(M15:M23) -> 0 | O24: =SUM(O15:O23) -> 0 | P24: =SUM(P15:P23) -> 0
A25: Operations (All ObjCodes except 01, 07, 21 and 25) | G25: =+E25-F25 -> 0
A26: Cost transfer invoices (CTIs) (21) | G26: =+E26-F26 -> 0
A27: Indirect Cost (25) | G27: =+E27-F27 -> 0
A28: TOTAL EXPENDITURES | B28: =SUM(B24:B27) -> 0 | C28: =SUM(C24:C27) -> 0 | E28: =SUM(E24:E27) -> 0 | F28: =SUM(F24:F27) -> 0 | G28: =SUM(G24:G27) -> 0 | H28: =SUM(H24:H27) -> 0 | K28: =SUM(K24:K27) -> 0 | L28: =SUM(L24:L27) -> 0 | O28: =SUM(O24:O27) -> 0 | P28: =SUM(P24:P27) -> 0
A29: Net Contribution to (Use of) Fund Balance | B29: =+B11-B28 -> 0 | C29: =+C11-C28 -> 0 | E29: =+E11-E28 -> 0 | F29: =+F11-F28 -> 0 | G29: =+G11-G28 -> 0 | H29: =+H11-H28 -> 0 | K29: =+K11-K28 -> 0 | L29: =+L11-L28 -> 0 | O29: =+O11-O28 -> 0 | P29: =+P11-P28 -> 0
A31: Opening Balance | C31: =+B33 -> 0 | E31: =+C33 -> 0 | F31: =+E31 -> 0 | G31: =+E31-F31 -> 0 | H31: =+E33 -> 0 | K31: =+H33 -> 0 | L31: =+K33 -> 0 | O31: =+L33 -> 0 | P31: =+O33 -> 0
A32: Net Contribution to (Use of) Fund Balance | B32: =+B29 -> 0 | C32: =+C29 -> 0 | E32: =+E29 -> 0 | F32: =+F29 -> 0 | G32: =+E32-F32 -> 0 | H32: =+H29 -> 0 | K32: =+K29 -> 0 | L32: =+L29 -> 0 | O32: =+O29 -> 0 | P32: =+P29 -> 0
A33: Closing Balance | B33: =+B31+B32 -> 0 | C33: =+C31+C32 -> 0 | E33: =+E31+E32 -> 0 | F33: =+F31+F32 -> 0 | G33: =+G31+G32 -> 0 | H33: =+H31+H32 -> 0 | K33: =+K31+K32 -> 0 | L33: =+L31+L32 -> 0 | O33: =+O31+O32 -> 0 | P33: =+P31+P32 -> 0

Sheet Practice Plan
A4: Instructions: 1) Provide full revenue and expenditure plans for fiscal years 2021-2025 in the green colored cells. 2) FYs 18-20 actual revenue and expenditure amounts for your unit are provided for your planning purposes. Refer to the Fiscal Vitality Process Guide at https://www.washington.edu/opb/uw-budget/annual-budgets/fy22-annual-review-materials/ for the data parameters and definitions that were used to generate these figures. For detailed amounts down to the budget number level or other data exploration, please see the Fiscal Vitality Budget Tableau report titled Export to Crosstab at https://bitools.uw.edu/#/site/Transitional/views/FiscalVitalityBudget/DocumentationandResources 3) The Central Budget Policies and Assumptions document is available at https://www.washington.edu/opb/uw-budget/annual-budgets/fy22-annual-review-materials/. If you use alternative assumptions, you should briefly explain them in the Annual Review Submission Portal.
A5: 4) The "Opening Balance" row reflects the beginning fund balance and is not included in the "revenue" line.
B6: Biennium 17 (Actuals) | E6: Biennium 19 (Actuals/Plan) | K6: Biennium 21 (Plan) | O6: Biennium 23 (Plan)
B7: FY18 Actuals | C7: FY19 Actuals | E7: FY20 Actuals | F7: FY20 Submitted Plan | G7: FY20. Variance (Actuals Over [Under] Plan) | H7: FY21 Plan | I7: Bien Total | K7: FY22 Plan | L7: FY23 Plan | M7: Bien Total | O7: FY24 Plan | P7: FY25 Plan | Q7: Bien Total
A8: BUDGET AUTHORITY/REVENUES
A9: Practice Plan Dept of Public Assistance
A10: Revenue | G10: =+E10-F10 -> 0
A11: TOTAL REVENUES | B11: =SUM(B10:B10) -> 0 | C11: =SUM(C10:C10) -> 0 | E11: =SUM(E10:E10) -> 0 | F11: =SUM(F10:F10) -> 0 | G11: =SUM(G10:G10) -> 0 | H11: =SUM(H10:H10) -> 0 | K11: =SUM(K10:K10) -> 0 | L11: =SUM(L10:L10) -> 0 | M11: =SUM(M10:M10) -> 0 | O11: =SUM(O10:O10) -> 0 | P11: =SUM(P10:P10) -> 0
A13: EXPENDITURES
A14: Salaries, Wages and Benefits
A15: Faculty (01-10) | G15: =+E15-F15 -> 0
A16: Auxiliary teaching (01-20) | G16: =+E16-F16 -> 0
A17: Graduate Students (01-30, 01-40) | G17: =+E17-F17 -> 0
A18: Post-doc research trainee (01-50) | G18: =+E18-F18 -> 0
A19: Classified staff (01-60) | G19: =+E19-F19 -> 0
A20: Professional staff (01-70) | G20: =+E20-F20 -> 0
A21: Temporary staff (01-80) | G21: =+E21-F21 -> 0
A22: Pre-doc trainees (01-90) | G22: =+E22-F22 -> 0
A23: Employee Benefits (07) | G23: =+E23-F23 -> 0 | H23: =(_xlfn.IFNA(VLOOKUP($A15,'Benefits Drivers'!$A$6:$F$13,2,FALSE)*H$15,0))+(_xlfn.IFNA(VLOOKUP($A16,'Benefits Drivers'!$A$6:$F$13,2,FALSE)*H$16,0))+(_xlfn.IFNA(VLOOKUP($A17,'Benefits Drivers'!$A$6:$F$13,2,FALSE)*H$17,0))+(_xlfn.IFNA(VLOOKUP($A18,'Benefits Drivers'!$A$6:$F$13,2,FALSE)*H$18,0))+(_xlfn.IFNA(VLOOKUP($A19,'Benefits Drivers'!$A$6:$F$13,2,FALSE)*H$19,0))+(_xlfn.IFNA(VLOOKUP($A21,'Benefits Drivers'!$A$6:$F$13,2,FALSE)*H$21,0))+(_xlfn.IFNA(VLOOKUP($A22,'Benefits Drivers'!$A$6:$F$13,2,FALSE)*H$22,0))+(_xlfn.IFNA(VLOOKUP($A20,'Benefits Drivers'!$A$6:$F$13,2,FALSE)*H$20,0)) -> 0 | K23: =(_xlfn.IFNA(VLOOKUP($A15,'Benefits Drivers'!$A$6:$F$13,3,FALSE)*K$15,0))+(_xlfn.IFNA(VLOOKUP($A16,'Benefits Drivers'!$A$6:$F$13,3,FALSE)*K$16,0))+(_xlfn.IFNA(VLOOKUP($A17,'Benefits Drivers'!$A$6:$F$13,3,FALSE)*K$17,0))+(_xlfn.IFNA(VLOOKUP($A18,'Benefits Drivers'!$A$6:$F$13,3,FALSE)*K$18,0))+(_xlfn.IFNA(VLOOKUP($A19,'Benefits Drivers'!$A$6:$F$13,3,FALSE)*K$19,0))+(_xlfn.IFNA(VLOOKUP($A21,'Benefits Drivers'!$A$6:$F$13,3,FALSE)*K$21,0))+(_xlfn.IFNA(VLOOKUP($A22,'Benefits Drivers'!$A$6:$F$13,3,FALSE)*K$22,0))+(_xlfn.IFNA(VLOOKUP($A20,'Benefits Drivers'!$A$6:$F$13,3,FALSE)*K$20,0)) -> 0 | L23: =(_xlfn.IFNA(VLOOKUP($A15,'Benefits Drivers'!$A$6:$F$13,4,FALSE)*L$15,0))+(_xlfn.IFNA(VLOOKUP($A16,'Benefits Drivers'!$A$6:$F$13,4,FALSE)*L$16,0))+(_xlfn.IFNA(VLOOKUP($A17,'Benefits Drivers'!$A$6:$F$13,4,FALSE)*L$17,0))+(_xlfn.IFNA(VLOOKUP($A18,'Benefits Drivers'!$A$6:$F$13,4,FALSE)*L$18,0))+(_xlfn.IFNA(VLOOKUP($A19,'Benefits Drivers'!$A$6:$F$13,4,FALSE)*L$19,0))+(_xlfn.IFNA(VLOOKUP($A21,'Benefits Drivers'!$A$6:$F$13,4,FALSE)*L$21,0))+(_xlfn.IFNA(VLOOKUP($A22,'Benefits Drivers'!$A$6:$F$13,4,FALSE)*L$22,0))+(_xlfn.IFNA(VLOOKUP($A20,'Benefits Drivers'!$A$6:$F$13,4,FALSE)*L$20,0)) -> 0 | O23: =(_xlfn.IFNA(VLOOKUP($A15,'Benefits Drivers'!$A$6:$F$13,5,FALSE)*O$15,0))+(_xlfn.IFNA(VLOOKUP($A16,'Benefits Drivers'!$A$6:$F$13,5,FALSE)*O$16,0))+(_xlfn.IFNA(VLOOKUP($A17,'Benefits Drivers'!$A$6:$F$13,5,FALSE)*O$17,0))+(_xlfn.IFNA(VLOOKUP($A18,'Benefits Drivers'!$A$6:$F$13,5,FALSE)*O$18,0))+(_xlfn.IFNA(VLOOKUP($A19,'Benefits Drivers'!$A$6:$F$13,5,FALSE)*O$19,0))+(_xlfn.IFNA(VLOOKUP($A21,'Benefits Drivers'!$A$6:$F$13,5,FALSE)*O$21,0))+(_xlfn.IFNA(VLOOKUP($A22,'Benefits Drivers'!$A$6:$F$13,5,FALSE)*O$22,0))+(_xlfn.IFNA(VLOOKUP($A20,'Benefits Drivers'!$A$6:$F$13,5,FALSE)*O$20,0)) -> 0 | P23: =(_xlfn.IFNA(VLOOKUP($A15,'Benefits Drivers'!$A$6:$F$13,6,FALSE)*P$15,0))+(_xlfn.IFNA(VLOOKUP($A16,'Benefits Drivers'!$A$6:$F$13,6,FALSE)*P$16,0))+(_xlfn.IFNA(VLOOKUP($A17,'Benefits Drivers'!$A$6:$F$13,6,FALSE)*P$17,0))+(_xlfn.IFNA(VLOOKUP($A18,'Benefits Drivers'!$A$6:$F$13,6,FALSE)*P$18,0))+(_xlfn.IFNA(VLOOKUP($A19,'Benefits Drivers'!$A$6:$F$13,6,FALSE)*P$19,0))+(_xlfn.IFNA(VLOOKUP($A21,'Benefits Drivers'!$A$6:$F$13,6,FALSE)*P$21,0))+(_xlfn.IFNA(VLOOKUP($A22,'Benefits Drivers'!$A$6:$F$13,6,FALSE)*P$22,0))+(_xlfn.IFNA(VLOOKUP($A20,'Benefits Drivers'!$A$6:$F$13,6,FALSE)*P$20,0)) -> 0
A24: Subtotal Salaries, Wages and Benefits | B24: =SUM(B15:B23) -> 0 | C24: =SUM(C15:C23) -> 0 | E24: =SUM(E15:E23) -> 0 | F24: =SUM(F15:F23) -> 0 | G24: =SUM(G15:G23) -> 0 | H24: =SUM(H15:H23) -> 0 | I24: =SUM(I15:I23) -> 0 | K24: =SUM(K15:K23) -> 0 | L24: =SUM(L15:L23) -> 0 | M24: =SUM(M15:M23) -> 0 | O24: =SUM(O15:O23) -> 0 | P24: =SUM(P15:P23) -> 0
A25: Operations (All ObjCodes except 01, 07, 21 and 25) | G25: =+E25-F25 -> 0
A26: Cost transfer invoices (CTIs) (21) | G26: =+E26-F26 -> 0
A27: Indirect Cost (25) | G27: =+E27-F27 -> 0
A28: TOTAL EXPENDITURES | B28: =SUM(B24:B27) -> 0 | C28: =SUM(C24:C27) -> 0 | E28: =SUM(E24:E27) -> 0 | F28: =SUM(F24:F27) -> 0 | G28: =SUM(G24:G27) -> 0 | H28: =SUM(H24:H27) -> 0 | K28: =SUM(K24:K27) -> 0 | L28: =SUM(L24:L27) -> 0 | O28: =SUM(O24:O27) -> 0 | P28: =SUM(P24:P27) -> 0
A29: Net Contribution to (Use of) Fund Balance | B29: =+B11-B28 -> 0 | C29: =+C11-C28 -> 0 | E29: =+E11-E28 -> 0 | F29: =+F11-F28 -> 0 | G29: =+G11-G28 -> 0 | H29: =+H11-H28 -> 0 | K29: =+K11-K28 -> 0 | L29: =+L11-L28 -> 0 | O29: =+O11-O28 -> 0 | P29: =+P11-P28 -> 0
A31: Opening Balance | C31: =+B33 -> 0 | E31: =+C33 -> 0 | F31: =+E31 -> 0 | G31: =+E31-F31 -> 0 | H31: =+E33 -> 0 | K31: =+H33 -> 0 | L31: =+K33 -> 0 | O31: =+L33 -> 0 | P31: =+O33 -> 0
A32: Net Contribution to (Use of) Fund Balance | B32: =+B29 -> 0 | C32: =+C29 -> 0 | E32: =+E29 -> 0 | F32: =+F29 -> 0 | G32: =+E32-F32 -> 0 | H32: =+H29 -> 0 | K32: =+K29 -> 0 | L32: =+L29 -> 0 | O32: =+O29 -> 0 | P32: =+P29 -> 0
A33: Closing Balance | B33: =+B31+B32 -> 0 | C33: =+C31+C32 -> 0 | E33: =+E31+E32 -> 0 | F33: =+F31+F32 -> 0 | G33: =+G31+G32 -> 0 | H33: =+H31+H32 -> 0 | K33: =+K31+K32 -> 0 | L33: =+L31+L32 -> 0 | O33: =+O31+O32 -> 0 | P33: =+P31+P32 -> 0

Sheet Carryover Plan
A1: University of Washington
A2: Summary of Planned GOF/DOF Carryover Balance Usage and Commitments
A3: Instructions: Please provide a list of planned uses of your unit's GOF/DOF carryover balance, by fiscal year. Any amounts entered in the "Uncommitted Carryover Balance Held In Reserve" line should reflect the balance your unit truly has uncommitted to a specific use or uncommitted to a specific ILP loan covenant. For carryover amounts committed to a specific purpose, please select a "category" from the in-cell dropdown list that most closely matches your commitment type. You have the opportunity to provide additional detail in your Annual Review Narrative response, if necessary.
G6: Biennium 21 | K6: Biennium 23
E7: FY21 Plan | G7: FY22 Plan | H7: FY23 Plan | I7: Bien Total | K7: FY24 Plan | L7: FY25 Plan
A8: Beginning GOF/DOF Carryover Balance (Do not change these amounts) | E8: =+GOF!H35+DOF!H32 -> 0 | G8: =+GOF!K35+DOF!K32 -> 0 | H8: =+GOF!L35+DOF!L32 -> 0 | K8: =+GOF!O35+DOF!O32 -> 0 | L8: =+GOF!P35+DOF!P32 -> 0
A10: Less: Uncommitted Carryover Balance Held In Reserve1
A12: Equals: Carryover Available For Specific Use | E12: =+E8-E10 -> 0 | G12: =+G8-G10 -> 0 | H12: =+H8-H10 -> 0 | K12: =+K8-K10 -> 0 | L12: =+L8-L10 -> 0
A14: Description - Planned Uses of Carryover Balance | C14: FTE (if applicable) | D14: Category (Choose One)
A15: 1
A16: 2
A17: 3
A18: 4
A19: 5
A20: 6
A21: 7
A22: 8
A23: 9
A24: 10
A25: 11
A26: 12
... A54: 40
A55: Total Commitments of Carryover | E55: =SUM(E15:E54) -> 0 | G55: =SUM(G15:G54) -> 0 | H55: =SUM(H15:H54) -> 0 | K55: =SUM(K15:K54) -> 0 | L55: =SUM(L15:L54) -> 0
C58: Remaining Amount to Allocate (Check Figure) | E58: =+E8-E10-E55 -> 0 | G58: =+G8-G10-G55 -> 0 | H58: =+H8-H10-H55 -> 0 | I58: =+I8-I10-I55 -> 0 | K58: =+K8-K10-K55 -> 0 | L58: =+L8-L10-L55 -> 0
B60: Uncommitted | E60: =+E10 -> 0 | G60: =+G10 -> 0 | H60: =+H10 -> 0 | I60: =+I10 -> 0 | K60: =+K10 -> 0 | L60: =+L10 -> 0
B61: Faculty Startup Commitments | E61: =SUMIFS(E$15:E$54,$D$15:$D$54,$B61) -> 0 | G61: =SUMIFS(G$15:G$54,$D$15:$D$54,$B61) -> 0 | H61: =SUMIFS(H$15:H$54,$D$15:$D$54,$B61) -> 0 | K61: =SUMIFS(K$15:K$54,$D$15:$D$54,$B61) -> 0 | L61: =SUMIFS(L$15:L$54,$D$15:$D$54,$B61) -> 0
B62: Equipment | E62: =SUMIFS(E$15:E$54,$D$15:$D$54,$B62) -> 0 | G62: =SUMIFS(G$15:G$54,$D$15:$D$54,$B62) -> 0 | H62: =SUMIFS(H$15:H$54,$D$15:$D$54,$B62) -> 0 | K62: =SUMIFS(K$15:K$54,$D$15:$D$54,$B62) -> 0 | L62: =SUMIFS(L$15:L$54,$D$15:$D$54,$B62) -> 0
B63: Facility/Space Investments | E63: =SUMIFS(E$15:E$54,$D$15:$D$54,$B63) -> 0 | G63: =SUMIFS(G$15:G$54,$D$15:$D$54,$B63) -> 0 | H63: =SUMIFS(H$15:H$54,$D$15:$D$54,$B63) -> 0 | K63: =SUMIFS(K$15:K$54,$D$15:$D$54,$B63) -> 0 | L63: =SUMIFS(L$15:L$54,$D$15:$D$54,$B63) -> 0
B64: Professional Development | E64: =SUMIFS(E$15:E$54,$D$15:$D$54,$B64) -> 0 | G64: =SUMIFS(G$15:G$54,$D$15:$D$54,$B64) -> 0 | H64: =SUMIFS(H$15:H$54,$D$15:$D$54,$B64) -> 0 | K64: =SUMIFS(K$15:K$54,$D$15:$D$54,$B64) -> 0 | L64: =SUMIFS(L$15:L$54,$D$15:$D$54,$B64) -> 0
B65: Recruitment | E65: =SUMIFS(E$15:E$54,$D$15:$D$54,$B65) -> 0 | G65: =SUMIFS(G$15:G$54,$D$15:$D$54,$B65) -> 0 | H65: =SUMIFS(H$15:H$54,$D$15:$D$54,$B65) -> 0 | K65: =SUMIFS(K$15:K$54,$D$15:$D$54,$B65) -> 0 | L65: =SUMIFS(L$15:L$54,$D$15:$D$54,$B65) -> 0
B66: Research Initiatives | E66: =SUMIFS(E$15:E$54,$D$15:$D$54,$B66) -> 0 | G66: =SUMIFS(G$15:G$54,$D$15:$D$54,$B66) -> 0 | H66: =SUMIFS(H$15:H$54,$D$15:$D$54,$B66) -> 0 | K66: =SUMIFS(K$15:K$54,$D$15:$D$54,$B66) -> 0 | L66: =SUMIFS(L$15:L$54,$D$15:$D$54,$B66) -> 0
B67: Initiatives, other than Research | E67: =SUMIFS(E$15:E$54,$D$15:$D$54,$B67) -> 0 | G67: =SUMIFS(G$15:G$54,$D$15:$D$54,$B67) -> 0 | H67: =SUMIFS(H$15:H$54,$D$15:$D$54,$B67) -> 0 | K67: =SUMIFS(K$15:K$54,$D$15:$D$54,$B67) -> 0 | L67: =SUMIFS(L$15:L$54,$D$15:$D$54,$B67) -> 0
B68: Temporary Salaries & Benefits | E68: =SUMIFS(E$15:E$54,$D$15:$D$54,$B68) -> 0 | G68: =SUMIFS(G$15:G$54,$D$15:$D$54,$B68) -> 0 | H68: =SUMIFS(H$15:H$54,$D$15:$D$54,$B68) -> 0 | K68: =SUMIFS(K$15:K$54,$D$15:$D$54,$B68) -> 0 | L68: =SUMIFS(L$15:L$54,$D$15:$D$54,$B68) -> 0
B69: Workday HR/FT | E69: =SUMIFS(E$15:E$54,$D$15:$D$54,$B69) -> 0 | G69: =SUMIFS(G$15:G$54,$D$15:$D$54,$B69) -> 0 | H69: =SUMIFS(H$15:H$54,$D$15:$D$54,$B69) -> 0 | K69: =SUMIFS(K$15:K$54,$D$15:$D$54,$B69) -> 0 | L69: =SUMIFS(L$15:L$54,$D$15:$D$54,$B69) -> 0
B70: Other (be specific in description) | E70: =SUMIFS(E$15:E$54,$D$15:$D$54,$B70) -> 0 | G70: =SUMIFS(G$15:G$54,$D$15:$D$54,$B70) -> 0 | H70: =SUMIFS(H$15:H$54,$D$15:$D$54,$B70) -> 0 | K70: =SUMIFS(K$15:K$54,$D$15:$D$54,$B70) -> 0 | L70: =SUMIFS(L$15:L$54,$D$15:$D$54,$B70) -> 0
B71: Category not provided | E71: =SUMIFS(E$15:E$54,$D$15:$D$54,$D71) -> 0 | G71: =SUMIFS(G$15:G$54,$D$15:$D$54,$D71) -> 0 | H71: =SUMIFS(H$15:H$54,$D$15:$D$54,$D71) -> 0 | K71: =SUMIFS(K$15:K$54,$D$15:$D$54,$D71) -> 0 | L71: =SUMIFS(L$15:L$54,$D$15:$D$54,$D71) -> 0
B72: Committed to a Specific Use | E72: =SUM(E61:E71) -> 0 | G72: =SUM(G61:G71) -> 0 | H72: =SUM(H61:H71) -> 0 | K72: =SUM(K61:K71) -> 0 | L72: =SUM(L61:L71) -> 0
B74: % Committed | E74: =IFERROR(+E72/E8,"") | G74: =IFERROR(+G72/G8,"") | H74: =IFERROR(+H72/H8,"") | I74: =IFERROR(+I72/I8,"") | K74: =IFERROR(+K72/K8,"") | L74: =IFERROR(+L72/L8,"")
B75: % Uncommitted | E75: =IFERROR(E60/E8,"") | G75: =IFERROR(G60/G8,"") | H75: =IFERROR(H60/H8,"") | I75: =IFERROR(I60/I8,"") | K75: =IFERROR(K60/K8,"") | L75: =IFERROR(L60/L8,"")
A77: 1. Current policy suggests that Seattle units maintain uncommitted reserve levels of 10% of permanent GOF/DOF. This policy is subject to change. Reference https://www.washington.edu/opb/uw-budget/budget-policies/ for details.

Sheet OPB Analysis Tab
B4: Unit Reviewed | H4: =LastModified() -> #NAME?
B5: Reviewed By | M5: GOF | P5: FY18 | Q5: FY19 | R5: FY20 | S5: FY21 | T5: FY22 | U5: FY23 | V5: FY24 | W5: FY25
B6: Peer Reviewed By: | H6: **Do Not Modify Sheet** | N6: Revenues/Budget Authority | P6: =+GOF!B15 -> 0 | Q6: =+GOF!C15 -> 0 | R6: =+GOF!E15 -> 0 | S6: =+GOF!H15 -> 0 | T6: =+GOF!K15 -> 0 | U6: =+GOF!L15 -> 0 | V6: =+GOF!O15 -> 0 | W6: =+GOF!P15 -> 0
O7: Net Change | Q7: =IFERROR((Q6-P6)/P6,"") | R7: =IFERROR((R6-Q6)/Q6,"") | S7: =IFERROR((S6-R6)/R6,"") | T7: =IFERROR((T6-S6)/S6,"") | U7: =IFERROR((U6-T6)/T6,"") | V7: =IFERROR((V6-U6)/U6,"") | W7: =IFERROR((W6-V6)/V6,"")
A8: Analyst Confirmations | N8: Expenditures | P8: =+GOF!B32 -> 0 | Q8: =+GOF!C32 -> 0 | R8: =+GOF!E32 -> 0 | S8: =+GOF!H32 -> 0 | T8: =+GOF!K32 -> 0 | U8: =+GOF!L32 -> 0 | V8: =+GOF!O32 -> 0 | W8: =+GOF!P32 -> 0
A9: General Observations & Reviewer Comments | O9: Net Change | Q9: =IFERROR((Q8-P8)/P8,"") | R9: =IFERROR((R8-Q8)/Q8,"") | S9: =IFERROR((S8-R8)/R8,"") | T9: =IFERROR((T8-S8)/S8,"") | U9: =IFERROR((U8-T8)/T8,"") | V9: =IFERROR((V8-U8)/U8,"") | W9: =IFERROR((W8-V8)/V8,"")
N10: Surplus (Deficit) | P10: =+P6-P8 -> 0 | Q10: =+Q6-Q8 -> 0 | R10: =+R6-R8 -> 0 | S10: =+S6-S8 -> 0 | T10: =+T6-T8 -> 0 | U10: =+U6-U8 -> 0 | V10: =+V6-V8 -> 0 | W10: =+W6-W8 -> 0
O11: Net Change | Q11: =IFERROR(IF(Q10<0,(Q10-P10)/ABS(P10),(Q10-P10)/(P10)),"") | R11: =IFERROR(IF(R10<0,(R10-Q10)/ABS(Q10),(R10-Q10)/(Q10)),"") | S11: =IFERROR(IF(S10<0,(S10-R10)/ABS(R10),(S10-R10)/(R10)),"") | T11: =IFERROR(IF(T10<0,(T10-S10)/ABS(S10),(T10-S10)/(S10)),"") | U11: =IFERROR(IF(U10<0,(U10-T10)/ABS(T10),(U10-T10)/(T10)),"") | V11: =IFERROR(IF(V10<0,(V10-U10)/ABS(U10),(V10-U10)/(U10)),"") | W11: =IFERROR(IF(W10<0,(W10-V10)/ABS(V10),(W10-V10)/(V10)),"")
M13: DOF | P13: FY18 | Q13: FY19 | R13: FY20 | S13: FY21 | T13: FY22 | U13: FY23 | V13: FY24 | W13: FY25
N14: Total Budget Authority | P14: =+DOF!B12 -> 0 | Q14: =+DOF!C12 -> 0 | R14: =+DOF!E12 -> 0 | S14: =+DOF!H12 -> 0 | T14: =+DOF!K12 -> 0 | U14: =+DOF!L12 -> 0 | V14: =+DOF!O12 -> 0 | W14: =+DOF!P12 -> 0
O15: Net Change | Q15: =IFERROR((Q14-P14)/P14,"") | R15: =IFERROR((R14-Q14)/Q14,"") | S15: =IFERROR((S14-R14)/R14,"") | T15: =IFERROR((T14-S14)/S14,"") | U15: =IFERROR((U14-T14)/T14,"") | V15: =IFERROR((V14-U14)/U14,"") | W15: =IFERROR((W14-V14)/V14,"")
N16: Total Expenditures | P16: =+DOF!B29 -> 0 | Q16: =+DOF!C29 -> 0 | R16: =+DOF!E29 -> 0 | S16: =+DOF!H29 -> 0 | T16: =+DOF!K29 -> 0 | U16: =+DOF!L29 -> 0 | V16: =+DOF!O29 -> 0 | W16: =+DOF!P29 -> 0
O17: Net Change | Q17: =IFERROR((Q16-P16)/P16,"") | R17: =IFERROR((R16-Q16)/Q16,"") | S17: =IFERROR((S16-R16)/R16,"") | T17: =IFERROR((T16-S16)/S16,"") | U17: =IFERROR((U16-T16)/T16,"") | V17: =IFERROR((V16-U16)/U16,"") | W17: =IFERROR((W16-V16)/V16,"")
N18: Surplus (Deficit) | P18: =+P14-P16 -> 0 | Q18: =+Q14-Q16 -> 0 | R18: =+R14-R16 -> 0 | S18: =+S14-S16 -> 0 | T18: =+T14-T16 -> 0 | U18: =+U14-U16 -> 0 | V18: =+V14-V16 -> 0 | W18: =+W14-W16 -> 0
O19: Net Change | Q19: =IFERROR(IF(Q18<0,(Q18-P18)/ABS(P18),(Q18-P18)/(P18)),"") | R19: =IFERROR(IF(R18<0,(R18-Q18)/ABS(Q18),(R18-Q18)/(Q18)),"") | S19: =IFERROR(IF(S18<0,(S18-R18)/ABS(R18),(S18-R18)/(R18)),"") | T19: =IFERROR(IF(T18<0,(T18-S18)/ABS(S18),(T18-S18)/(S18)),"") | U19: =IFERROR(IF(U18<0,(U18-T18)/ABS(T18),(U18-T18)/(T18)),"") | V19: =IFERROR(IF(V18<0,(V18-U18)/ABS(U18),(V18-U18)/(U18)),"") | W19: =IFERROR(IF(W18<0,(W18-V18)/ABS(V18),(W18-V18)/(V18)),"")
A20: Qualitative Assessment Observations
M21: Special Appropriations | P21: FY18 | Q21: FY19 | R21: FY20 | S21: FY21 | T21: FY22 | U21: FY23 | V21: FY24 | W21: FY25
N22: Total Budget Authority | P22: =+'Special State Appropriations'!B12 -> 0 | Q22: =+'Special State Appropriations'!C12 -> 0 | R22: =+'Special State Appropriations'!E12 -> 0 | S22: =+'Special State Appropriations'!H12 -> 0 | T22: =+'Special State Appropriations'!K12 -> 0 | U22: =+'Special State Appropriations'!L12 -> 0 | V22: =+'Special State Appropriations'!O12 -> 0 | W22: =+'Special State Appropriations'!P12 -> 0
O23: Net Change | Q23: =IFERROR((Q22-P22)/P22,"") | R23: =IFERROR((R22-Q22)/Q22,"") | S23: =IFERROR((S22-R22)/R22,"") | T23: =IFERROR((T22-S22)/S22,"") | U23: =IFERROR((U22-T22)/T22,"") | V23: =IFERROR((V22-U22)/U22,"") | W23: =IFERROR((W22-V22)/V22,"")
N24: Total Expenditures | P24: =+'Special State Appropriations'!B29 -> 0 | Q24: =+'Special State Appropriations'!C29 -> 0 | R24: =+'Special State Appropriations'!E29 -> 0 | S24: =+'Special State Appropriations'!H29 -> 0 | T24: =+'Special State Appropriations'!K29 -> 0 | U24: =+'Special State Appropriations'!L29 -> 0 | V24: =+'Special State Appropriations'!O29 -> 0 | W24: =+'Special State Appropriations'!P29 -> 0
O25: Net Change | Q25: =IFERROR((Q24-P24)/P24,"") | R25: =IFERROR((R24-Q24)/Q24,"") | S25: =IFERROR((S24-R24)/R24,"") | T25: =IFERROR((T24-S24)/S24,"") | U25: =IFERROR((U24-T24)/T24,"") | V25: =IFERROR((V24-U24)/U24,"") | W25: =IFERROR((W24-V24)/V24,"")
N26: Surplus (Deficit) | P26: =+P22-P24 -> 0 | Q26: =+Q22-Q24 -> 0 | R26: =+R22-R24 -> 0 | S26: =+S22-S24 -> 0 | T26: =+T22-T24 -> 0 | U26: =+U22-U24 -> 0 | V26: =+V22-V24 -> 0 | W26: =+W22-W24 -> 0
O27: Net Change | Q27: =IFERROR((Q26-P26)/P26,"") | R27: =IFERROR(IF(R26<0,(R26-Q26)/ABS(Q26),(R26-Q26)/(Q26)),"") | S27: =IFERROR(IF(S26<0,(S26-R26)/ABS(R26),(S26-R26)/(R26)),"") | T27: =IFERROR(IF(T26<0,(T26-S26)/ABS(S26),(T26-S26)/(S26)),"") | U27: =IFERROR(IF(U26<0,(U26-T26)/ABS(T26),(U26-T26)/(T26)),"") | V27: =IFERROR(IF(V26<0,(V26-U26)/ABS(U26),(V26-U26)/(U26)),"") | W27: =IFERROR(IF(W26<0,(W26-V26)/ABS(V26),(W26-V26)/(V26)),"")
A29: Alternative Assumptions | M29: Practice Plan | P29: FY18 | Q29: FY19 | R29: FY20 | S29: FY21 | T29: FY22 | U29: FY23 | V29: FY24 | W29: FY25
N30: Total Budget Authority | P30: =+'Practice Plan'!B11 -> 0 | Q30: =+'Practice Plan'!C11 -> 0 | R30: =+'Practice Plan'!E11 -> 0 | S30: =+'Practice Plan'!H11 -> 0 | T30: =+'Practice Plan'!K11 -> 0 | U30: =+'Practice Plan'!L11 -> 0 | V30: =+'Practice Plan'!O11 -> 0 | W30: =+'Practice Plan'!P11 -> 0
O31: Net Change | Q31: =IFERROR((Q30-P30)/P30,"") | R31: =IFERROR((R30-Q30)/Q30,"") | S31: =IFERROR((S30-R30)/R30,"") | T31: =IFERROR((T30-S30)/S30,"") | U31: =IFERROR((U30-T30)/T30,"") | V31: =IFERROR((V30-U30)/U30,"") | W31: =IFERROR((W30-V30)/V30,"")
N32: Total Expenditures | P32: =+'Practice Plan'!B28 -> 0 | Q32: =+'Practice Plan'!C28 -> 0 | R32: =+'Practice Plan'!E28 -> 0 | S32: =+'Practice Plan'!H28 -> 0 | T32: =+'Practice Plan'!K28 -> 0 | U32: =+'Practice Plan'!L28 -> 0 | V32: ='Practice Plan'!O28 -> 0 | W32: ='Practice Plan'!P28 -> 0
O33: Net Change | Q33: =IFERROR((Q32-P32)/P32,"") | R33: =IFERROR((R32-Q32)/Q32,"") | S33: =IFERROR((S32-R32)/R32,"") | T33: =IFERROR((T32-S32)/S32,"") | U33: =IFERROR((U32-T32)/T32,"") | V33: =IFERROR((V32-U32)/U32,"") | W33: =IFERROR((W32-V32)/V32,"")
N34: Surplus (Deficit) | P34: =+P30-P32 -> 0 | Q34: =+Q30-Q32 -> 0 | R34: =+R30-R32 -> 0 | S34: =+S30-S32 -> 0 | T34: =+T30-T32 -> 0 | U34: =+U30-U32 -> 0 | V34: =+V30-V32 -> 0 | W34: =+W30-W32 -> 0
O35: Net Change | Q35: =IFERROR(IF(Q34<0,(Q34-P34)/ABS(P34),(Q34-P34)/(P34)),"") | R35: =IFERROR(IF(R34<0,(R34-Q34)/ABS(Q34),(R34-Q34)/(Q34)),"") | S35: =IFERROR(IF(S34<0,(S34-R34)/ABS(R34),(S34-R34)/(R34)),"") | T35: =IFERROR(IF(T34<0,(T34-S34)/ABS(S34),(T34-S34)/(S34)),"") | U35: =IFERROR(IF(U34<0,(U34-T34)/ABS(T34),(U34-T34)/(T34)),"") | V35: =IFERROR(IF(V34<0,(V34-U34)/ABS(U34),(V34-U34)/(U34)),"") | W35: =IFERROR(IF(W34<0,(W34-V34)/ABS(V34),(W34-V34)/(V34)),"")
A36: Carryover Usage Plan
M37: Sponsored Projects | P37: FY18 | Q37: FY19 | R37: FY20 | S37: FY21 | T37: FY22 | U37: FY23 | V37: FY24 | W37: FY25
N38: Total Budget Authority | P38: =+'Sponsored Projects'!B11 -> 0 | Q38: =+'Sponsored Projects'!C11 -> 0 | R38: =+'Sponsored Projects'!E11 -> 0 | S38: =+'Sponsored Projects'!H11 -> 0 | T38: =+'Sponsored Projects'!K11 -> 0 | U38: =+'Sponsored Projects'!L11 -> 0 | V38: =+'Sponsored Projects'!O11 -> 0 | W38: =+'Sponsored Projects'!P11 -> 0
O39: Net Change | Q39: =IFERROR((Q38-P38)/P38,"") | R39: =IFERROR((R38-Q38)/Q38,"") | S39: =IFERROR((S38-R38)/R38,"") | T39: =IFERROR((T38-S38)/S38,"") | U39: =IFERROR((U38-T38)/T38,"") | V39: =IFERROR((V38-U38)/U38,"") | W39: =IFERROR((W38-V38)/V38,"")
N40: Total Expenditures | P40: =+'Sponsored Projects'!B28 -> 0 | Q40: =+'Sponsored Projects'!C28 -> 0 | R40: =+'Sponsored Projects'!E28 -> 0 | S40: =+'Sponsored Projects'!H28 -> 0 | T40: =+'Sponsored Projects'!K28 -> 0 | U40: =+'Sponsored Projects'!L28 -> 0 | V40: =+'Sponsored Projects'!O28 -> 0 | W40: =+'Sponsored Projects'!P28 -> 0
O41: Net Change | Q41: =IFERROR((Q40-P40)/P40,"") | R41: =IFERROR((R40-Q40)/Q40,"") | S41: =IFERROR((S40-R40)/R40,"") | T41: =IFERROR((T40-S40)/S40,"") | U41: =IFERROR((U40-T40)/T40,"") | V41: =IFERROR((V40-U40)/U40,"") | W41: =IFERROR((W40-V40)/V40,"")
N42: Surplus (Deficit) | P42: =+P38-P40 -> 0 | Q42: =+Q38-Q40 -> 0 | R42: =+R38-R40 -> 0 | S42: =+S38-S40 -> 0 | T42: =+T38-T40 -> 0 | U42: =+U38-U40 -> 0 | V42: =+V38-V40 -> 0 | W42: =+W38-W40 -> 0
A43: Outstanding Questions or Concerns | O43: Net Change | Q43: =IFERROR(IF(Q42<0,(Q42-P42)/ABS(P42),(Q42-P42)/(P42)),"") | R43: =IFERROR(IF(R42<0,(R42-Q42)/ABS(Q42),(R42-Q42)/(Q42)),"") | S43: =IFERROR(IF(S42<0,(S42-R42)/ABS(R42),(S42-R42)/(R42)),"") | T43: =IFERROR(IF(T42<0,(T42-S42)/ABS(S42),(T42-S42)/(S42)),"") | U43: =IFERROR(IF(U42<0,(U42-T42)/ABS(T42),(U42-T42)/(T42)),"") | V43: =IFERROR(IF(V42<0,(V42-U42)/ABS(U42),(V42-U42)/(U42)),"") | W43: =IFERROR(IF(W42<0,(W42-V42)/ABS(V42),(W42-V42)/(V42)),"")
M45: Student Aid | P45: FY18 | Q45: FY19 | R45: FY20 | S45: FY21 | T45: FY22 | U45: FY23 | V45: FY24 | W45: FY25
N46: Total Budget Authority | P46: =+'Student Aid'!B11 -> 0 | Q46: =+'Student Aid'!C11 -> 0 | R46: =+'Student Aid'!E11 -> 0 | S46: =+'Student Aid'!H11 -> 0 | T46: =+'Student Aid'!K11 -> 0 | U46: =+'Student Aid'!L11 -> 0 | V46: =+'Student Aid'!O11 -> 0 | W46: =+'Student Aid'!P11 -> 0
O47: Net Change | Q47: =IFERROR((Q46-P46)/P46,"") | R47: =IFERROR((R46-Q46)/Q46,"") | S47: =IFERROR((S46-R46)/R46,"") | T47: =IFERROR((T46-S46)/S46,"") | U47: =IFERROR((U46-T46)/T46,"") | V47: =IFERROR((V46-U46)/U46,"") | W47: =IFERROR((W46-V46)/V46,"")
N48: Total Expenditures | P48: =+'Student Aid'!B28 -> 0 | Q48: =+'Student Aid'!C28 -> 0 | R48: =+'Student Aid'!E28 -> 0 | S48: =+'Student Aid'!H28 -> 0 | T48: =+'Student Aid'!K28 -> 0 | U48: =+'Student Aid'!L28 -> 0 | V48: =+'Student Aid'!O28 -> 0 | W48: =+'Student Aid'!P28 -> 0
O49: Net Change | Q49: =IFERROR((Q48-P48)/P48,"") | R49: =IFERROR((R48-Q48)/Q48,"") | S49: =IFERROR((S48-R48)/R48,"") | T49: =IFERROR((T48-S48)/S48,"") | U49: =IFERROR((U48-T48)/T48,"") | V49: =IFERROR((V48-U48)/U48,"") | W49: =IFERROR((W48-V48)/V48,"")
N50: Surplus (Deficit) | P50: =+P46-P48 -> 0 | Q50: =+Q46-Q48 -> 0 | R50: =+R46-R48 -> 0 | S50: =+S46-S48 -> 0 | T50: =+T46-T48 -> 0 | U50: =+U46-U48 -> 0 | V50: =+V46-V48 -> 0 | W50: =+W46-W48 -> 0
O51: Net Change | Q51: =IFERROR(IF(Q50<0,(Q50-P50)/ABS(P50),(Q50-P50)/(P50)),"") | R51: =IFERROR(IF(R50<0,(R50-Q50)/ABS(Q50),(R50-Q50)/(Q50)),"") | S51: =IFERROR(IF(S50<0,(S50-R50)/ABS(R50),(S50-R50)/(R50)),"") | T51: =IFERROR(IF(T50<0,(T50-S50)/ABS(S50),(T50-S50)/(S50)),"") | U51: =IFERROR(IF(U50<0,(U50-T50)/ABS(T50),(U50-T50)/(T50)),"") | V51: =IFERROR(IF(V50<0,(V50-U50)/ABS(U50),(V50-U50)/(U50)),"") | W51: =IFERROR(IF(W50<0,(W50-V50)/ABS(V50),(W50-V50)/(V50)),"")
M53: Grants & Contracts - Others | P53: FY18 | Q53: FY19 | R53: FY20 | S53: FY21 | T53: FY22 | U53: FY23 | V53: FY24 | W53: FY25
N54: Total Budget Authority | P54: =+'Other Grant-Contract Types'!B11 -> 0 | Q54: =+'Other Grant-Contract Types'!C11 -> 0 | R54: =+'Other Grant-Contract Types'!E11 -> 0 | S54: =+'Other Grant-Contract Types'!H11 -> 0 | T54: =+'Other Grant-Contract Types'!K11 -> 0 | U54: =+'Other Grant-Contract Types'!L11 -> 0 | V54: =+'Other Grant-Contract Types'!O11 -> 0 | W54: =+'Other Grant-Contract Types'!P11 -> 0
O55: Net Change | Q55: =IFERROR((Q54-P54)/P54,"") | R55: =IFERROR((R54-Q54)/Q54,"") | S55: =IFERROR((S54-R54)/R54,"") | T55: =IFERROR((T54-S54)/S54,"") | U55: =IFERROR((U54-T54)/T54,"") | V55: =IFERROR((V54-U54)/U54,"") | W55: =IFERROR((W54-V54)/V54,"")
N56: Total Expenditures | P56: =+'Other Grant-Contract Types'!B28 -> 0 | Q56: =+'Other Grant-Contract Types'!C28 -> 0 | R56: =+'Other Grant-Contract Types'!E28 -> 0 | S56: =+'Other Grant-Contract Types'!H28 -> 0 | T56: =+'Other Grant-Contract Types'!K28 -> 0 | U56: =+'Other Grant-Contract Types'!L28 -> 0 | V56: =+'Other Grant-Contract Types'!O28 -> 0 | W56: =+'Other Grant-Contract Types'!P28 -> 0
O57: Net Change | Q57: =IFERROR((Q56-P56)/P56,"") | R57: =IFERROR((R56-Q56)/Q56,"") | S57: =IFERROR((S56-R56)/R56,"") | T57: =IFERROR((T56-S56)/S56,"") | U57: =IFERROR((U56-T56)/T56,"") | V57: =IFERROR((V56-U56)/U56,"") | W57: =IFERROR((W56-V56)/V56,"")
N58: Surplus (Deficit) | P58: =+P54-P56 -> 0 | Q58: =+Q54-Q56 -> 0 | R58: =+R54-R56 -> 0 | S58: =+S54-S56 -> 0 | T58: =+T54-T56 -> 0 | U58: =+U54-U56 -> 0 | V58: =+V54-V56 -> 0 | W58: =+W54-W56 -> 0
O59: Net Change | Q59: =IFERROR(IF(Q58<0,(Q58-P58)/ABS(P58),(Q58-P58)/(P58)),"") | R59: =IFERROR(IF(R58<0,(R58-Q58)/ABS(Q58),(R58-Q58)/(Q58)),"") | S59: =IFERROR(IF(S58<0,(S58-R58)/ABS(R58),(S58-R58)/(R58)),"") | T59: =IFERROR(IF(T58<0,(T58-S58)/ABS(S58),(T58-S58)/(S58)),"") | U59: =IFERROR(IF(U58<0,(U58-T58)/ABS(T58),(U58-T58)/(T58)),"") | V59: =IFERROR(IF(V58<0,(V58-U58)/ABS(U58),(V58-U58)/(U58)),"") | W59: =IFERROR(IF(W58<0,(W58-V58)/ABS(V58),(W58-V58)/(V58)),"")
M61: Philanthropy - Gifts & Discretionary | P61: FY18 | Q61: FY19 | R61: FY20 | S61: FY21 | T61: FY22 | U61: FY23 | V61: FY24 | W61: FY25
N62: Total Budget Authority | P62: =+'Gifts-Discretionary'!B11 -> 0 | Q62: =+'Gifts-Discretionary'!C11 -> 0 | R62: =+'Gifts-Discretionary'!E11 -> 0 | S62: =+'Gifts-Discretionary'!H11 -> 0 | T62: =+'Gifts-Discretionary'!K11 -> 0 | U62: =+'Gifts-Discretionary'!L11 -> 0 | V62: =+'Gifts-Discretionary'!O11 -> 0 | W62: =+'Gifts-Discretionary'!P11 -> 0
O63: Net Change | Q63: =IFERROR((Q62-P62)/P62,"") | R63: =IFERROR((R62-Q62)/Q62,"") | S63: =IFERROR((S62-R62)/R62,"") | T63: =IFERROR((T62-S62)/S62,"") | U63: =IFERROR((U62-T62)/T62,"") | V63: =IFERROR((V62-U62)/U62,"") | W63: =IFERROR((W62-V62)/V62,"")
N64: Total Expenditures | P64: =+'Gifts-Discretionary'!B28 -> 0 | Q64: =+'Gifts-Discretionary'!C28 -> 0 | R64: =+'Gifts-Discretionary'!E28 -> 0 | S64: =+'Gifts-Discretionary'!H28 -> 0 | T64: =+'Gifts-Discretionary'!K28 -> 0 | U64: =+'Gifts-Discretionary'!L28 -> 0 | V64: =+'Gifts-Discretionary'!O28 -> 0 | W64: =+'Gifts-Discretionary'!P28 -> 0
O65: Net Change | Q65: =IFERROR((Q64-P64)/P64,"") | R65: =IFERROR((R64-Q64)/Q64,"") | S65: =IFERROR((S64-R64)/R64,"") | T65: =IFERROR((T64-S64)/S64,"") | U65: =IFERROR((U64-T64)/T64,"") | V65: =IFERROR((V64-U64)/U64,"") | W65: =IFERROR((W64-V64)/V64,"")
N66: Surplus (Deficit) | P66: =+P62-P64 -> 0 | Q66: =+Q62-Q64 -> 0 | R66: =+R62-R64 -> 0 | S66: =+S62-S64 -> 0 | T66: =+T62-T64 -> 0 | U66: =+U62-U64 -> 0 | V66: =+V62-V64 -> 0 | W66: =+W62-W64 -> 0
O67: Net Change | Q67: =IFERROR(IF(Q66<0,(Q66-P66)/ABS(P66),(Q66-P66)/(P66)),"") | R67: =IFERROR(IF(R66<0,(R66-Q66)/ABS(Q66),(R66-Q66)/(Q66)),"") | S67: =IFERROR(IF(S66<0,(S66-R66)/ABS(R66),(S66-R66)/(R66)),"") | T67: =IFERROR(IF(T66<0,(T66-S66)/ABS(S66),(T66-S66)/(S66)),"") | U67: =IFERROR(IF(U66<0,(U66-T66)/ABS(T66),(U66-T66)/(T66)),"") | V67: =IFERROR(IF(V66<0,(V66-U66)/ABS(U66),(V66-U66)/(U66)),"") | W67: =IFERROR(IF(W66<0,(W66-V66)/ABS(V66),(W66-V66)/(V66)),"")
M69: Self Sustaining | P69: FY18 | Q69: FY19 | R69: FY20 | S69: FY21 | T69: FY22 | U69: FY23 | V69: FY24 | W69: FY25
N70: Total Budget Authority | P70: =+'Self Sustaining'!B11 -> 0 | Q70: =+'Self Sustaining'!C11 -> 0 | R70: =+'Self Sustaining'!E11 -> 0 | S70: =+'Self Sustaining'!H11 -> 0 | T70: =+'Self Sustaining'!K11 -> 0 | U70: =+'Self Sustaining'!L11 -> 0 | V70: =+'Self Sustaining'!O11 -> 0 | W70: =+'Self Sustaining'!P11 -> 0
O71: Net Change | Q71: =IFERROR((Q70-P70)/P70,"") | R71: =IFERROR((R70-Q70)/Q70,"") | S71: =IFERROR((S70-R70)/R70,"") | T71: =IFERROR((T70-S70)/S70,"") | U71: =IFERROR((U70-T70)/T70,"") | V71: =IFERROR((V70-U70)/U70,"") | W71: =IFERROR((W70-V70)/V70,"")
N72: Total Expenditures | P72: =+'Self Sustaining'!B28 -> 0 | Q72: =+'Self Sustaining'!C28 -> 0 | R72: =+'Self Sustaining'!E28 -> 0 | S72: =+'Self Sustaining'!H28 -> 0 | T72: =+'Self Sustaining'!K28 -> 0 | U72: =+'Self Sustaining'!L28 -> 0 | V72: =+'Self Sustaining'!O28 -> 0 | W72: =+'Self Sustaining'!P28 -> 0
O73: Net Change | Q73: =IFERROR((Q72-P72)/P72,"") | R73: =IFERROR((R72-Q72)/Q72,"") | S73: =IFERROR((S72-R72)/R72,"") | T73: =IFERROR((T72-S72)/S72,"") | U73: =IFERROR((U72-T72)/T72,"") | V73: =IFERROR((V72-U72)/U72,"") | W73: =IFERROR((W72-V72)/V72,"")
N74: Surplus (Deficit) | P74: =+P70-P72 -> 0 | Q74: =+Q70-Q72 -> 0 | R74: =+R70-R72 -> 0 | S74: =+S70-S72 -> 0 | T74: =+T70-T72 -> 0 | U74: =+U70-U72 -> 0 | V74: =+V70-V72 -> 0 | W74: =+W70-W72 -> 0
O75: Net Change | Q75: =IFERROR(IF(Q74<0,(Q74-P74)/ABS(P74),(Q74-P74)/(P74)),"") | R75: =IFERROR(IF(R74<0,(R74-Q74)/ABS(Q74),(R74-Q74)/(Q74)),"") | S75: =IFERROR(IF(S74<0,(S74-R74)/ABS(R74),(S74-R74)/(R74)),"") | T75: =IFERROR(IF(T74<0,(T74-S74)/ABS(S74),(T74-S74)/(S74)),"") | U75: =IFERROR(IF(U74<0,(U74-T74)/ABS(T74),(U74-T74)/(T74)),"") | V75: =IFERROR(IF(V74<0,(V74-U74)/ABS(U74),(V74-U74)/(U74)),"") | W75: =IFERROR(IF(W74<0,(W74-V74)/ABS(V74),(W74-V74)/(V74)),"")
M77: Summary - Check | P77: FY18 | Q77: FY19 | R77: FY20 | S77: FY21 | T77: FY22 | U77: FY23 | V77: FY24 | W77: FY25
N78: Total Budget Authority | P78: =+'All Funds Rollup'!B26 -> 0 | Q78: =+'All Funds Rollup'!C26 -> 0 | R78: =+'All Funds Rollup'!F26 -> 0 | S78: =+'All Funds Rollup'!I26 -> 0 | T78: =+'All Funds Rollup'!K26 -> 0 | U78: =+'All Funds Rollup'!L26 -> 0 | V78: =+'All Funds Rollup'!O26 -> 0 | W78: =+'All Funds Rollup'!P26 -> 0
O79: Net Change | Q79: =IFERROR((Q78-P78)/P78,"") | R79: =IFERROR((R78-Q78)/Q78,"") | S79: =IFERROR((S78-R78)/R78,"") | T79: =IFERROR((T78-S78)/S78,"") | U79: =IFERROR((U78-T78)/T78,"") | V79: =IFERROR((V78-U78)/U78,"") | W79: =IFERROR((W78-V78)/V78,"")
N80: Total Expenditures | P80: =+'All Funds Rollup'!B43 -> 0 | Q80: =+'All Funds Rollup'!C43 -> 0 | R80: =+'All Funds Rollup'!F43 -> 0 | S80: =+'All Funds Rollup'!I43 -> 0 | T80: =+'All Funds Rollup'!K43 -> 0 | U80: =+'All Funds Rollup'!L43 -> 0 | V80: =+'All Funds Rollup'!O43 -> 0 | W80: =+'All Funds Rollup'!P43 -> 0
O81: Net Change | Q81: =IFERROR((Q80-P80)/P80,"") | R81: =IFERROR((R80-Q80)/Q80,"") | S81: =IFERROR((S80-R80)/R80,"") | T81: =IFERROR((T80-S80)/S80,"") | U81: =IFERROR((U80-T80)/T80,"") | V81: =IFERROR((V80-U80)/U80,"") | W81: =IFERROR((W80-V80)/V80,"")
N82: Consolidated Surplus(Deficit) | P82: =+P78-P80 -> 0 | Q82: =+Q78-Q80 -> 0 | R82: =+R78-R80 -> 0 | S82: =+S78-S80 -> 0 | T82: =+T78-T80 -> 0 | U82: =+U78-U80 -> 0 | V82: =+V78-V80 -> 0 | W82: =+W78-W80 -> 0
O83: Net Change | Q83: =IFERROR(IF(Q82<0,(Q82-P82)/ABS(P82),(Q82-P82)/(P82)),"") | R83: =IFERROR(IF(R82<0,(R82-Q82)/ABS(Q82),(R82-Q82)/(Q82)),"") | S83: =IFERROR(IF(S82<0,(S82-R82)/ABS(R82),(S82-R82)/(R82)),"") | T83: =IFERROR(IF(T82<0,(T82-S82)/ABS(S82),(T82-S82)/(S82)),"") | U83: =IFERROR(IF(U82<0,(U82-T82)/ABS(T82),(U82-T82)/(T82)),"") | V83: =IFERROR(IF(V82<0,(V82-U82)/ABS(U82),(V82-U82)/(U82)),"") | W83: =IFERROR(IF(W82<0,(W82-V82)/ABS(V82),(W82-V82)/(V82)),"")
M85: Summary - Variance (sh/tie to UWC2) | P85: FY18 | Q85: FY19 | R85: FY20 | S85: FY21 | T85: FY22 | U85: FY23 | V85: FY24 | W85: FY25 | Y85: UWC2 Fee Based Program Totals
N86: Total Budget Authority | P86: =+P6+P14+P22+P30+P38+P46+P54+P62+P70-P78 -> 0 | Q86: =+Q6+Q14+Q22+Q30+Q38+Q46+Q54+Q62+Q70-Q78 -> 0 | R86: =+R6+R14+R22+R30+R38+R46+R54+R62+R70-R78 -> 0 | S86: =+S6+S14+S22+S30+S38+S46+S54+S62+S70-S78 -> 0 | T86: =+T6+T14+T22+T30+T38+T46+T54+T62+T70-T78 -> 0 | U86: =+U6+U14+U22+U30+U38+U46+U54+U62+U70-U78 -> 0 | V86: =+V6+V14+V22+V30+V38+V46+V54+V62+V70-V78 -> 0 | W86: =+W6+W14+W22+W30+W38+W46+W54+W62+W70-W78 -> 0 | Y86: =+'UWC2 Fee Based Programs'!E11 -> 0 | Z86: =+'UWC2 Fee Based Programs'!H11 -> 0 | AA86: =+'UWC2 Fee Based Programs'!K11 -> 0 | AB86: =+'UWC2 Fee Based Programs'!L11 -> 0 | AC86: =+'UWC2 Fee Based Programs'!O11 -> 0 | AD86: =+'UWC2 Fee Based Programs'!P11 -> 0
O87: Net Change | Q87: =IFERROR((Q86-P86)/P86,"") | R87: =IFERROR((R86-Q86)/Q86,"") | S87: =IFERROR((S86-R86)/R86,"") | T87: =IFERROR((T86-S86)/S86,"") | U87: =IFERROR((U86-T86)/T86,"") | V87: =IFERROR((V86-U86)/U86,"") | W87: =IFERROR((W86-V86)/V86,"")
N88: Total Expenditures | P88: =+P8+P16+P24+P32+P40+P48+P56+P64+P72-P80 -> 0 | Q88: =+Q8+Q16+Q24+Q32+Q40+Q48+Q56+Q64+Q72-Q80 -> 0 | R88: =+R8+R16+R24+R32+R40+R48+R56+R64+R72-R80 -> 0 | S88: =+S8+S16+S24+S32+S40+S48+S56+S64+S72-S80 -> 0 | T88: =+T8+T16+T24+T32+T40+T48+T56+T64+T72-T80 -> 0 | U88: =+U8+U16+U24+U32+U40+U48+U56+U64+U72-U80 -> 0 | V88: =+V8+V16+V24+V32+V40+V48+V56+V64+V72-V80 -> 0 | W88: =+W8+W16+W24+W32+W40+W48+W56+W64+W72-W80 -> 0 | Y88: =+'UWC2 Fee Based Programs'!E28 -> 0 | Z88: =+'UWC2 Fee Based Programs'!H28 -> 0 | AA88: =+'UWC2 Fee Based Programs'!K28 -> 0 | AB88: =+'UWC2 Fee Based Programs'!L28 -> 0 | AC88: =+'UWC2 Fee Based Programs'!O28 -> 0 | AD88: =+'UWC2 Fee Based Programs'!P28 -> 0
O89: Net Change | Q89: =IFERROR((Q88-P88)/P88,"") | R89: =IFERROR((R88-Q88)/Q88,"") | S89: =IFERROR((S88-R88)/R88,"") | T89: =IFERROR((T88-S88)/S88,"") | U89: =IFERROR((U88-T88)/T88,"") | V89: =IFERROR((V88-U88)/U88,"") | W89: =IFERROR((W88-V88)/V88,"")
N90: Consolidated Surplus(Deficit) | P90: =+P86-P88 -> 0 | Q90: =+Q86-Q88 -> 0 | R90: =+R86-R88 -> 0 | S90: =+S86-S88 -> 0 | T90: =+T86-T88 -> 0 | U90: =+U86-U88 -> 0 | V90: =+V86-V88 -> 0 | W90: =+W86-W88 -> 0 | Y90: =+Y86-Y88 -> 0 | Z90: =+Z86-Z88 -> 0 | AA90: =+AA86-AA88 -> 0 | AB90: =+AB86-AB88 -> 0 | AC90: =+AC86-AC88 -> 0 | AD90: =+AD86-AD88 -> 0
O91: Net Change | Q91: =IFERROR(IF(Q90<0,(Q90-P90)/ABS(P90),(Q90-P90)/(P90)),"") | R91: =IFERROR(IF(R90<0,(R90-Q90)/ABS(Q90),(R90-Q90)/(Q90)),"") | S91: =IFERROR(IF(S90<0,(S90-R90)/ABS(R90),(S90-R90)/(R90)),"") | T91: =IFERROR(IF(T90<0,(T90-S90)/ABS(S90),(T90-S90)/(S90)),"") | U91: =IFERROR(IF(U90<0,(U90-T90)/ABS(T90),(U90-T90)/(T90)),"") | V91: =IFERROR(IF(V90<0,(V90-U90)/ABS(U90),(V90-U90)/(U90)),"") | W91: =IFERROR(IF(W90<0,(W90-V90)/ABS(V90),(W90-V90)/(V90)),"")
M94: CHART DATA
M95: GOF & DOF
N96: Revenues/Budget Authority | P96: =+P6+P14 -> 0 | Q96: =+Q6+Q14 -> 0 | R96: =+R6+R14 -> 0 | S96: =+S6+S14 -> 0 | T96: =+T6+T14 -> 0 | U96: =+U6+U14 -> 0 | V96: =+V6+V14 -> 0 | W96: =+W6+W14 -> 0
O97: Net Change | Q97: =IFERROR((Q96-P96)/P96,"") | R97: =IFERROR((R96-Q96)/Q96,"") | S97: =IFERROR((S96-R96)/R96,"") | T97: =IFERROR((T96-S96)/S96,"") | U97: =IFERROR((U96-T96)/T96,"") | V97: =IFERROR((V96-U96)/U96,"") | W97: =IFERROR((W96-V96)/V96,"")
N98: Expenditures | P98: =+P8+P16 -> 0 | Q98: =+Q8+Q16 -> 0 | R98: =+R8+R16 -> 0 | S98: =+S8+S16 -> 0 | T98: =+T8+T16 -> 0 | U98: =+U8+U16 -> 0 | V98: =+V8+V16 -> 0 | W98: =+W8+W16 -> 0
O99: Net Change | Q99: =IFERROR((Q98-P98)/P98,"") | R99: =IFERROR((R98-Q98)/Q98,"") | S99: =IFERROR((S98-R98)/R98,"") | T99: =IFERROR((T98-S98)/S98,"") | U99: =IFERROR((U98-T98)/T98,"") | V99: =IFERROR((V98-U98)/U98,"") | W99: =IFERROR((W98-V98)/V98,"")
N100: Surplus (Deficit) | P100: =+P96-P98 -> 0 | Q100: =+Q96-Q98 -> 0 | R100: =+R96-R98 -> 0 | S100: =+S96-S98 -> 0 | T100: =+T96-T98 -> 0 | U100: =+U96-U98 -> 0 | V100: =+V96-V98 -> 0 | W100: =+W96-W98 -> 0
O101: Net Change | Q101: =IFERROR(IF(Q100<0,(Q100-P100)/ABS(P100),(Q100-P100)/(P100)),"") | R101: =IFERROR(IF(R100<0,(R100-Q100)/ABS(Q100),(R100-Q100)/(Q100)),"") | S101: =IFERROR(IF(S100<0,(S100-R100)/ABS(R100),(S100-R100)/(R100)),"") | T101: =IFERROR(IF(T100<0,(T100-S100)/ABS(S100),(T100-S100)/(S100)),"") | U101: =IFERROR(IF(U100<0,(U100-T100)/ABS(T100),(U100-T100)/(T100)),"") | V101: =IFERROR(IF(V100<0,(V100-U100)/ABS(U100),(V100-U100)/(U100)),"") | W101: =IFERROR(IF(W100<0,(W100-V100)/ABS(V100),(W100-V100)/(V100)),"")
M103: Special Appropriations, Research Grants and Scholarships
N104: Revenues/Budget Authority | P104: =+P22+P38+P46 -> 0 | Q104: =+Q22+Q38+Q46 -> 0 | R104: =+R22+R38+R46 -> 0 | S104: =+S22+S38+S46 -> 0 | T104: =+T22+T38+T46 -> 0 | U104: =+U22+U38+U46 -> 0 | V104: =+V22+V38+V46 -> 0 | W104: =+W22+W38+W46 -> 0
O105: Net Change | Q105: =IFERROR((Q104-P104)/P104,"") | R105: =IFERROR((R104-Q104)/Q104,"") | S105: =IFERROR((S104-R104)/R104,"") | T105: =IFERROR((T104-S104)/S104,"") | U105: =IFERROR((U104-T104)/T104,"") | V105: =IFERROR((V104-U104)/U104,"") | W105: =IFERROR((W104-V104)/V104,"")
N106: Expenditures | P106: =+P24+P40+P48 -> 0 | Q106: =+Q24+Q40+Q48 -> 0 | R106: =+R24+R40+R48 -> 0 | S106: =+S24+S40+S48 -> 0 | T106: =+T24+T40+T48 -> 0 | U106: =+U24+U40+U48 -> 0 | V106: =+V24+V40+V48 -> 0 | W106: =+W24+W40+W48 -> 0
O107: Net Change | Q107: =IFERROR((Q106-P106)/P106,"") | R107: =IFERROR((R106-Q106)/Q106,"") | S107: =IFERROR((S106-R106)/R106,"") | T107: =IFERROR((T106-S106)/S106,"") | U107: =IFERROR((U106-T106)/T106,"") | V107: =IFERROR((V106-U106)/U106,"") | W107: =IFERROR((W106-V106)/V106,"")
N108: Surplus (Deficit) | P108: =+P104-P106 -> 0 | Q108: =+Q104-Q106 -> 0 | R108: =+R104-R106 -> 0 | S108: =+S104-S106 -> 0 | T108: =+T104-T106 -> 0 | U108: =+U104-U106 -> 0 | V108: =+V104-V106 -> 0 | W108: =+W104-W106 -> 0
O109: Net Change | Q109: =IFERROR(IF(Q108<0,(Q108-P108)/ABS(P108),(Q108-P108)/(P108)),"") | R109: =IFERROR((R108-Q108)/Q108,"") | S109: =IFERROR((S108-R108)/R108,"") | T109: =IFERROR((T108-S108)/S108,"") | U109: =IFERROR((U108-T108)/T108,"") | V109: =IFERROR((V108-U108)/U108,"") | W109: =IFERROR((W108-V108)/V108,"")
M111: Grants & Contracts - Other
N112: Revenues/Budget Authority | P112: =+P54 -> 0 | Q112: =+Q54 -> 0 | R112: =+R54 -> 0 | S112: =+S54 -> 0 | T112: =+T54 -> 0 | U112: =+U54 -> 0 | V112: =+V54 -> 0 | W112: =+W54 -> 0
O113: Net Change | Q113: =IFERROR((Q112-P112)/P112,"") | R113: =IFERROR((R112-Q112)/Q112,"") | S113: =IFERROR((S112-R112)/R112,"") | T113: =IFERROR((T112-S112)/S112,"") | U113: =IFERROR((U112-T112)/T112,"") | V113: =IFERROR((V112-U112)/U112,"") | W113: =IFERROR((W112-V112)/V112,"")
N114: Expenditures | P114: =+P56 -> 0 | Q114: =+Q56 -> 0 | R114: =+R56 -> 0 | S114: =+S56 -> 0 | T114: =+T56 -> 0 | U114: =+U56 -> 0 | V114: =+V56 -> 0 | W114: =+W56 -> 0
O115: Net Change | Q115: =IFERROR((Q114-P114)/P114,"") | R115: =IFERROR((R114-Q114)/Q114,"") | S115: =IFERROR((S114-R114)/R114,"") | T115: =IFERROR((T114-S114)/S114,"") | U115: =IFERROR((U114-T114)/T114,"") | V115: =IFERROR((V114-U114)/U114,"") | W115: =IFERROR((W114-V114)/V114,"")
...

Sheet CO Use List
A1: Carryover Use Categories
A3: Faculty Startup Commitments
A4: Equipment
A5: Facility/Space Investments
A6: Professional Development
A7: Recruitment
A8: Research Initiatives
A9: Initiatives, other than Research
A10: Temporary Salaries & Benefits
A11: Workday HR/FT
A12: Other (be specific in description)

Sheet OPB List
A1: Reviewer | B1: Peer Reviewer | C1: Unit
A3: Tram Nguyen | B3: Tram Nguyen | C3: 201 Attorney General
A4: Lisa McDonald | B4: Lisa McDonald | C4: 202 Academic & Student Affairs
A5: Mary Coffel | B5: Mary Coffel | C5: 202 Academic Personnel
A6: Judy Gustafson Golisch | B6: Judy Gustafson Golisch | C6: 202 Compliance & Risk Services
A7: Christian Adams | B7: Christian Adams | C7: 202 Executive Office (Pres/Prov)
A8: Jason Campbell | B8: Jason Campbell | C8: 202 Global Affairs
C9: 202 Office of Planning & Budgeting
C10: 205 UW Facilities
C11: 206 Minority Affairs & Diversity, Office of
C12: 207 Libraries
C13: 208 UW Finance
C14: 209 UW Human Resources
C15: 210 UW Information Technology
C16: 212 Student Life
C17: 214 External Affairs
C18: 215 Advancement, UW
C19: 216 Research, Office of
C20: 217 CoMotion
... C41: 600 UW Tacoma

Sheet Benefits Drivers
A2: Benefit Rate Assumptions
A3: **Do Not Modify Sheet**
A5: Benefit Assumptions, by Fiscal Year | B5: FY21 | C5: FY22 | D5: FY23 | E5: FY24 | F5: FY25
A6: Faculty (01-10) | B6: 0.24 | C6: 0.246 | D6: 0.247 | E6: 0.248 | F6: 0.25
A7: Auxiliary teaching (01-20) | B7: 0.277 | C7: 0.315 | D7: 0.317 | E7: 0.321 | F7: 0.324
A8: Graduate Students (01-30, 01-40) | B8: 0.224 | C8: 0.219 | D8: 0.221 | E8: 0.225 | F8: 0.229
A9: Post-doc research trainee (01-50) | B9: 0.228 | C9: 0.214 | D9: 0.217 | E9: 0.221 | F9: 0.225
A10: Classified staff (01-60) | B10: 0.396 | C10: 0.416 | D10: 0.418 | E10: 0.422 | F10: 0.425
A11: Professional staff (01-70) | B11: 0.303 | C11: 0.317 | D11: 0.319 | E11: 0.321 | F11: 0.323
A12: Temporary staff (01-80) | B12: 0.222 | C12: 0.217 | D12: 0.218 | E12: 0.22 | F12: 0.221
A13: Pre-doc Trainees (01-90) | B13: 0.21 | C13: 0.242 | D13: 0.246 | E13: 0.25 | F13: 0.254
